Workbook
Name _1: #REF!
Name _2: #REF!
Name A: #REF!
Name A_impresión_IM: #REF!
Name aaa: #REF!
Name Auxiliarjal: #REF!
Name B: #REF!
Name basecaro: #REF!
Name basejuliet1: #REF!
Name basemetroabril2017: #REF!
Name basemetroabril2017final: #REF!
Name BLOQUE: #REF!
Name cargo: #REF!
Name CLASE: #REF!
Name correoelectronico: #REF!
Name COSTOM2: #REF!
Name Dólar: #REF!
Name epsypension: #REF!
Name Factor: #REF!
Name JJJJ: #REF!
Name lineainstitucional: #REF!
Name mesabril: #REF!
Name nuevosoi: #REF!
Name origenaux: #REF!
Name pagojuliethjunio: #REF!
Name Profesional: #REF!
Name profesionaljal: #REF!
Name SVASFD: #REF!
Name TCRM: #REF!
Name TCRM_al_03_MAYO_2000: #REF!
Name Títulos_a_imprimir_IM: #REF!
Name TOP: #REF!
Name TRM: #REF!

Sheet 1. COND. BÁSICAS TRDM
B3: INSTITUTO DEPARTAMENTAL DE CULTURA Y TURISMO DE CUNDINAMARCA - IDECUT
B4: ANEXO No. 1 - CONDICIONES OBLIGATORIAS (MÍNIMAS TÉCNICAS)
B7: 1. PÓLIZA DE SEGURO DE TODO RIESGO DAÑOS MATERIALES COMBINADOS
B8: 1.1. | C8: INFORMACIÓN GENERAL
B9: TOMADOR: | C9: =+B3 -> INSTITUTO DEPARTAMENTAL DE CULTURA Y TURISMO DE CUNDINAMARCA - IDECUT | F9: NIT. | G9: 900.294.905-6
B10: ASEGURADO: | C10: =+C9 -> INSTITUTO DEPARTAMENTAL DE CULTURA Y TURISMO DE CUNDINAMARCA - IDECUT | F10: NIT. | G10: =+G9 -> 900.294.905-6
B11: BENEFICIARIO: | C11: =+C10 -> INSTITUTO DEPARTAMENTAL DE CULTURA Y TURISMO DE CUNDINAMARCA - IDECUT | F11: NIT. | G11: =+G10 -> 900.294.905-6
B12: 1.2. | C12: OBJETO DEL SEGURO
B13: Amparar todos los activos (bienes inmuebles y muebles) de propiedad del INSTITUTO DEPARTAMENTAL DE CULTURA Y TURISMO DE CUNDINAMARCA-IDECUT, o aquellos que se encuentren bajo su control, tenencia, responsabilidad o custodia, contra los daños o pérdidas materiales a consecuencia de cualquier riesgo, tanto por eventos internos o externos y en general los recibidos a cualquier título o por los que tenga algún interés asegurable, ubicados en el territorio nacional o por aquellos que por su naturaleza se deban trasladar a nivel mundial, dentro o fuera de las instalaciones del asegurado y/o en predios de terceros o a la intemperie y los utilizados en desarrollo del objeto social del INSTITUTO DEPARTAMENTAL DE CULTURA Y TURISMO DE CUNDINAMARCA-IDECUT
B14: 1.3. | C14: BIENES ASEGURADOS
B15: Las aseguradoras aceptan que no obstante las siguientes definiciones generales de bienes asegurados, el alcance de éstas se amplía al objeto establecido en el Manual de Procedimientos Administrativos y Contables para el manejo y control de los bienes de la Entidad. | H15: VERIFICAR SI LA ENTIDAD TIENE ESTA MANUAL.
B16: Los bienes asegurados comprenden absolutamente toda propiedad de bienes materiales del INSTITUTO DEPARTAMENTAL DE CULTURA Y TURISMO DE CUNDINAMARCA-IDECUT o de terceros que se estén bajo su cuidado, custodia, control o por los cuales sea legal o contractualmente responsable y en general los recibidos a cualquier título o por los que tenga o tenga interés asegurable, localizados dentro del territorio nacional dentro o fuera de las instalaciones del asegurado y/o en predios de terceros y utilizados en desarrollo del objeto social del INSTITUTO DEPARTAMENTAL DE CULTURA Y TURISMO DE CUNDINAMARCA-IDECUT. consistentes principalmente pero no limitados a los siguientes bienes:
B17: EDIFICIOS: Corresponde a las edificaciones y obras civiles, sus estructuras, cimientos, construcciones fijas con todas sus adiciones y en general toda clase de construcciones propias y no propias, de edificios e inherentes a ellos, de propiedad del INSTITUTO DEPARTAMENTAL DE CULTURA Y TURISMO DE CUNDINAMARCA-IDECUT. o bajo su cuidado, tenencia y control , incluido anexos, escaleras externas, instalaciones eléctricas, de comunicación, sietmas de aire acondicionado, intercomunicación o sonido, incluidos anexos y estructuras sanitarias, alcantarillado para agua, (subterráneas o no), sistema de drenaje y aguas negras, tuberías, conductos, tuberías, conductos, desagües, tanques para almacenamiento, ductos, mallas, patios, aceras, instalaciones permanentes de protección contra incendio y demás instalaciones que se encuentren o no por debajo del nivel del suelo y/o subterráneas, vidrios internos y externos que conforman y hacen parte de las construcciones, rampas de acceso, tanques de almacenamiento, similares, que formen parte integrante, del edificio, o edificios asegurados, aunque no se hayan informado específicamente, entre otros ubicados en el territorio nacional y que estén bajo su responsabilidad, tenencia y/o control del INSTITUTO DEPARTAMENTAL DE CULTURA Y TURISMO DE CUNDINAMARCA-IDECUT.
B18: MEJORAS LOCATIVAS: Todas aquellas mejoras a los inmuebles realizadas por la Entidad, aún en el caso de no ser propietaria del bien, que haya realizado inversiones para adecuarlas a sus necesidades, tales como tapetes, tapizados, enchapes, mejoras eléctricas, cielos rasos, etc.
B19: CONTENIDOS Y BIENES EN GENERAL: Corresponden a todo tipo de bienes como muebles y enseres en general propios de la actividad general de una entidad pública, incluidos equipos de oficina no eléctricos ni electrónicos, entre otros, sistemas de oficina abierta, al igual que los documentos de cualquier tipo, que se encuentren localizados dentro de los predios asegurados o fuera de los mismos y que esten bajo su responsabilidad, tenencia y/o control del INSTITUTO DEPARTAMENTAL DE CULTURA Y TURISMO DE CUNDINAMARCA-IDECUT.
B20: PLANTA, EQUIPOS Y MÁQUINAS: Corresponde a todo tipo de equipos y máquinas, extendida esta definión a aquellos que son de adhesión o para la operatividad de la infraestructura de las edificaciones al igual que cualquier tipo de herramientas, accesorios, ascensores, plantas eléctricas, calderas, generadores, ascensores, equipos del sistema hidráulico, motobombas (incluidas aquellas que son sumergibles) , aire acondicionado, extractores de olores, entre otros.
B21: EQUIPOS ELÉCTRICOS, ELECTRÓNICOS Y DE COMUNICACIÓN: Comprende todos aquellos equipos eléctricos, electrónicos, electromecánicos y los de comunicación y todas aquellas por las que sea legalmente responsable, extendida esta definición a salas de control, servidores, equipos de computo con todos sus accesorios periféricos scanner, ploters, servidores, impresoras software, equipos de telecomunicaciones, equipos celulares, equipos de comunicación portátil, tabletas, equipos móviles y/o portátiles,electrodomésticos, instrumentos musicales, entre otros y que esten bajo su tenencia y/o control del INSTITUTO DEPARTAMENTAL DE CULTURA Y TURISMO DE CUNDINAMARCA - IDECUT.
B22: BIENES O ACTIVOS DE ALMÁCEN E INVENTARIOS: Comprende todos los elementos de consumo, devolutivos nuevos, recuperables, inservibles, papelería, útiles de oficina, equipos en general, repuestos, muestras de oferentes y demás bienes contenidos en las diferentes dependencias del INSTITUTO DEPARTAMENTAL DE CULTURA Y TURISMO DE CUNDINAMARCA - IDECUT y en general todo elemento que los Asegurados determinen como existencias o elementos de almacén, aunque no se hayan determinado específicamente.
B23: 1.4. | C23: VALORES ASEGURADOS
B24: 1.4.1. Bienes Asegurables (Anexo No. 2) | F24: VALORES ASEGURADOS
B25: A. CONTENIDOS EN GENERAL (muebles y enseres, equipo de Oficina, bienes y utilies de cafetería,aseo) | F25: ='[1]RELACION TRDM'!$D$11+'[1]RELACION TRDM'!$D$14 -> 249849598 | H25: ESTOS VALORES DEBEN COINCIDER CON EL ESTUDIO DE MERCADO
B26: B. Equipo Eléctricos, Electrónicos y de Comunicación (incluidos equipos móviles y portátiles, software y licencias) | F26: ='[1]RELACION TRDM'!$D$12+'[1]RELACION TRDM'!$D$15 -> 689021811
B27: C. Vehículos en Reposo (Placas ODT130 y OHK903) | F27: 291800000
B28: SUBTOTAL | F28: =SUM(F25:G27) -> 1230671409
B29: INDICE VARIABLE 5% (ITEMS A, B y C) | F29: ='[1]RELACION TRDM'!$E$16 -> 46943570
B30: TOTAL VALOR ASEGURADO | F30: =F28+F29 -> 1.277615e+09
B31: Nota: Las aseguradoras debe tener en cuenta que el índice variable esta calculado con relación a la vigencia minima exigida, por tanto la aseguradora debe calcular el índice variable con relación a la vigencia ofertada.
B32: 1.4.1. Bienes con Sublímites
B33: BIENES Y/O RIESGO CON SUBLÍMITE A PRIMERA PÉRDIDA ABSOLUTA | F33: SUBLÍMITE
B34: Dinero y títulos valores dentro y fuera de caja fuerte. | F34: 5000000
B35: Instrumentos Musicales | F35: 111087164
B36: Bienes de Consumo controlado $97,544,333.24 - Abril2026 | F36: 100000000
B37: TOTAL SUBLIMITES | F37: =SUM(F34:G36) -> 216087164
B38: TOTAL VALOR ASEGURADO + SUBLÍMITES | F38: =F30+F37 -> 1.4937021e+09 | H38: ESTA CIFRA DEBE COINCIDIR CON EL ESTUDIO DE MERCADO
B40: NOTAS APLICABLES AL NUMERAL 1.4.1. BIENES CON SUBLÍMITES:
B41: 1 - Los Sublímites antes indicados corresponden al monto mínimo que deben contemplar las aseguradoras para la propuesta de cobertura de los bienes y/o riesgos.
B42: 2 - Teniendo en cuenta la imposibilidad de establecer valor asegurable para este tipo de bienes por sus características y/o su condición de flotantes, queda expresamente declarado y aceptado por la aseguradora que la misma admite que para estos no exigirá el reporte de valor asegurable y por lo tanto no aplica la condición de seguro insuficiente para los bienes con sublímites relacionados en el numeral 1.4.1.
B43: 1.4.2. | C43: BASE DE VALORACIÓN DE LOS BIENES ASEGURADOS
B44: EDIFICIOS: Valor de reconstrucción.
B45: CONTENIDOS, EQUIPOS ELECTRICOS, ELECTRÓNICOS Y DE COMUNICACIÓN (INCLUIDO LICENCIAS Y SOFTWARE): Valor de reposición o reemplazo.
B46: BIENES DEVOLUTIVOS Y/O INSERVIBLES O PARA DAR DE BAJA O REMATE Y/O GASTADOS: Valor fiscal y/o de uso o de remate.
B47: BIENES DE ARTE Y CULTURA: Valor Admitido.
B48: 1.4.3. | C48: BASE PARA LA DETERMINACIÓN Y APLICACIÓN DEL CONCEPTO SUBLÍMITE / VIGENCIA / AGREGADO ANUAL
B49: Para la totalidad de Coberturas y/o condiciones básicas sublímitadas, queda expresamente aceptado por parte de los proponentes que, en concordancia con la vigencia de la póliza que se adjudique, cada Sublímite operará así: | H49: DEFINIR SEGÚN VIGENCIA A CONTRATAR LA APLICACIÓN DE ESTA CONDICIÓN
B50: - Si la vigencia es inferior a doce (12) meses: (Sublímite indicado) Evento /Agregado vigencia.
B51: - Si la vigencia es mayor a doce (12) meses: Sublímite indicado Evento /Agregado Anual.
B52: En caso de discrepancia en alguna cobertura o cláusula básicas con relación al concepto de aplicación del sublímite / vigencia / agregado anual, frente a la vigencia ofertada, prevalece el establecido en este numeral con relación al plazo de la condición ofertada.
B53: 1.5. | C53: COBERTURAS BÁSICAS
B54: Todo Riesgo: Bajo esta póliza se otorga amparo en la modalidad de todo riesgo por las pérdidas y/o daños materiales que afecten los bienes asegurados activos o inactivos por cualquier riesgo o causas, incluidos, entre otros, pero no limitados a, incendio, rayo, explosión, anegación, daños por agua, rotura de maquinaria, equipo electrónico, hurto y hurto calificado, hurto de parte y elementos de las edificaciones, actos mal intencionados de terceros, asonada, motín, conmoción civil o popular, sabotaje y terrorismo, vientos fuertes, granizo y cualquier evento de la naturaleza, impacto de vehículos terrestres, caída de aeronaves y/o piezas o partes que se desprendan o caigan de ellas, humo, impericia, descuido, sabotaje, manejo inadecuado, acción directa de la energía eléctrica como resultado de cortos circuitos, arcos voltaicos, sobrevoltajes, cualquier equipo sumergible (incluidas bombas hidráulicas) y las relacionadas a continuación que aplican para rotura de maquinaria: defectos de fabricación, fundición y uso de materiales defectuosos, sobrecalentamiento, defectos de mano de obra, montaje incorrecto y/o defectuoso, rotura debido a fuerza centrífuga, cuerpos extraños que se introduzcan en la maquinaria asegurada, implosión, explosión química de gases impropiamente quemados en la cámara de combustión de calderas o máquinas de combustión interna, explosión física, y las demás que no se encuentren expresamente excluidas en las condiciones generales de la póliza. Se entienden incluidos los riesgos mencionados en el artículo 1105 del Código de Comercio, excepto Guerra Civil o Internacional.
B55: NOTA 1: | C55: LAS ASEGURADORAS DEBEN TENER EN CUENTA QUE NO SE ACEPTA PROPUESTA BAJO LA MODALIDAD DE RIESGOS NOMBRADOS, Y EL OFERENTE CON LA PRESENTACIÓN DEL FORMATO No.1 ACEPTA ESTA CONDICIÓN.
B56: NOTA 2: | C56: QUEDA EXPRESAMENTE ACEPTADO POR LA ASEGURADORA QUE LAS CONDICIONES, COBERTURAS Y CLAUSULAS BÁSICAS PARA LAS CUALES NO SE INDIQUE SUBLÍMITE, OPERARÁN AL 100% DEL VALOR ASEGURADO.
B57: NOTA 3: | C57: CADA SUBLÍMITE O GASTOS INDICADOS APLICA COMBINADO PARA TODOS LOS BIENES ASEGURADOS ESTAN CONTEMPLADOS DENTRO DEL VALOR ASEGURADO.
B58: TERREMOTO, TEMBLOR Y/O ERUPCIÓN VOLCÁNICA Y DEMÁS EVENTOS DE LA NATURALEZA, (100%). | E58: Bajo este amparo, la aseguradora se compromete a indemnizar al Asegurado hasta el límite del valor asegurado de este sublímite, los daños y/o pérdidas materiales que sufran los bienes asegurados causados por terremoto, temblor y/o erupción volcánica y demás eventos de la naturaleza, o por incendio originado por tales fenómenos.
B59: ACTOS MAL INTENCIONADOS DE TERCEROS ASONADA, MOTÍN, CONMOCIÓN CIVIL O POPULAR Y HUELGA (INCLUIDO TERRORISMO Y SABOTAJE). Sublímite básico obligatorio de $1.448.478.792 Evento/agregado anual combinado para las coberturas de daños materiales. | E59: La aseguradora se compromete a indemnizar al Asegurado hasta el límite del valor asegurado de este sublímite, los daños y/o pérdidas materiales que sufran los bienes asegurados causados por: Actos Mal Intencionados de Terceros y Terrorismo: Destrucción y daños materiales provenientes de actos terroristas, aún aquellos que sean cometidos por individuos pertenecientes a movimientos subversivo, incluida la explosión originada en tales fenómenos. Asonada, Motín, Conmoción Civil o Popular: Los daños y/o pérdidas materiales causados por personas intervinientes en desordenes, confusiones, alteraciones, y disturbios de carácter violento y tumultuario. Así como asonada según la definición del Código Penal. Huelga: Los daños y/o pérdidas materiales causados por huelguistas o por personas que tomen parte en conflictos colectivos de trabajo o suspensión de hecho de labores. Saqueo: Los daños y/o pérdidas materiales causados por eventos de saqueo (apropiación de bienes como consecuencia de de AMCCoPH y AMIT incluido T&S)
B60: COBERTURA POR ROTURA DE VIDRIOS Sublímite de $800.000.000 Evento/ Agregado Anual incluidos los eventos de Actos Mal Intencionados de Terceros Asonada, Motín, Conmoción Civil o Popular y Huelga (Incluido Terrorismo y sabotaje). SIN APLICACION DE DEDUCIBLE. | E60: La aseguradora se compromete a indemnizar al Asegurado hasta el límite del valor asegurado de este sublímite, la rotura que sufran los vidrios, domos, acrílicos u otros materiales que hagan sus veces, al igual que los cristales, espejos y unidades sanitarias instalados y que formen parte del predio asegurado, incluidos aquellos que sean parte decorativas de los mismos, incluidas las películas de seguridad.
B61: HURTO Y HURTO CALIFICADO Sublímite de $1.448.478.792 Evento/ Agregado Anual. Combinado para todos los bienes. | E61: La aseguradora se compromete a indemnizar al Asegurado hasta el límite del valor asegurado de este sublímite, las pérdidas y/o daños materiales de los bienes asegurados, ocasionados por cualquier evento de hurto y hurto calificado, inclusive aquellos que se deriven de: - Hurto Calificado o Hurto Simple según se define en el Código Penal. - Terremoto, temblor, erupción volcánica o cualquier otro fenómeno de la naturaleza. - Caída o destrucción total o parcial del predio asegurado. - Actos Mal Intencionados de Terceros, Asonada, Motín, Conmoción Civil o Popular y Huelga (incluido Terrorismo y Sabotaje) y conflictos colectivos de trabajo o suspensión de hecho de labores | H61: VERIFICAR SEGÚN LOS BIENES Y MISIONALIDAD EL SUBLÍMITE A ESTABLECER DE LA DESAPARCIÓN MISTERIOSA ($10.000.000 EJE,PLO) Y SI PRODUCTO DE LAS OBSERVACIONES Y SI LA ENTIDAD NO TIENEN EN SUS BIENES EL RIESGO DE LA DESAPARICIÓN MISTERIOSA, SE PUEDE ELIMINAR ESTÁ.
B62: GASTOS ADICIONALES. Sublímite por la suma de $350.000.000 Evento/ agregado Anual, incluido en el valor asegurado,sin aplicación de deducible y combinado para los siguientes gastos y coberturas. Se califica en Condiciones Adicionales (Formato No. 3) el aumento del sublímite ofrecido. | E62: No obstante, lo que se diga en contrario en las condiciones generales de la póliza, la Compañía se obliga a indemnizar los gastos adicionales (que no tengan carácter de permanentes), debidamente comprobados en que necesaria y razonablemente incurra o deba incurrir el asegurado, como consecuencia directa del siniestro. Estos gastos deben ser previamente aprobados por la aseguradora y la Entidad se compromete para estos casos presentar previamente cotización de estos gastos (cuando se requiera), la aseguradora se reserva el derecho de poder cotizar con sus proveedores los servicios que demanden la aplicación de estos gastos.
B63: 1. Gastos razonables de horas extras, trabajo nocturno o en días festivos y flete expreso y aéreo. | E63: Bajo esta cobertura se amparan los gastos adicionales y extraordinarios por concepto de horas extras, trabajo nocturno o en días festivos, flete expreso y aéreo, que se incurran o deba incurrir con motivo de una pérdida o daño amparado.
B64: 2. Gastos razonables de viajes y estadía. | E64: Bajo esta cobertura se amparan los gastos (que incurra o deba incurrir) de viajes de y estadía de funcionarios, empleados y técnicos que intervienen en la planificación de la reconstrucción o adquisición de los bienes asegurados.
B65: 3. Remoción de Escombros y Gastos de Demolición. | E65: Mediante este amparo la compañía indemnizará, los gastos razonables (en que incurra o deba incurrir) demostrados por remoción de escombros, desmantelamiento, demolición o de apuntalamiento de los bienes asegurados, que hayan sido dañados o destruidos por la ocurrencia de cualquiera de los riesgos amparados, incluyendo los gastos de limpieza, recuperación de materiales y el traslado de los escombros a sitio autorizado, con ocasión de un siniestro.
B66: 4. Gastos para la Demostración del Siniestro. | E66: Bajo este amparo se cubren los gastos razonables en que incurra o deba incurrir el asegurado, para la demostración de la ocurrencia y cuantía del siniestro y serán indemnizados bajo esta póliza. La aseguradora indemnizará hasta el 100% de los gastos demostrados.
B67: 5. Gastos para la extinción del incendio. | E67: La Compañía se obliga a indemnizar el 100% de los gastos en que necesaria y razonablemente incurra o deba incurrir el asegurado así como los costos de los productos o sustancias utilizadas, o de los elementos o equipos destruidos total o parcialmente, como consecuencia de las actividades dirigidas a la extinción de cualquier siniestro amparado por la póliza o para evitar su propagación, de acuerdo con lo señalado en el artículo 1074 del Código de Comercio. Se precisa que bajo ninguna circunstancia se considerara como gastos de extinción de un incendio la colaboración personal prestada por el asegurado, ni la de sus empleados, obreros o sus contratistas para el apoyo a la gestión.
B68: 6. Gastos de Auditores, Revisores y Contadores. | E68: Bajo este amparo la Compañía indemnizará, los gastos razonables en que en que incurra o deba incurrir el asegurado, por pago de auditores, revisores y contadores que se requieran para analizar y certificar los datos extraídos de los libros de contabilidad y demás documentos del negocio del asegurado, al igual que cualesquiera otras informaciones que sean solicitadas por la compañía al asegurado, para la demostración de la ocurrencia y cuantía del siniestro, según lo establecido en esta póliza.
B69: 7. Pago de Honorarios Profesionales. | E69: Se otorga cobertura para amparar los honorarios (en que incurra o deba incurrir) razonables de arquitectos, interventores, ingenieros, técnicos, consultores u otros profesionales, que sean razonablemente necesarios, así como los gastos de viaje y estadía que se requieran para la planificación, reconstrucción o reparación de los bienes asegurados, a condición de que sea consecuencia de un siniestro cubierto por la póliza.
B70: 8. Gastos para la Preservación de bienes y Continuación de actividades. | E70: Se ampara bajo la presente cobertura, los gastos razonables en que incurra o deba incurrir el asegurado para realizar remplazos temporales y/o provisionales o reacondicionamientos y/o reparación de los bienes asegurados afectados por siniestro, así como la ejecución de obras o construcciones provisionales o transitorias, siempre y cuando estos gastos sean requeridos para la preservación y/o conservación de los bienes asegurados con el fin de establecer y continuar con igual eficiencia, como sea posible, las operaciones del giro normal de las actividades del asegurado que sean afectados directamente por un evento amparado.
B71: 9. Gastos para la obtención de licencias y permisos para reconstruir el inmueble asegurado | E71: Se ampara bajo la presente cobertura, los gastos razonables en que incurra o deba incurrir el asegurado por concepto de honorarios y materiales necesarios para obtener la licencias y permisos requeridos para reconstruir el inmueble.
B72: 10. Gastos para acelerar la reparación, reacondicionamiento o el reemplazo de los bienes asegurados. | E72: Se ampara bajo la presente cobertura, los gastos razonables en que en que incurra o deba incurrir el asegurado para acelerar la reparación, reacondicionamiento o el reemplazo de los bienes asegurados.
B73: 11. Gastos para reacondicionamientos, reparaciones o reconstrucciones provisonales o transitorias. | E73: Se ampara bajo la presente cobertura, los gastos razonables en que en que incurra o deba incurrir el asegurado con el fin de efectuar reacondicionamientos, reparaciones o reconstrucciones o construcciones provisionales transitorias, con el objeto de salvar, preservar o conservar los bienes amparados.
... B85: ACTOS DE AUTORIDAD | E85: La póliza se extiende a cubrir los daños o pérdidas materiales de los bienes asegurados, causados directamente por la acción de la autoridad legalmente constituida, ejercida con el fin de disminuir o aminorar las consecuencias de cualquiera de los riesgos amparados. Se excluye el embargo y la confiscación de bienes.
B86: 1.6. | C86: CLÁUSULAS BÁSICAS
B87: REVOCACIÓN DE LA PÓLIZA, CLÁUSULAS O CONDICIONES. Con Termino de Noventa (90) días y para AMIT, AMCCOPH, Terrorismo y Sabotaje diez (10) días. | E87: La aseguradora podrá revocar la póliza, cláusulas o condiciones unilateralmente por la compañía, mediante noticia escrita enviada al asegurado, a su última dirección registrada, con no menos de noventa (90) días y para AMIT Y AMCCOPH diez (10) días, de antelación; contados a partir de la fecha del envío. El asegurado podrá pedir la revocación en cualquier momento, según lo previsto en el Código de Comercio. Así mismo, en el caso de que la aseguradora decida no otorgar renovación o prorroga del contrato de seguro, excepto para AMIT, AMCCOPH, Terrorismo y Sabotaje, deberá dar aviso de ello al asegurado con no menos de noventa (90) días de antelación a la fecha de vencimiento de la póliza, en caso contrario se dará por entendido que la aseguradora acepta la renovación o prorroga hasta el límite legal establecido en la Ley 80 de 1993, para la adición de los contratos y manteniendo las mismas condiciones ofertadas en este proceso de aseguradoras.
B88: AMPLIACIÓN DEL AVISO DE SINIESTRO. Término de noventa (90) días Y para AMIT, AMCCOPH, Terrorismo y Sabotaje diez (10) días. | E88: La póliza extiende el término de aviso de la ocurrencia del siniestro, por parte del asegurado a un término de noventa (90) días y para AMIT Y AMCCOPH diez (10) días siguientes a la fecha en que lo haya conocido o debido conocer.
B89: COBERTURA AUTOMÁTICA PARA NUEVAS PROPIEDADES Y BIENES. Sublímite de $200.000.000 Evento/Agregado Anual y aviso de ciento veinte 120) días. | E89: Mediante la presente cláusula, la aseguradora se obliga a otorgar cobertura automática para los bienes que adquiera, construya, estén en montajes, instale, remodele o adecúe, a cualquier título, sean nuevos o usados, sobre los cuales éste tuviere interés asegurable o queden bajo su responsabilidad, cuidado o control del asegurado, bajo las mismas condiciones ofrecidas en el presente proceso y a partir del momento en que el asegurado asuma la responsabilidad por los mismos. La aplicación de esta condición queda sujeta a que el asegurado se obliga a dar aviso a la aseguradora dentro del término señalado a la adquisición o recibo de los mismos. Esta condición dará derecho a la compañía al cobro de la prima proporcional, calculada a prorrata, con las tasas adjudicadas y correspondiente al periodo de amparo, incluido el término automático otorgado para esta condición. Así mismo queda acordado y convenido, que si el valor supera el sublímite de la presente cláusula, la cobertura aplicará hasta dicho monto y la cobertura del valor adicional operará a partir de la fecha de reporte y solicitud formulada por la entidad asegurada. En el caso de bienes en construcción, montaje y remodelación se excluye ALOP, RCE, Mantenimiento, Pruebas, Errores de diseño y Riesgo Petroquímico.
B90: AMPARO AUTOMÁTICO POR CAMBIO DE UBICACIÓN DEL RIESGO. 120 días. | E90: Mediante la presente condición, queda expresamente acordado que la cobertura del seguro se extiende a cubrir los bienes asegurados, que cambien de dirección o nomenclatura, ubicación o sean trasladados a otro(s) sitio(s), siempre y cuando ello se genere por las necesidades de la operación y/o servicio de la entidad asegurada o tomadora.
B91: EXPERTICIO TÉCNICO | E91: Queda convenido, entendido y aceptado que en el evento de existir una discrepancia entre la compañía y el asegurado en cuanto a si el siniestro constituye una pérdida total o parcial, o con relación a otros aspectos de orden técnico, la cuestión será sometida a decisión de la decisión de ingenieros, técnicos o peritos expertos en la actividad que desarrolla el asegurado (peritos o a expertos en la materia de siniestros), según los intereses afectados por el siniestro, siguiendo el procedimiento que para tal regulación previo los artículos 2026 y siguientes del código del comercio.
B92: CONOCIMIENTO DEL RIESGO | E92: La Compañía acepta mediante la presente cláusula que la Entidad, le ha brindado la oportunidad para realizar la inspección de los bienes y riesgos a que están sujetos los mismos y el patrimonio del Asegurado, razón por la cual se deja constancia del conocimiento y aceptación de los hechos, circunstancias y, en general, condiciones de los mismos. La compañía se reserva el derecho de llevar a cabo la inspección cuantas veces lo juzgue pertinente.
B93: NOMBRAMIENTO Y DESIGNACIÓN DE AJUSTADORES | E93: El nombramiento de ajustadores deberá efectuarse de común acuerdo entre la aseguradora y el asegurado, para lo cual la aseguradora presentará para cada reclamo una relación de cinco (5) firmas ajustadoras. No obstante la anterior condición, el asegurador con su propuesta se obliga a presentar la lista de todos sus ajustadores y la Entidad se reserva el derecho de nombrar al ajustador que considere más adecuado o solicitar el cambio de los mismos en caso de que no fueren de su entera satisfacción, sin que para ello se requiera motivación alguna.
B94: EXTENSIÓN DE COBERTURA PARA DAÑOS Y/O PÉRDIDAS CONSECUENCIALES | E94: La aseguradora acepta y conviene que la presente póliza se extiende a amparar los daños y/o pérdidas consecuenciales que afecten los bienes asegurados que sean derivadas de cualquier tipo de riesgo, bajo los mismos términos del seguro; siempre y cuando las mismas sean causadas por alguno de los riesgos amparados con la presente póliza, incluyendo las pérdidas y/o daños en medios de operación, como combustibles, lubricantes, refrigerantes o agentes químicos, entre otros. NOTA: No se cubren las pérdidas consecuenciales de cualquier tipo, tales como lucro cesante, incremento en costos de operación, pérdida de ingresos y pérdida de utilidades o pérdida de beneficios, pérdida de mercado.
B95: NO APLICACIÓN DE DÉMERITO POR USO O MEJORÁ TECNOLÓGICA PARA DAÑOS O PÉRDIDAS DE EQUIPOS ELÉCTRICOS, ELECTRÓNICOS Y/O DE ROTURA DE MAQUINARÍA. (VERIFICAR COMO ESTA CONTRATADA LA PÓLIZA VIGENTE). PARA BIENES CON EDAD DE HASTA CINCO (5) AÑOS. | E95: La aseguradora acepta no aplicará demérito por uso y/o mejora tecnológica, o cualquier otro concepto, en la liquidación de la indemnizaciones de los siniestros que afecten las coberturas de equipos eléctricos, electrónicos y/o rotura de maquinaria; según el término de años de edad ofrecido por la aseguradora y con base en la siguiente tabla de demérito a aplicar:
B96: - TABLA DE DEMÉRITO A APLICAR | E96: EDAD DEL EQUIPO | F96: PORCENTAJE | G96: ACUMULADO
E97: Superior a 0 años y hasta 5 años | F97: 0 | G97: 0
E98: Superior a 5 años y hasta 8 años | F98: 2 | G98: 6
E99: Superior a 8 años y hasta 10 años | F99: 5 | G99: 16
E100: Superior a 10 años | F100: 8 | G100: 24
E101: Aplicación de máximo el 24% en conjunto, por concepto de demérito por uso y/o mejora tecnológica para riesgos de Equipo Eléctricos, Electrónicos y/o Rotura de Maquinaría.
B102: NO APLICACIÓN DE DÉMERITO POR USO O MEJORÁ TECNOLÓGICA PARA DAÑOS O PÉRDIDAS DIFERENTES A LAS DE EQUIPOS ELÉCTRICOS, ELECTRÓNICOS Y/O ROTURA DE MAQUINARÍA. | E102: La aseguradora acepta mediante la presente póliza la no aplicación por demérito, uso, vetustez, obsolescencia tecnológica o, en fin, cualquier otro concepto para los riesgos de Sustracción, Incendio y anexos (se exceptúa los bienes correspondientes a equipos eléctricos y electrónicos). Para las coberturas de equipos eléctricos, electrónicos y rotura de maquinaría aplicará en la liquidación de las indemnizaciones las siguientes condiciones:
B103: - RECONSTRUCCIÓN, REPOSICIÓN, REPARACIÓN O REEMPLAZO. | E103: Bajo esta cláusula la Compañía pagará la indemnización por el valor de la reposición o reemplazo del bien o bienes asegurados, cuando el conjunto o la totalidad de ellos queden destruidos o de tal modo averiados que pierdan la aptitud para el fin a que están destinados o cuando no obstante no perder esa aptitud, su reparación aunque se facilite, implique perjuicios en la calidad o eficiencia en la producción u operación y de conformidad con lo siguiente y en concordancia con la tabla de demérito a aplicar:
E104: a) Se entiende por valor de reposición del bien o los bienes, el valor a nuevo del mismo o de los mismos, sin deducción alguna por depreciación, demérito, uso, vetustez, o en fin, por cualquier otro concepto.
E105: b) Si con ocasión del siniestro, la reposición o reparación del bien, conjunto o totalidad de los bienes, o de un grupo de estos o de cualquiera de ellos, el asegurado hiciera cualquier cambio o reforma en sus instalaciones, o reemplazare el o los bienes siniestrados por otro u otros de diferente naturaleza, o de mayor capacidad, serán de su cuenta los mayores costos que dichos cambios ocasionen. Se indemnizará a valor de reposición cuando el conjunto o la totalidad ellos queden destruidos o de tal modo averiados que pierdan la aptitud para el fin para el que están destinados o cuando, no obstante, no perder esa aptitud, su reparación, aunque se facilite, implique perjuicios en la calidad o eficiencia en la producción u operación.
E106: c) La Aseguradora también se obliga a indemnizar el siniestro total o parcial con base en el valor de la reconstrucción, reposición, reparación o reemplazo, si se hace conveniente o necesaria la reconstrucción en un sitio distinto al del sitio afectado por el siniestro, sin que la indemnización exceda de la suma que hubiere debido indemnizar en casos normales.
E107: d) Sin importar que la indemnización se haga bajo cualesquiera de las modalidades antes previstas, la compañía no estará obligada a responder sino hasta la concurrencia del valor asegurado, ajustado según lo estipulado en las condiciones de la póliza. Se precisa que la aseguradora en estos caso solo es el medio de pago.
E108: e) En el evento que la Entidad requiera la reposición de algún bien mueble y/o equipo o elemento, la aseguradora realizará el proceso de compra y adquisición de los equipos o bienes, en este sentido, la Entidad entregará las especificaciones técnicas de los equipos a reponer, esto con el fin que se realice la reposición por un bien de las mismas o similares características de los bienes afectados y se realice el proceso adquisición y entrega de los mismos a la Entidad. Dado lo anterior, el pago de la indemnización se realizará con base en las cotizaciones presentadas por la Entidad y/o de los proveedores que designe el asegurado.
E109: f) Queda expresamente convenido y acordado que, en caso de siniestro de bienes cotizados bajo cualquier denominación de moneda extranjera, la aseguradora liquidará el bien con la Tasa Representativa del Mercado (TRM) del día del siniestro. En caso que para efectos de la indemnización se tenga una variación significativa de la TRM, la aseguradora se compromete a ajustar la liquidación con la TRM de la fecha del día del pago.
B110: DESIGNACIÓN O DENOMINACIÓN DE BIENES | E110: La aseguradora acepta el título, nombre, designación, denominación o nomenclatura con que el asegurado identifica o describe los bienes asegurados en sus registros o libros de comercio o contabilidad.
B111: MODIFICACIONES A FAVOR DEL ASEGURADO | E111: Los cambios o modificaciones a las condiciones de la presente póliza, serán acordados mutuamente entre la compañía y el asegurado. El certificado, documento o comunicaciones que se expidan para formalizarlos debe ser firmado, en señal de aceptación, por un representante legal del asegurado o funcionario autorizado, prevaleciendo sobre las condiciones de esta póliza. No obstante, si durante la vigencia de la póliza se presentan modificaciones en las condiciones del seguro, legalmente aprobadas que representen un beneficio a favor del asegurado, tales modificaciones se consideran automáticamente incorporadas. Siempre y cuando no causen cobro de prima adicional.
B112: ERRORES, OMISIONES O INEXACTITUDES | E112: El tomador está obligado a declarar sinceramente los hechos y circunstancias que determinen el estado del riesgo. La inexactitud sobre hechos o circunstancias que, conocidas por la compañía, la hubieren retraído de celebrar el contrato o inducido a estipular condiciones más onerosas, produce la nulidad relativa del seguro. Sin embargo, si se incurriere en errores, omisiones e inexactitudes inculpables al tomador o al asegurado, el contrato no será nulo ni habrá lugar a la aplicación del inciso tercero del artículo 1058 del Código de Comercio sobre reducción porcentual de la prestación asegurada. En este caso se deberá pagar la prima adecuada al verdadero estado del riesgo.
B113: ERRORES Y/U OMISIONES EN LA PRESENTACIÓN DE LA INFORMACIÓN DE LOS BIENES ASEGURADOS | E113: En caso que en estas condiciones técnicas, anexos o en la póliza que se expida, se encuentre información imprecisa sobre la identificación de los bienes asegurados, siempre y cuando se pueda evidenciar que se tenía intención de asegurar o se pagó la prima correspondiente, la aseguradora indemnizará el valor de la pérdida o daño.
B114: LABORES Y MATERIALES | E114: Queda aceptado y convenido, que la Compañía autoriza al asegurado para efectuar las modificaciones dentro del riesgo, que juzgue necesarias para el funcionamiento de la industria o negocio. Cuando tales modificaciones varíen sustancial, objetiva y materialmente los riesgos conocidos y aceptados por la compañía, el asegurado estará obligado a avisar de ellas por escrito a la compañía dentro del término de días comunes, que para esta condición ofrezca la aseguradora, contados a partir de la finalización de estas modificaciones, sí éstos constituyen agravación de los riesgos.
B115: AMPARO AUTOMÁTICO PARA BIENES REMPLAZADOS TEMPORALMENTE | E115: Queda expresamente acordado que la cobertura de la póliza se extiende a amparar los bienes que sean instalados temporalmente en remplazo de los asegurados inicialmente bajo la póliza, mientras que dure el período de reacondicionamiento, revisión, mantenimiento y fines similares. Así mismo, se cubren automáticamente los nuevos bienes que sean instalados para reponer o remplazar los asegurados bajo la póliza, desde el momento en que sean recibidos por el asegurado.
B116: PAGO DE LA INDEMNIZACIÓN | E116: Queda expresamente acordado que la aseguradora acepta efectuar el pago de la indemnización, en dinero o mediante el giro a los contratistas y/o proveedores de servicios o suministro de éstos u otros similares con los cuales la Entidad, decida remplazar, reconstruir, reparar y/o reponer el bien o bienes afectado y para este último caso la compañía efectuará el pago hasta el monto de su responsabilidad, a petición escrita de la Entidad Asegurada. De todas formas queda convenido que la entidad asegurada se reserva el derecho de determinar si el giro de la indemnización se realiza en dinero o giro a los contratistas y la aseguradora acepta esta condición. Se precisa que en caso que se realice el giro en dinero, la aseguradora no puede descontar de este el impuesto al valor agregado. Para equipos eléctricos y electrónicos incluyendo móviles y portátiles se realizará la reposición del bien por daños menores hasta por $10.000.000, y hasta 10 años no se aplicará demérito y mejora tecnológica.
...

Sheet 2. COND. BÁSICAS MANEJO
B3: =+'1. COND. BÁSICAS TRDM'!B3:G3 -> INSTITUTO DEPARTAMENTAL DE CULTURA Y TURISMO DE CUNDINAMARCA - IDECUT
B4: ANEXO No. 1 - CONDICIONES OBLIGATORIAS (MÍNIMAS TÉCNICAS)
B7: 2. PÓLIZA DE SEGURO GLOBAL DE MANEJO PARA ENTIDADES OFICIALES
B8: 2.1. | C8: INFORMACIÓN GENERAL
B9: TOMADOR: | C9: =+'1. COND. BÁSICAS TRDM'!$C$9:$E$9 -> INSTITUTO DEPARTAMENTAL DE CULTURA Y TURISMO DE CUNDINAMARCA - IDECUT | F9: NIT. | G9: =+'1. COND. BÁSICAS TRDM'!G9 -> 900.294.905-6
B10: ASEGURADO: | C10: =+C9 -> INSTITUTO DEPARTAMENTAL DE CULTURA Y TURISMO DE CUNDINAMARCA - IDECUT | F10: NIT. | G10: =+G9 -> 900.294.905-6
B11: BENEFICIARIO: | C11: =+C10 -> INSTITUTO DEPARTAMENTAL DE CULTURA Y TURISMO DE CUNDINAMARCA - IDECUT | F11: NIT. | G11: =+G10 -> 900.294.905-6
B12: 2.2. | C12: OBJETO DEL SEGURO
B13: Amparar los riesgos que impliquen menoscabo de los fondos y/o bienes de propiedad del INSTITUTO DEPARTAMENTAL DE CULTURA Y TURISMO DE CUNDINAMARCA-IDECUT o que estén bajo su tenencia, control y/o responsabilidad causados por acciones u omisiones de sus servidores, que incurran en delitos contra la administración pública o fallos con responsabilidad fiscal, por incumplimiento de las disposiciones legales y reglamentarias, incluyendo el costo de la rendición de cuentas en caso de abandono del cargo o fallecimiento del empleado, en concordancia con la Resolución 014249 del 15 de mayo de 1992, aprobada por la Contraloría General de la República.
B14: 2.3. | C14: LÍMITE ASEGURADO EVENTO /VIGENCIA
B15: Oferta Básica: Se califica en Condiciones Adicionales (Formato No. 3) el aumento del límite asegurado sin cobro de prima adicional. | F15: 110000000
B16: 2.3.1. | C16: MODALIDAD DE COBERTURA:
B17: Los amparos otorgados, en la presente póliza, operan bajo la modalidad de delimitación temporal de cobertura, denominada OCURRENCIA, es decir que se cubrirán las pérdidas que sufra o que se causen al asegurado durante la vigencia de la póliza.
B18: 2.3.2. | C18: BASE PARA LA DETERMINACIÓN Y APLICACIÓN DEL CONCEPTO SUBLÍMITE / VIGENCIA / AGREGADO ANUAL
B19: Para la totalidad de Coberturas y/o condiciones básicas sublímitadas, queda expresamente aceptado por parte de los proponentes que, en concordancia con la vigencia de la póliza que se adjudique, cada Sublímite operará así: | H19: DEFINIR SEGÚN VIGENCIA A CONTRATAR LA APLICACIÓN DE ESTA CONDICIÓN
B20: - Si la vigencia es inferior a doce (12) meses: (Sublímite indicado) Evento /Agregado vigencia.
B21: - Si la vigencia es mayor a doce (12) meses: Sublímite indicado Evento /Agregado Anual.
B22: En caso de discrepancia en alguna cobertura o cláusula básicas con relación al concepto de aplicación del sublímite / vigencia / agregado anual, frente a la vigencia ofertada, prevalece el establecido en este numeral con relación al plazo de la condición ofertada.
B23: 2.4. | C23: CARGOS ASEGURADOS
B24: Asesor | C24: Asesor: Cultura, Control Interno Despacho y Jurídico | D24: 4
B25: Profesional | C25: Profesional Especializado 1 Profesional Universitario: Cultura 2, Turismo 3, Jurídica 1, Talento Humano 1, Presupuesto 1 y Contable 1 y Tesorero 1 | D25: 11
B26: Directivo | C26: Gerente | D26: 1 | E26: MONTO ANUAL PROYECTADO DE LA NÓMINA: | G26: 2103804000
B27: Directivo | C27: Subgerente General Cultura | D27: 1
B28: Directivo | C28: Subgerente General Turismo | D28: 1
B29: Directivo | C29: Subgerente General Administrativo | D29: 1
B30: Técnico | C30: Tecnico Operativo Cultura 2 Turismo 1 Administrativo 1 y Juridica 1 | D30: 5 | E30: CONTRATISTAS: 18
B31: Asistencial | C31: Auxiliar Adminisatrativo 2, Conductor 2, Secretario Ejecutivo 1 | D31: 5
B32: TOTAL CARGOS ASEGURADOS: | D32: =SUM(D24:D31) -> 29
B33: NOTA: | C33: CADA SUBLÍMITE O GASTOS INDICADOS ESTAN CONTEMPLADOS DENTRO DEL LÍMITE ASEGURADO.
B34: 2.5. | C34: COBERTURAS BÁSICAS
B35: DELITOS CONTRA LA ADMINISTRACIÓN PÚBLICA | E35: La aseguradora indemnizará la pérdida económica que sufra la Entidad a consecuencia de actos que se tipifiquen como delitos contra la administración, cometidos por empleado(s) en desempeño de(los) cargo(s) señalados en el numeral 2.4.
B36: GASTOS DE RECONSTRUCCIÓN O RENDICIÓN DE CUENTAS | E36: La aseguradora mediante este amparo cubre los gastos que la Entidad tenga que incurrir en caso de abandono del cargo o fallecimiento del empleado, para llevar a cabo los procesos de rendición y reconstrucción de cuentas.
B37: DELITOS CONTRA EL PATRIMONIO ECÓNOMICO | E37: La aseguradora mediante este amparo indemnizará la pérdida económica que sufra la Entidad, por aquellas conductas penalmente sancionables, cometidas por los empleados de la Entidad, que no dan cuenta de un buen manejo de los recursos estatales y que causan detrimento al patrimonio del estado.
B38: JUICIOS CON RESPONSABILIDAD FISCAL Y ALCANCES FISCALES | E38: La aseguradora mediante este amparo cubre los procesos de responsabilidad fiscal con ocasión de la ejecución de actos que den lugar a iniciación de juicios de esta naturaleza, al igual que los alcances fiscales.
B39: PÉRDIDA DE EMPLEADOS NO IDENTIFICADOS AL 100% DEL LÍMITE ASEGURADO | E39: En caso de ocurrencia de cualquier pérdida, pero que la Entidad no pudiera determinar específicamente al empleado o los empleados responsables, la aseguradora reconocerá la indemnización correspondiente, siempre y cuando las circunstancias que dieron lugar al evento, permitan considerar que en la ocurrencia del mismo intervinieron uno o varios empleados de la Entidad, a cualquier titulo (autor intelectual, material o cómplice). Queda entendido que la responsabilidad de la compañía, respecto de tales pérdidas, no excederá en ningún caso del monto asegurado estipulado en la póliza. | H39: INDEPENDIENTEMENTE QUE SE TRAIGA CONTRATADO UN % INFERIOR. OBLIGATORIAMENTE ESTAS CLÁUSULAS DEBEN ESTAR AL 100%
B40: PROTECCIÓN DE DEPÓSITOS BANCARIOS AL 100% DEL LÍMITE ASEGURADO | E40: Cubre las pérdidas de dinero que el asegurado tenga depositado en sus cuentas corrientes o de ahorro en entidades bancarias o financieras (incluidos sus respectivos intereses), que se deba a falsificación o adulteración de un cheque, letra de cambio, pagaré, carta de crédito o cualquier otra clase de título valor que el banco o entidad financiera presuma que ha sido firmado, endosado o avalado por el asegurado o por una persona que obre en su nombre o representación y que el banco o entidad financiera compruebe que no es responsable por dicho pago, incluyendo: a) Cualquier cheque o giro hecho o girado en nombre de la Entidad pagadero a una persona ficticia y endosado o pagado a nombre de dicha persona. b) Cualquier cheque o giro hecho o girado en transacción de la Entidad o por su representante a favor de un tercero y entregado al representante de éste que resultare endosado o cobrado por persona distinta de aquel a quien se giró. c) Cualquier cheque o giro con destino al pago de salarios que habiendo sido girado u ordenado por la Entidad, resultare endosado y cobrado por un tercero obrando supuestamente a nombre del girador, o de aquel a quien se debía hacer el pago. Esta cobertura aplica cuando se demuestra la participación de uno o más empleados del asegurado y que la entidad bancaria demuestre que no tiene ninguna responsabilidad.
B41: EXTENSIÓN DE COBERTURA PARA EMPLEADOS OCASIONALES, TEMPORALES Y TRANSITORIOS AL 100% DEL LÍMITE ASEGURADO | E41: Bajo esta condición la cobertura de la presente póliza se extiende a amparar a los trabajadores ocasionales, temporales o transitorios y a quienes, sin serlo, realicen prácticas o investigaciones en sus dependencias. Esta cobertura queda sujeta a que las operaciones que realicen tales personas estén bajo el control de la Entidad.
B42: EXTENSIÓN DE COBERTURA PARA EMPLEADOS DE FIRMAS ESPECIALIZADAS Y OTROS AL 100% DEL LÍMITE ASEGURADO | E42: Bajo esta condición la cobertura de la presente póliza se extiende a amparar a todas aquellas personas naturales que presten servicios en los establecimientos del asegurado bajo cualquier título o contrato, incluidos los empleados de firmas especializadas, los empleados de contratistas independientes, los cuales deben cumplir con las normas que los regulan y con las garantías exigidas por la ley 80 de 1993. Esta cobertura queda sujeta a que las operaciones que realicen tales personas estén bajo el control de la Entidad.
B43: EXTENSIÓN DE COBERTURA PARA PÉRDIDAS OCASIONADAS POR EMPLEADOS DE CONTRATISTAS Y SUBCONTRASTISTAS INDEPENDIENTES AL 100% DEL LÍMITE ASEGURADO | E43: Bajo esta condición la cobertura de la presente póliza se extiende a amparar a todas aquellas personas naturales que presten servicios en los establecimientos del asegurado bajo cualquier título o contrato, incluidos los empleados de contratistas y subcontratistas independientes, los cuales deben cumplir con las normas que los regulan y con las garantías exigidas por la ley 80 de 1993.
B44: GASTOS POR PAGOS DE AUDITORES, REVISORES, CONTADORES Y ABOGADOS | E44: La cobertura de esta póliza debe extenderse a amparar los gastos en que incurra el asegurado, por pago a auditores, revisores, contadores y abogados, que se requieran para analizar y certificar los datos extraídos de los libros de contabilidad y demás documentos del asegurado, al igual que cualquier otra información que sea solicitada por la compañía al asegurado para el ajuste y definición de los reclamos.
B45: GASTOS PARA LA DEMOSTRACIÓN DEL SINIESTRO | E45: Bajo este amparo se cubren los gastos razonables en que incurra el asegurado, para la demostración de la ocurrencia y cuantía del siniestro y serán indemnizados bajo esta póliza. Estos gastos deben ser previamente aprobados por la aseguradora y la Entidad se compromete para estos casos presentar previamente cotización de estos gastos (cuando se requiera), la aseguradora se reserva el derecho de poder cotizar con sus proveedores los servicios que demanden la aplicación de estos gastos.Hasta el 100% de los gastos demostrados.
B46: GASTOS ADICIONALES. Sublímite 32% del límite asegurado. | E46: No obstante lo que se diga en contrario en las condiciones generales y particulares de la póliza, la Compañía se obliga a indemnizar los gastos adicionales (que no tengan carácter de permanentes) incluidos aquellos que tenga que asumir por la reconstrucción de archivos, documentos, bases de datos o información en servidores o medios magnéticos, debidamente comprobados en que necesaria y razonablemente incurra el asegurado, como consecuencia directa del siniestro, hasta el 100% de los gastos demostrados.
B47: HONORARIOS PROFESIONALES DE ABOGADOS, CONSULTORES, AUDITORES, INTERVENTORES, ETC Sublímite 32% del límite asegurado. | E47: No obstante lo que se diga en contrario en las condiciones generales y particulares de la póliza, la Compañía se obliga a indemnizar los honorarios en que necesaria y razonablemente incurra el asegurado, por concepto de abogados, consultores, auditores, interventores, revisores, contadores, etc., para obtener y certificar: a.- los detalles extraídos de los libros de contabilidad y del negocio mismo del asegurado, y b.- cualesquiera otras informaciones, documentos y testimonios que sean pedidos por la compañía al asegurado según lo establecido en las condiciones generales y particulares de la póliza. La compañía reconocerá hasta el 100% de los gastos razonables demostrados por el asegurado.
B48: COSTAS EN JUICIO, HONORARIOS PROFESIONALES Y SELECCIÓN DE PROFESIONALES PARA LA DEFENSA. Sublímite del 66% del límite asegurado. | E48: Por medio de la presente cláusula la compañía indemnizará al asegurado las costas de los procesos judiciales y los honorarios de abogados hasta por el 100% del valor asegurado, siempre y cuando sean justificados, razonables, causados y cancelados por el asegurado en la defensa de cualquier procedimiento legal o pleito en el cual sea demandado por el (los) funcionario(s) investigado(s) con ocasión de los hechos que dan origen a la reclamación formulada a la compañía de seguros. Sin embargo, si dicha reclamación es mayor que el monto del deducible, el asegurador asumirá el pago de las costas y honorarios en igual proporción en que haya asumido la pérdida. El asegurador podrá, en caso de así determinarlo y de común acuerdo con el asegurado asumir la defensa en cualquier litigio o procedimiento legal a nombre del asegurado, a través de abogados elegidos por el asegurador. La selección de los profesionales encargados para la defensa corresponderá al Asegurado, o los funcionarios que esta designe, quienes para su aprobación presentan a la compañía la propuesta correspondiente. La compañía podrá, previo común acuerdo con la Entidad asegurada, asumir la defensa de cualquier litigio o procedimiento legal a nombre del asegurado, a través de abogados elegidos por este.
B49: ACTOS DE AUTORIDAD | E49: La póliza se extiende a cubrir los daños o pérdidas materiales de los bienes asegurados, causados directamente por la acción de la autoridad legalmente constituida, ejercida con el fin de disminuir o aminorar las consecuencias de cualquiera de los riesgos amparados. Se excluye el embargo y la confiscación de bienes.
B50: 2.7. | C50: CLÁUSULAS BÁSICAS
B51: REVOCACIÓN DE LA PÓLIZA, CLÁUSULAS O CONDICIONES Con termino de noventa (90) días. | E51: La aseguradora podrá revocar la póliza, cláusulas o condiciones unilateralmente por la compañía, mediante noticia escrita enviada al asegurado, a su última dirección registrada, con no menos de noventa (90) días de antelación; contados a partir de la fecha del envío. El asegurado podrá pedir la revocación en cualquier momento, según lo previsto en el Código de Comercio. Así mismo, en el caso de que la aseguradora decida no otorgar renovación o prorroga del contrato de seguro, deberá dar aviso de ello al asegurado con no menos de noventa (90) días de antelación a la fecha de vencimiento de la póliza, en caso contrario se dará por entendido que la aseguradora acepta la renovación o prorroga hasta el límite legal establecido en la Ley 80 de 1993, para la adición de los contratos y manteniendo las mismas condiciones ofertadas en este proceso.
B52: AMPARO AUTOMÁTICO DE NUEVOS CARGOS | E52: Bajo esta cláusula se otorga amparo automático a todo nuevo cargo creado por la Entidad, durante la vigencia de la misma, sin que exista obligación por parte de la entidad asegurada de reportarle dichos nuevos cargos, siempre que los nuevos cargos cuenten con las mismas seguridades y controles que los reportados en el inicio de la póliza. Esta condición dará derecho a la compañía al cobro de la prima proporcional, calculada a prorrata, con las tasas adjudicadas y correspondiente al periodo de amparo.
B53: ERRORES, OMISIONES O INEXACTITUDES | E53: El tomador está obligado a declarar sinceramente los hechos y circunstancias que determinen el estado del riesgo. La inexactitud sobre hechos o circunstancias que, conocidas por la compañía, la hubieren retraído de celebrar el contrato o inducido a estipular condiciones más onerosas, produce la nulidad relativa del seguro. Sin embargo, si se incurriere en errores, omisiones e inexactitudes inculpables al tomador o al asegurado, el contrato no será nulo ni habrá lugar a la aplicación del inciso tercero del artículo 1058 del Código de Comercio sobre reducción porcentual de la prestación asegurada. En este caso se deberá pagar la prima adecuada al verdadero estado del riesgo.
B54: MODIFICACIÓN A CARGOS | E54: Queda entendido, convenido y aceptado que si durante la vigencia de la presente póliza se presenta cambio de denominaciones a cargos, se consideran automáticamente incorporados a la póliza, sin que el asegurado se obligue a reportarle tales cambios y/o modificaciones, precisando que estos cargos cuentan con los controles y seguridades que los reportados al inicio de vigencia.
B55: AMPLIACIÓN AVISO DEL SINIESTRO Con termino de noventa (90) días. | E55: Queda convenido y aceptado que el asegurado podrá dar aviso de la ocurrencia del siniestro en un término de noventa (90), siguientes a la fecha en que haya conocido o debido conocer la ocurrencia del mismo.
B56: DEFINICIÓN DE TRABAJADOR O EMPLEADO | E56: Queda convenido y aceptado que aseguradora acepta bajo la presente cláusula, que el término "trabajador o empleado" y estén bajo el control y dependencia del asegurado, dondequiera que se utilice en la póliza significará:
E57: 1) La persona natural que, dentro del desempeño del cargo asegurado, presta su servicio a la Entidad, vinculada a éste mediante contrato de trabajo, orden de trabajo o mediante nombramiento por decreto o resolución.
E58: 2) Contratistas bajo la Prestación de Servicios Profesionales para el apoyo a la gestión.
E59: 3) Los asesores y consultores que desarrollan funciones en la Entidad.
E60: 4) Estudiantes o Practicantes mientras estén prosiguiendo estudios o deberes en los predios de la Entidad.
E61: 5) Empleados de seguridad y contratistas y sus empleados, mientras dichos contratistas estén desarrollando servicios temporales para la Entidad.
E62: 6) Los trabajadores suministrados por compañías especializadas para desarrollar trabajos propios del asegurado y bajo supervisión en cualquiera de las oficinas o predios de la Entidad.
E63: 7) Directores cuando sean empleados asalariados, pensionados o cuando estén desarrollando labores propias de un empleado o cuando esté actuando como miembro de cualquier comité debidamente elegido o nombrado por Resolución de la Junta Directiva de la Entidad (cuando aplica) para desempeñar específicamente la labor de nombramiento para actos de dirección en nombre del asegurado.
E64: 8) Cualquier persona que haga parte de la Junta Directiva de la Entidad.
E65: 9) Cualquier persona o compañía empleada por el asegurado para prestar servicios profesionales en cualquier rama de su especialidad mientras estan prestando servicios a la Entidad.
E66: Todas las anteriores definiciones se consideran empleados mientras estén prestando dichos servicios e incluye los primeros noventa (90) días siguientes a la dejación del cargo o a la terminación de sus servicios, según sea el caso y se otorga siempre y cuando el termino indicado se encuentre dentro de la vigencia de la póliza, sin exceder la fecha de finalización de vigencia.
B67: DESIGNACIÓN O DENOMIANACIÓN DE BIENES | E67: La aseguradora acepta el título, nombre, denominación o nomenclatura con que el asegurado identifica o describe los bienes asegurados en sus registros o libros de comercio o contabilidad. El alcance de éstas designación de bienes se amplía al objeto establecido en el Manual de Procedimientos Administrativos y Contables para el manejo y control de los bienes de la Entidad.
B68: CONOCIMIENTO DEL RIESGO | E68: La Compañía acepta mediante la presente cláusula que la Entidad, le ha brindado la oportunidad para realizar la inspección de los bienes y riesgos a que están sujetos los mismos y el patrimonio del Asegurado, razón por la cual se deja constancia del conocimiento y aceptación de los hechos, circunstancias y, en general, condiciones de los mismos. La compañía se reserva el derecho de llevar a cabo la inspección cuantas veces lo juzgue pertinente.
B69: ANTICIPO DE INDEMNIZACIÓN DEL 70% Se califica en Condiciones Adicionales (Formato No. 3) el aumento del porcentaje ofrecido. | E69: Queda expresamente acordado que, a petición escrita de la Entidad, la aseguradora anticipará pagos parciales sobre el valor de cualquier reclamo, con base en el valor de la estimación preliminar de la pérdida aceptada por el ajustador, para adelantar la reparación, reposición o remplazo de los bienes asegurados. En el caso de que no haya nombramiento de ajustador, el anticipo se liquidará con base en la valoración de la cuantía de la pérdida amparada, acreditada por la entidad mediante cotización de la misma. Este anticipo también se extiende a cualquier tipo de gastos que se requiera para la operatividad de la póliza. En caso que el anticipo o suma de anticipos que la compañía adelante al asegurado llegare a exceder la suma total indemnizable a que tenga derecho, éste se compromete a devolver el exceso pagado. Para esta cláusula la aseguradora debe contemplar un plazo máximo para el pago del anticipo de diez (10) días hábiles contados a partir de la fecha de solicitud y formalización del mismo este y no se acepta el requerimiento de ningún requisito adicional para realizar el anticipo.
B70: MODIFICACIONES A FAVOR DEL ASEGURADO | E70: Los cambios o modificaciones a las condiciones de la presente póliza, serán acordados mutuamente entre la compañía y el asegurado. El certificado, documento o comunicaciones que se expidan para formalizarlos debe ser firmado, en señal de aceptación, por un representante legal del asegurado o funcionario autorizado, prevaleciendo sobre las condiciones de esta póliza. No obstante, si durante la vigencia de la póliza se presentan modificaciones en las condiciones del seguro, legalmente aprobadas que representen un beneficio a favor del asegurado, tales modificaciones se consideran automáticamente incorporadas. Siempre y cuando no causen cobro de prima adicional.
B71: NOMBRAMIENTO Y DESIGNACIÓN DE AJUSTADORES | E71: El nombramiento de ajustadores deberá efectuarse de común acuerdo entre la aseguradora y el asegurado, para lo cual la aseguradora presentará para cada reclamo una relación de cinco (5) firmas ajustadoras. No obstante la anterior condición, el asegurador con su propuesta se obliga a presentar la lista de todos sus ajustadores y la Entidad se reserva el derecho de nombrar al ajustador que considere más adecuado o solicitar el cambio de los mismos en caso de que no fueren de su entera satisfacción, sin que para ello se requiera motivación alguna.
B72: VARIACIONES O MODIFICACIONES DEL RIESGO | E72: Queda entendido, convenido y aceptado que las notificaciones que sobre los hechos o circunstancias no previsibles que sobrevengan con posterioridad a la celebración del contrato de seguro y que, conforme al criterio consignado en el inciso 1° del artículo 1058 del código de comercio, signifiquen agravación del riesgo, se efectuarán por la Entidad dentro de los noventa (90) días siguientes a la fecha de modificación del riesgo.
B73: NO CONCURRENCIA DE AMPAROS, CLÁUSULAS O CONDICIONES | E73: Queda entendido, convenido y aceptado, que si dos o más amparos, cláusulas o condiciones otorgan cobertura a un mismo evento, se indemnizará con base en aquella que ofrezca mayor protección para los intereses del asegurado. De igual manera prevalecerán los amparos, cláusulas o condiciones que otorguen coberturas sobre aquellos que las excluyan. En todo caso y ante cualquier discrepancia sobre cuál es el amparo, cláusula o condición aplicable a un caso determinado, se aplicara aquella o aquellas que en conjunto determine el asegurado de acuerdo a su conveniencia.
B74: AMPARO AUTOMÁTICO DE CARGOS QUE POR ERROR U OMISIÓN NO SE HAYAN INFORMADO AL INICIO DE LA VIGENCIA. | E74: Queda entendido, convenido y aceptado que no obstante lo que en contrario se diga en las condiciones generales de la póliza, el presente anexo se extiende a cubrir automáticamente todo cargo que por error u omisión no se haya informado al inicio del seguro por el asegurado. El asegurado deberá comunicar tal situación a la aseguradora dentro del plazo aca estipulado y siguientes a la expedición del seguro y la compañía efectuará el cobro de la prima proporcional a prorrata.
B75: NO APLICACIÓN DE GARANTÍAS | E75: Queda expresamente acordado y aceptado que la cobertura otorgada bajo la presente póliza no queda sujeta al cumplimiento de ningún tipo de garantía por parte de la entidad asegurada.
B76: NO APLICACIÓN DE DEDUCIBLE O RESTRICCIÓN DE LÍMITE PARA CAJAS MENORES | E76: Queda expresamente acordado y aceptado que la aseguradora acepta la no aplicación de deducibles para Cajas Menores y tampoco impondrá restricciones al límite de número y cuantías que manejan cada una de ellas.
B77: FALTANTES DE INVENTARIOS 10% DEL LÍMITE ASEGURADO Sublímite $9.000.000 Evento / $27.000.000 Agregado vigencia | E77: El oferente ofrecerá la cobertura para los faltantes de inventarios atribuibles a funcionarios de la entidad siempre y cuando tales pérdidas sean como consecuencia de eventos amparados bajo presente póliza. Se otorga la cobertura siempre que se acredite en el reclamo que las pérdidas fueron causadas por la intervención de uno o más empleados.
B78: DETERMINACIÓN DE LA PÉRDIDA INDEMNIZABLE | E78: La aseguradora debe contemplar en forma expresa que la determinación del valor de la pérdida indemnizable de bienes, se efectuará con base en cotizaciones de bienes de la misma clase, capacidad, tipo y marca o de las características más similares que ofrezca el mercado. En caso de que en el mercado no existan bienes de las mismas o similares características, la determinación se efectuará con base en la (s) alternativa (s) de reemplazo que presentará el asegurado.
... B85: CLÁUSULA DE JURISDICCION Y SOLUCION DE CONTROVERSIAS | E85: Toda y cualquier diferencia que surja entre las partes por la interpretación del presente contrato, su ejecución, cumplimiento, terminación o las consecuencias futuras del mismo, será dirimida bajo la jurisdicción y legislación de la República de Colombia. Las diferencias y controversias que surjan se solucionarán con sujeción a las siguientes instancias que se agotarán de forma sucesiva o a elección de las partes, así:
E86: a). Arreglo Directo: Las partes tratarán de resolver sus diferencias de forma directa y entre ellas mismas dentro del plazo de quince (15) días contados a partir de la notificación escrita en que cualquiera de ellas informe a la otra de un conflicto o controversia orIginado en el contrato. b). Conciliación: Agotado el plazo anterior sin que las partes lograsen un acuerdo por si mismas, acudirán a la asistencia de un conciliador legalmente autorizado que se designará y actuará según los parámetros establecidos por la Ley 446 de 1998 y el decreto 1818 del mismo año, la etapa de conciliación durará un mes (1) desde el momento en que las partes o cualquiera de ellas radique la solicitud de conciliación respectiva, en caso de lograrse la conciliación la misma producirá efectos de cosa juzgada entre las partes, en caso contrario agotará el requisito de procedibilidad para acudir a la jurisdicción ordinaria o arbitral según corresponda, de acuerdo con los literales c) y d) de la presente cláusula.
E87: c). Jurisdicción Ordinaria: Agotadas las instancias anteriores, si la cuantía de las pretensiones derivadas de la diferencia que surja entre las partes por la interpretación del presente contrato, su ejecución, cumplimiento, terminación o las consecuencias futuras del mismo, no excediere de 220 SMMLV las partes sujetarán su controversia a la decisión del juez de instancia que corresponda según la cuantía y competencia en arreglo a lo previsto por el código de procedimiento Civil. d). Jurisdicción Arbitral: Agotadas las instancias anteriores, si la cuantía de las pretensiones derivadas de la diferencia que surja entre las partes por la interpretación del presente contrato, su ejecución, cumplimiento, terminación o las consecuencias futuras del mismo, se llevará el conflicto a la decisión de un Tribunal de Arbitramento Institucional cuyo domicilio será la ciudad de Bogotá D.C., el Tribunal estará integrado por un (1) árbitro que será designado conjuntamente por las partes dentro de los quince (15) días hábiles siguientes al envío de la comunicación por correo certificado que una de ellas le haga llegar a la otra solicitando la conformación del Tribunal; en caso de desacuerdo o falta de respuesta de la parte requerida, la otra parte podrá solicitar la designación y conformación del Tribunal al centro de Arbitraje y Conciliación de la Cámara de Comercio de la ciudad de Bogotá D.C.. El Tribunal así conformado funcionará en la ciudad de Bogotá D.C. y el laudo deberá proferirse en derecho, sujetándose en un todo al Decreto 2279 de 1.989, la ley 23 de 1.991, a la Ley 446 de 1.998, sus decretos reglamentarios y demás normas que regulan esta figura judicial. Esta última sujeta a lo dispuesto en Directiva Presidencial 04 del 18 de mayo de 2018.
B88: LIQUIDACIÓN A PRORRATA EN CASO DE CANCELACIÓN DE LA PÓLIZA POR PARTE DEL ASEGURADO | E88: Bajo esta cláusula la aseguradora debe aceptar que en caso de cancelación de la póliza por parte del asegurado, la devolución de las primas respectivas se realizará a prorrata.
B89: LIQUIDACIÓN A PRORRATA PARA PRÓRROGA DE LA VIGENCIA | E89: En caso de que el asegurado lo requiera, la aseguradora realizara la liquidación de la prima de la prórroga a prorrata con las mismas tasas y condiciones de la póliza inicial. Siempre y cuando la siniestralidad de la póliza no sea mayor al 50%, en el caso que la siniestralidad supere el 50% la aseguradora acordará con el asegurado las condiciones en que se otorgará la prórroga.
B90: CONDICIONES DE RENOVACIÓN Y/O PRORROGA DE LA PÓLIZA | E90: En caso de que el asegurado decida renovar y/o prorrogar la póliza, la aseguradora se obliga a mantener los términos contratados con las mismas tasas y condiciones de la póliza inicial, siempre y cuando la siniestralidad de la póliza no sea mayor al 70%, en el caso que la siniestralidad supere el 70% la aseguradora acordará con el asegurado las condiciones en que se otorgará las condiciones de renovación. La aseguradora se obliga a entregar en cualquiera de las situaciones de resultado de siniestralidad, las condiciones con una antelación de noventa (90) días antes del vencimiento de la póliza.
B91: CLÁUSULA DE CONDICIONES PARTICULARES | E91: Queda expresamente acordado y convenido, que la aseguradora acepta las condiciones obligatorias (mínimas técnicas) establecidas en este anexo, en los términos señalados en el mismo, por lo tanto, en caso de existir discrepancia ente los ofrecimientos contenidos en la propuesta técnica básica, frente a los textos de los ejemplares de las pólizas, a las condiciones generales, certificados, anexos o cualquier otro documento; prevalecerá la información y condiciones básicas técnicas establecidas de este anexo, de igual forma en caso de encontrarse contradicción en alguna condición prevalecerá la de mayor beneficio para el asegurado.
B92: DETERMINACIÓN DE CONDICIONES Y REQUISITOS PARA EL PAGO DE INDEMNIZACIONES | E92: La aseguradora manifiesta expresamente que acepta los requisitos y documentos contenidos en el ANEXO No. 11 REQUISITOS PARA EL PAGO DE LAS INDEMNIZACIONES, como únicos para la atención y pago de reclamaciones por siniestros. A futuro no podrá exigir documentos o trámites adicionales.
B93: 2.8. | C93: EXCLUSIÓN DE ENFERMEDADES TRANSMISIBLES O CONTAGIOSAS
B94: Este seguro no cubre cualquier reclamo de ninguna manera causado por o como resultado de: a) Enfermedad por coronavirus (COVID-19) b) Coronavirus 2 del síndrome respiratorio agudo severo (SARS-CoV-2) c) Cualquier mutación o variación de SARS-CoV-2; d) Cualquier otra enfermedad transmisible, epidemia o pandemia e) Cualquier temor o amenaza de a), b), c) ó d) anteriores f) La interrupción de negocios y/o pérdidas financieras sufridas por la Entidad al no poder desarrollar la actividad para la cual fue creada como consecuencia de a), b), c), d) y e) anteriores.
B95: 2.9. | C95: COBERTURAS, AMPAROS Y BIENES SIN APLICACIÓN DE DEDUCIBLES EN FORMA OBLIGATORIA
B96: La Entidad, requiere oferta de cobertura SIN APLICACIÓN DE DEDUCIBLE, para los bienes y/o amparos y/o eventos, señalados a continuación y por lo tanto el proponente con la firma del FORMATO No. 2 - CARTA DE ACEPTACIÓN DE LAS CONDICIONES OBLIGATORIAS (MÍNIMAS TÉCNICAS), admite estas condiciones.
B97: • Caja Menores sin aplicación de deducibe.
B98: Teniendo en cuenta que esta póliza no contempla deducibles por tanto este factor no será objeto de evaluación, razón por la cual el puntaje de esta aspecto será sumado al puntaje establecido para la evaluación del factor económico de MAYOR VIGENCIA, es decir que este factor tendrá un puntaje total de cincuenta y nueve punto setenta y cinco (59.75) puntos. | H98: APLICA SI NO TIENE DEDUCBILES
B99: 2.10. | C99: DEDUCIBLES MÁXIMOS ACEPTABLES
B100: 1. EMPLEADOS NO IDENTIFICADOS: Sin Aplicación de Deducible | H100: APLICA SI TIENE DEDUCIBLES
B101: 2- Demas eventos y/o amparos: Sin Aplicación de Deducible
B102: NOTA: El ofrecimiento de deducibles superiores a los enunciados, constituyen causal de rechazo de la oferta.
B103: 2.11. | C103: COMISIÓN MÍNIMA ACEPTABLE.
B104: En virtud de lo expuesto en el artículo 1341 del Código de Comercio el Corredor tendrá derecho a la comisión de intermediación, la cual será pagada por la Compañía de Seguros. La comisión mínima no deberá ser inferior al 15,0% el valor de la prima neta antes de IVA que es la actualmente contratada y no involucra en ningún aspecto a la Entidad. Se aclara que este comisión no es limitante para la aceptación de las condiciones técnicas básicas obligatorias del presente anexo, ya que no no constituye un aspecto técnico de la póliza a contratar.
B105: By: Tiger | G105: =+'1. COND. BÁSICAS TRDM'!G193 -> VERSIÓN:FEB 2025

Sheet 3. COND. BÁSICAS RCE
B3: =+'2. COND. BÁSICAS MANEJO'!$B$3:$G$3 -> INSTITUTO DEPARTAMENTAL DE CULTURA Y TURISMO DE CUNDINAMARCA - IDECUT
B4: ANEXO No. 1 - CONDICIONES OBLIGATORIAS (MÍNIMAS TÉCNICAS)
B7: 3. PÓLIZA DE SEGURO DE RESPONSABILIDAD CIVIL EXTRACONTRACTUAL
B8: 3.1. | C8: INFORMACIÓN GENERAL
B9: TOMADOR: | C9: =+'2. COND. BÁSICAS MANEJO'!$C$9:$E$9 -> INSTITUTO DEPARTAMENTAL DE CULTURA Y TURISMO DE CUNDINAMARCA - IDECUT | F9: NIT. | G9: =+'1. COND. BÁSICAS TRDM'!G9 -> 900.294.905-6
B10: ASEGURADO: | C10: =+C9 -> INSTITUTO DEPARTAMENTAL DE CULTURA Y TURISMO DE CUNDINAMARCA - IDECUT | F10: NIT. | G10: =+G9 -> 900.294.905-6
B11: BENEFICIARIO: | C11: TERCEROS AFECTADOS
B12: 3.2. | C12: OBJETO DEL SEGURO
B13: Amparar los perjuicios patrimoniales y extrapatrimoniales que cause el INSTITUTO DEPARTAMENTAL DE CULTURA Y TURISMO DE CUNDINAMARCA-IDECUT como consecuencia de la Responsabilidad Civil Extracontractual originada dentro o fuera de sus instalaciones, en el desarrollo de sus actividades o en lo relacionado con ella, lo mismo que los actos de sus empleados y funcionarios o el personal para el apoyo a la gestión administrativa dentro y fuera del territorio nacional o por bienes que se encuentren bajo tenencia, control y/o responsabilidad . Nota: Se entenderán como terceros todos empleados y funcionarios los permanentes, o temporales, o estudiantes en práctica o pasantias, o contratistas, o subcontratistas, o de personas voluntarias que presten servicios al asegurado, incluyendo miembros de las Directivas y cada una de las personas que circulen, ingresen, accedan o se encuentren en los predios de asegurado o por los cuales es responsable en su aseguramiento, independientemente que el asegurado le esté prestando un servicio objeto de su razón social.
B14: 3.3. | C14: LÍMITE ASEGURADO EVENTO / VIGENCIA
B15: Oferta Básica: Se califica en Condiciones Adicionales (Formato No. 3) el aumento del límite ofrecido sin cobro de prima adicional. | F15: 2300000000
B16: 3.3.1. | C16: MODALIDAD DE COBERTURA
B17: Por ocurrencia: La aseguradora cubre todos los perjuicios que se generen durante la vigencia del seguro
B18: 3.4. | C18: INFORMACIÓN GENERAL
B19: Nómina promedio mensual: $175.317.000
B20: Número de funcionarios: 29 Contratistas: 18 TOTAL 47
B21: Presupuesto anual proyectado de la Entidad año 2026: $27.669.710.501
B22: 3.4.1. | C22: BASE PARA LA DETERMINACIÓN Y APLICACIÓN DEL CONCEPTO SUBLÍMITE / VIGENCIA / AGREGADO ANUAL
B23: Para la totalidad de Coberturas y/o condiciones básicas sublímitadas, queda expresamente aceptado por parte de los proponentes que, en concordancia con la vigencia de la póliza que se adjudique, cada Sublímite operará así: | H23: DEFINIR SEGÚN VIGENCIA A CONTRATAR LA APLICACIÓN DE ESTA CONDICIÓN
B24: - Si la vigencia es inferior a doce (12) meses: (Sublímite indicado) Evento /Agregado vigencia.
B25: - Si la vigencia es mayor a doce (12) meses: Sublímite indicado Evento /Agregado Anual.
B26: En caso de discrepancia en alguna cobertura o cláusula básicas con relación al concepto de aplicación del sublímite / vigencia / agregado anual, frente a la vigencia ofertada, prevalece el establecido en este numeral con relación al plazo de la condición ofertada.
B27: NOTA: | C27: CADA SUBLÍMITE O GASTOS INDICADOS ESTAN CONTEMPLADOS DENTRO DEL LÍMITE ASEGURADO.
B28: 3.4.2. | C28: PREDIOS ASEGURADOS
B29: Todos los de propiedad del asegurado, que éste use o entregue en comodato y aquellos de terceros que el asegurado use, mantenga, ocupe en desarrollo de sus actividades y operaciones y los tomados en arriendo.
B30: 3.5. | C30: COBERTURAS BÁSICAS
B31: Queda expresamente acordado y convenido, que mediante la presente póliza la aseguradora ampara los perjuicios patrimoniales y extrapatrimoniales, que cause la Entidad a terceros al igual que las costas y gastos de proceso, siempre y cuando el hecho generador le cause daños materiales, lesiones personales y/o muerte; generados como consecuencia de la responsabilidad civil extracontractual originada dentro o fuera de sus instalaciones, en el desarrollo de sus actividades propias a su objeto social o en lo relacionado con ellas, incluidos los actos de sus empleados y funcionarios en el desarrollo de sus funciones. De igual forma, se acuerda que para todos los efectos de la presente póliza, el termino de “perjuicios patrimoniales” contempla los perjuicios relacionados con daños materiales, daño emergente, lucro cesante y demás perjuicios considerados como patrimoniales; y el termino de “perjuicios extrapatrimoniales” comprende, entre otros, el daño moral, daño fisiológico, daño a la vida de relación y demás perjuicios considerados como extrapatrimoniales. La aseguradora acepta expresamente el otorgamiento de la cobertura de este seguro, según lo previsto en el Artículo 1131 del Código de Comercio, relacionado con la configuración del siniestro e inicio de la prescripción, que estipula: ARTICULO 1131. Configuración del siniestro en el seguro de responsabilidad civil. En el seguro de responsabilidad se entenderá ocurrido el siniestro en el momento en que acaezca el hecho externo imputable al asegurado, fecha a partir de la cual correrá la prescripción respecto de la víctima. Frente al asegurado ello ocurrirá desde cuando la víctima le formula la petición judicial o extrajudicial.
B32: PREDIOS, LABORES Y OPERACIONES (incluyendo incendio y explosión) | E32: La aseguradora se obliga a indemnizar, sujeto a los términos y condiciones establecidas tanto en las condiciones generales como a las particulares de la póliza, los perjuicios patrimoniales y extrapatrimoniales que cause el asegurado con motivo de la responsabilidad civil extracontractual en que incurra de acuerdo con la ley colombiana, por hechos imputables al asegurado, que causen la muerte, lesión o menoscabo en la salud de las personas (daños personales) y/o el deterioro o destrucción de bienes (daños materiales) y perjuicios económicos, incluyendo lucro cesante y daño moral, como consecuencia directa de tales daños personales y/o daños materiales. La aseguradora responderá, además, por los costos del proceso que el tercero damnificado o sus causahabientes promuevan en su contra o la del asegurado, con las salvedades siguientes: a) Si la Entidad asegurada afronta el proceso contra orden expresa de la compañía. b) Si la responsabilidad proviene de dolo o está expresamente señalada en las exclusiones de la póliza. c) Si la condena por los perjuicios ocasionados a la víctima excede la suma que delimita la responsabilidad de la aseguradora, esta solo responderá por los gastos del proceso en proporción a la cuota que le corresponda en la indemnización.
E33: PREDIOS, los perjuicios patrimoniales y extrapatrimoniales que cause el asegurado por la posesión, el uso o el mantenimiento de sus predios o por los que es responsable y en especial en los que la Entidad asegurada desarrolla y realiza las actividades objeto de la cobertura de esta póliza.
E34: LABORES Y OPERACIONES, los perjuicios patrimoniales y extrapatrimoniales que cause el asegurado por las labores u operaciones que lleva a cabo la Entidad asegurada en el desarrollo de las actividades objeto de la cobertura de esta póliza incluyendo todos los riesgos que son inherentes a las actividades desarrolladas por el asegurado en el giro normal de sus actividades y derivadas de: a) Posesión o uso de ascensores y escaleras automáticas, elevadores, montacarga, grúas, puente grúas, equipo de trabajo. b) Posesión o uso de máquinas y equipos de trabajo, de cargue, descargue y transporte dentro de los predios asegurados. c) Transporte de bienes del asegurado, tales como materias primas, productos en proceso y productos terminados, fuera de los predios asegurados (Cuando aplique) d) Operaciones de cargue y descargue. (Cuando aplique) e) Posesión o uso de avisos y vallas publicitarias en el territorio nacional. f) Posesión o uso de sus instalaciones sociales, culturales y deportivas y los eventos que el asegurado realice u organice en ellas. g) Viajes de funcionarios del asegurado dentro y fuera del territorio nacional. h) Actividades y Eventos Sociales y Culturales i) Participación del asegurado en ferias y exposiciones nacionales. j) Errores de puntería, opera en exceso de las pólizas que por ley deben tener contratadas las empresas de vigilancia, empleados del asegurado o contratados a través de firma especializada. (Excepto cuando se trata de sus propios funcionarios). k) Vigilancia de los predios por medio de personal armado y/o animales opera en exceso de las pólizas que por ley deben tener contratadas las empresas de vigilancia, empleados del asegurado o contratados a través de firma especializada. (Excepto cuando se trata de sus propios funcionarios)
E35: l) Posesión o uso de depósitos, tanques y tuberías ubicados o instalados dentro de los predios asegurados. m) Actos de los directivos, representantes y empleados del asegurado en el desempeño de sus funciones y dentro de las actividades aseguradas. Se excluye la Responsabilidad Profesional. n) Posesión o uso de cafeterías, casinos y restaurantes para uso de sus empleados y/o invitados. ñ) Incendio y/o explosión producidos dentro de los predios asegurados. o) Uso de parqueaderos dentro de los predios del asegurado p) Descargue, dispersión, liberación o escape de humo, vapores, hollín, ácidos, álcalis y en general productos químicos tóxicos, líquidos o gaseosos, y demás materias irritantes o contaminantes, en o sobre la tierra, atmosfera, ríos, lagos o cualquier curso o cuerpo de agua, producida en forma accidental, súbita e imprevista. (Cuando aplique) q) Uso de casinos, restaurantes y cafeterías de su propiedad o que sean ocupados por él o que tenga tomados en arrendamiento o alquiler, no obstante el hecho que éstos estén administrados por personas naturales o jurídicas distintas de la entidad o sus empleados. r) Productos y Trabajos terminados sin son de la misionalidad de la Entidad, se excluye recogida del producto. (Cuando aplique). s) Participación del asegurado en ferias y exposiciones internacionales, excluyendo la responsabilidad en los países de Estados Unidos, Puerto Rico y Canadá.
B36: GASTOS MÉDICOS (sin aplicación de deducibles). Sublímite $200.000.000 evento / $800.000.000 Agregado Anual Se califica en Condiciones Adicionales (Formato No. 3) el aumento del sublímite. | E36: La aseguradora debe contemplar para la propuesta de este amparo, que indemnizarán hasta el límite establecido en la póliza y dentro de los términos y con sujeción a las condiciones de este seguro, los gastos razonables y prioritarios que se causen, por concepto de primeros auxilios inmediatos, servicios médicos, quirúrgicos, de ambulancia de hospital, de enfermeras y medicamentos, como consecuencia de las lesiones corporales producidas a terceros en desarrollo de las actividades de la entidad. Se precisa, que el amparo que se otorga es independiente al de responsabilidad civil extracontractual y por consiguiente, los pagos que por dicho concepto se realicen, en ningún caso pueden ser interpretados como aceptación tácita de responsabilidad y no está sujeto a la aplicación de deducible. Los funcionarios y contratistas para el apoyo a la gestión administrativa y demás personal de apoyo a la Entidad se consideran terceros. De igual forma, en caso de requerirse, este amparo puede aplicar por reembolso.
B37: RESPONSABILIDAD CIVIL PATRONAL. Sublímite de $2.000.000.000 persona / $2.000.000.000 Anual | E37: La aseguradora mediante este amparo se compromete a indemnizar los perjuicios patrimoniales derivados de la responsabilidad civil extracontractual que le sea imputable al asegurado en su calidad de empleador exclusivamente por los accidentes de trabajo que sufran los empleados a su servicio, en el desarrollo de las actividades asignadas a ellos y de acuerdo con las siguientes definiciones y condiciones: a) Se entiende por empleado toda persona que mediante contrato de trabajo o de prestación de servicios (incluidos contratistas para el apoyo a la gestión administritativa o misional) preste al asegurado. b) Quedan excluidas de este seguro: Las enfermedades profesionales, endémicas o epidémicas, contagiosas (en especial el COVID19), por accidentes de trabajo que se hayan sido provocados deliberadamente o por culpa grave del empleado. Se precisa que este amparo opera en exceso de la seguridad social.
B38: CONTRATISTAS Y SUBCONTRATISTAS INDEPENDIENTES AL 100% DEL LÍMITE ASEGURADO | E38: La aseguradora bajo este amparo se obliga a cubrir los perjuicios patrimoniales derivados de la responsabilidad civil extracontractual que le sea imputable al asegurado y/o los gastos médicos por los daños que causare a terceros, a consecuencia de labores amparadas realizadas por contratistas y subcontratistas independientes a su servicio. Se precisa que este amparo opera en exceso de las pólizas del contratista o subcontratista.
B39: RESPONSABILIDAD CIVIL CRUZADA AL 100% DEL LÍMITE ASEGURADO. | E39: Se cubren los perjuicios patrimoniales causados por un contratista a otro, a consecuencia de las labores amparadas previamente contratadas por el asegurado y que se efectúen dentro de los predios del mismo. Se precisa que este amparo opera en exceso de las pólizas del contratista.
B40: RESPONSABILIDAD CIVIL POR LA CAIDA, EL DESCOPE, LA PODA Y EL MANTENIMIENTO DE ÁRBOLES. (siempre y cuando sea responsabilidad del asegurado) | E40: Se cubren los perjuicios patrimoniales causados por la caída, el descope, la poda y el mantenimiento de árboles, siempre y cuando sean responsabilidad de la entidad.
B41: VEHÍCULOS PROPIOS Y NO PROPIOS EN EXCESO DEL SEGURO DE AUTOMÓVILES Y SOAT.Sublímite de 18% evento por vehículo / 30% agregado anual | E41: Mediante esta condición se indemnizarán los daños que cause el asegurado en razón de la responsabilidad civil por lesiones a terceras personas o daños a propiedades de terceros que le sean imputables legalmente como consecuencia de la utilización en el giro normal de sus negocios, de vehículos propios o no propios incluido los de los funcionarios en desarrollo de las actividades del asegurado y en exceso de los limites contratados en el seguro de automóviles. En caso que el vehículo que generó los daños no cuente con póliza de automóviles y/o SOAT, la cobertura de los daños será asumida por la presente póliza hasta el monto del límite fijado. | H41: VERIFICAR SI SE TIENEN ACTIVOS SEGÚN TEXTO EN VERDE. CASO CONTRARIO ELIMINAR EL TEXTO VERDE
B42: DAÑOS Y HURTO DE VEHÍCULOS INCLUIDOS ACCESORIOS EN PARQUEADEROS Y PREDIOS DEL ASEGURADO Sublímite de $150.000.000 Evento / Agregado anual | E42: Queda entendido y convenido que la cobertura de la póliza se extiende a amparar los eventos que ocurran en los parqueaderos de propiedad o sobre los cuales se ejerza tenencia y/o control y/o custodia el asegurado, incluyendo daños y hurto de vehículos, motocicletas, bicicletas, patinetas o accesorios. Los vehículos de los funcionarios y contratistas se consideran terceros.
B43: COBERTURA DE PROPIEDADES ADYACENTES | E43: La aseguradora debe contemplar la extensión de la cobertura de propiedades adyacentes para obras civiles terminadas que tenga el Asegurado a su cargo o por las que sea legal o contractualmente responsable.
B44: AMPARO AUTOMÁTICO PARA NUEVOS PREDIOS Y OPERACIONES Con termino de noventa (90) días. | E44: La aseguradora debe contemplar la extensión de la cobertura automática del seguro, en los mismos términos y limitaciones establecidos en esta póliza, para amparar la responsabilidad extracontractual por nuevas operaciones y/o el uso, posesión y demás actividades desarrolladas en nuevos predios que adquiera el asegurado o sobre los cuales obtenga el dominio o control. Esta condición dará derecho a la compañía al cobro de la prima proporcional, calculada a prorrata, con las tasas adjudicadas y correspondiente al periodo de amparo
B45: GASTOS ADICIONALES PARA CAUCIONES Y COSTAS PROCESALES. | E45: La presente póliza ampara los siguientes gastos razonables: a) El costo de cualquier clase de caución que el Asegurado tenga que prestar. El costo de cualquier clase de caución que el Asegurado tenga que prestar. La aseguradora no se obliga a constituir la caución, sin embargo si se obliga a cubrir el valor de la prima que esta genere. b) Intereses de mora en beneficio del tercero afectado.
B46: GASTOS ADICIONALES PARA HONORARIOS PROFESIONALES DE ABOGADOS, CONSULTORES, AUDITORES, INTERVENTORES, ETC. | E46: No obstante lo que se diga en contrario en las condiciones generales y particulares de la póliza, la Compañía se obliga a indemnizar los honorarios razonables en que necesaria y razonablemente incurra el asegurado, por concepto de abogados, consultores, auditores, interventores, revisores, contadores, etc., para obtener y certificar: a.- los detalles extraídos de los libros de contabilidad y del negocio mismo del asegurado, y b.- cualesquiera otras informaciones, documentos y testimonios que sean pedidos por la compañía al asegurado según lo establecido en las condiciones generales y particulares de la póliza. La compañía reconocerá hasta el 100% de las gastos razonables demostrados por el asegurado.
B47: POLUCIÓN Y CONTAMINACIÓN ACCIDENTAL Sublímite del 50% de valor asegurado | E47: Se cubren los perjuicios derivados de la responsabilidad civil extracontractual en que pudiera incurrir el asegurado por daños a terceros, ocasionados por variaciones perjudiciales de aguas, atmósfera suelos, subsuelos o bien por ruido y habiéndose manifestado durante la vigencia de la póliza siempre y cuando sean a consecuencia directa de un acontecimiento que, desviándose de la marcha normal de la actividad objeto del seguro, ocurra durante la vigencia de la póliza, dentro de los inmuebles asegurados de forma repentina, accidental e imprevista. Se excluye la polución y contaminación paulatina.
B48: RESPONSABILIDAD CIVIL DERIVADA DE MONTAJES, CONSTRUCCIONES Y OBRAS CIVILES PARA EL MANTENIMIENTO Y/O AMPLIACIÓN O ENSANCHE DE PREDIOS. (CUANDO APLIQUE) Sublimite 5% del valor asegurado Evento / Agregado anual | E48: Se cubren los perjuicios derivados de la responsabilidad civil extracontractual derivada de montajes , construcciones y obras civiles para el mantenimiento y/o ampliación o ensanche de predios. Se excluye RCE derivada del mantenimiento, pruebas, errores de diseño y riesgo petroquímico.
B49: RESPONSABILIDAD CIVIL DEL ASEGURADO FRENTE A FAMILIARES DE SUS EMPLEADOS INCLUIDOS LOS CONTRATISTAS PARA EL APOYO A LA GESTIÓN ADMINISTRATIVA O MISIONAL. | E49: Queda expresamente convenido y acordado que para efectos de este seguro se entenderán como terceros los familiares del personal del asegurado (incluidos los de los contratistas para el apoyo a la gestión administrativa o misional), de igual forma para los efectos de este seguro los niños, niñas y adolescentes, se consideran terceros
B50: EXTENSIÓN DE COBERTURA PARA CONTRATISTAS PARA EL APOYO A LA GESTIÓN ADMINISTRATIVA O MISIONAL. | E50: Queda expresamente convenido y acordado que mediante este seguro se amparan los perjuicios patrimoniales o extrapatrimoniales que puedan causar los contratistas para el apoyo a la gestión administrativa o misional de la Entidad, que le sean imputables al asegurado a consecuencia de labores realizadas a su servicio por estos contratistas.
B51: EXTENSIÓN DE COBERTURA PARA APRENDICES, PRACTICANTES y PASANTES | E51: Se consideran terceros todos los Aprendices, Practicantes y estudiantes en Pasantías, que se encuentren en las instalaciones, predios y/o actividades desarrolladas, por la Entidad en desarrollo de las actividades académicas propias de un programa de formación. El amparo de la póliza operará en exceso de la cobertura otorgada por los demás seguros que amparan a los Aprendices, Practicantes y estudiantes en Pasantías, siempre y cuando estén bajo cuidado y supervisión del asegurado.
B52: BIENES BAJO CUIDADO, TENENCIA, CONTROL Y CUSTODIA | E52: Se amparan los daños y/o perjuicios que se causen a terceros, con bienes que sin ser de propiedad del asegurado se encuentren bajo su cuidado, tenencia, control y custodia. Se excluye el hurto en cualquiera de sus formas y el daño de dichos bienes.
B53: 3.6. | C53: CLÁUSULAS BÁSICAS
B54: REVOCACIÓN DE LA PÓLIZA, CLÁUSULAS O CONDICIONES Con termino de noventa (90) días. | E54: La aseguradora podrá revocar la póliza, cláusulas o condiciones unilateralmente por la compañía, mediante noticia escrita enviada al asegurado, a su última dirección registrada, con no menos de noventa (90) días de antelación; contados a partir de la fecha del envío. El asegurado podrá pedir la revocación en cualquier momento, según lo previsto en el Código de Comercio. Así mismo, en el caso de que la aseguradora decida no otorgar renovación o prórroga del contrato de seguro, deberá dar aviso de ello al asegurado con no menos de noventa (90) días de antelación a la fecha de vencimiento de la póliza, en caso contrario se dará por entendido que la aseguradora acepta la renovación o prorroga hasta el límite legal establecido en la Ley 80 de 1993, para la adición de los contratos y manteniendo las mismas condiciones ofertadas en este proceso.
B55: ERRORES, OMISIONES O INEXACTITUDES | E55: El tomador está obligado a declarar sinceramente los hechos y circunstancias que determinen el estado del riesgo. La inexactitud sobre hechos o circunstancias que, conocidas por la compañía, la hubieren retraído de celebrar el contrato o inducido a estipular condiciones más onerosas, produce la nulidad relativa del seguro. Sin embargo, si se incurriere en errores, omisiones e inexactitudes inculpables al tomador o al asegurado, el contrato no será nulo ni habrá lugar a la aplicación del inciso tercero del artículo 1058 del Código de Comercio sobre reducción porcentual de la prestación asegurada. En este caso se deberá pagar la prima adecuada al verdadero estado del riesgo.
B56: AMPLIACIÓN AVISO DEL SINIESTRO Con termino de noventa (90) días. | E56: Queda convenido y aceptado que el asegurado podrá dar aviso de la ocurrencia del siniestro en un término de noventa (90), siguientes a la fecha en que haya conocido o debido conocer la ocurrencia del mismo.
B57: DESIGNACIÓN O DENOMINACIÓN DE BIENES | E57: La aseguradora acepta el título, nombre, denominación o nomenclatura con que el asegurado identifica o describe los bienes asegurados en sus registros o libros de comercio o contabilidad. El alcance de éstas designación de bienes se amplía al objeto establecido en el Manual de Procedimientos Administrativos y Contables para el manejo y control de los bienes de la Entidad.
B58: CONOCIMIENTO DEL RIESGO | E58: La aseguradora acepta mediante la presente cláusula que la Entidad, le ha brindado la oportunidad para realizar la inspección de los bienes y riesgos a que están sujetos los mismos y el patrimonio del Asegurado, razón por la cual se deja constancia del conocimiento y aceptación de los hechos, circunstancias y, en general, condiciones de los mismos. La compañía se reserva el derecho de llevar a cabo la inspección cuantas veces lo juzgue pertinente.
B59: PAGO DE LA INDEMNIZACIÓN | E59: Queda expresamente acordado que la aseguradora acepta efectuar el pago de la indemnización, en dinero o mediante el giro al tercero afectado o podrá optar por girar a los contratistas y/o proveedores de servicios o suministro de éstos u otros similares con los cuales el tercero afectado, decida remplazar, reconstruir, reparar y/o reponer el bien o bienes objeto de indemnización por el perjuicio causado; y para este último caso la compañía efectuará el pago hasta el monto de su responsabilidad, precisando que en todo caso y por tratarse de una póliza de Responsabilidad Civil, la indemnización será reconocida a quien acredite la calidad de víctima.
B60: ANTICIPO DE INDEMNIZACIÓN DEL 70% Se califica en Condiciones Adicionales (Formato No. 3) el aumento del porcentaje ofrecido. | E60: Queda expresamente acordado que, a petición escrita de la Entidad, la aseguradora anticipará pagos parciales sobre el valor de cualquier reclamo, con base en el valor de la estimación preliminar de los perjuicios causados o la pérdida aceptada por el ajustador, para adelantar la reparación, reposición o remplazo de los perjuicios o las perdidas causadas. En el caso de que no haya nombramiento de ajustador, el anticipo se liquidará con base en la valoración de la cuantía de la pérdida amparada, acreditada por la entidad mediante cotización de la misma. Este anticipo también se extiende a cualquier tipo de gastos que se requiera para la operatividad de la póliza. En caso que el anticipo o suma de anticipos que la compañía adelante al asegurado llegare a exceder la suma total indemnizable a que tenga derecho, éste se compromete a devolver el exceso pagado. Para esta cláusula la aseguradora debe contemplar un plazo máximo para el pago del anticipo de diez (10) días hábiles contados a partir de la fecha de solicitud y formalización del mismo este y no se acepta el requerimiento de ningún requisito adicional para realizar el anticipo.
B61: MODIFICACIONES A FAVOR DEL ASEGURADO | E61: Los cambios o modificaciones a las condiciones de la presente póliza, serán acordados mutuamente entre la compañía y el asegurado. El certificado, documento o comunicaciones que se expidan para formalizarlos debe ser firmado, en señal de aceptación, por un representante legal del asegurado o funcionario autorizado, prevaleciendo sobre las condiciones de esta póliza. No obstante, si durante la vigencia de la póliza se presentan modificaciones en las condiciones del seguro, legalmente aprobadas que representen un beneficio a favor del asegurado, tales modificaciones se consideran automáticamente incorporadas. Siempre y cuando no causen cobro de prima adicional.
B62: NOMBRAMIENTO Y DESIGNACIÓN DE AJUSTADORES | E62: El nombramiento de ajustadores deberá efectuarse de común acuerdo entre la aseguradora y el asegurado, para lo cual la aseguradora presentará para cada reclamo una relación de cinco (5) firmas ajustadoras. No obstante la anterior condición, el asegurador con su propuesta se obliga a presentar la lista de todos sus ajustadores y la Entidad se reserva el derecho de nombrar al ajustador que considere más adecuado o solicitar el cambio de los mismos en caso de que no fueren de su entera satisfacción, sin que para ello se requiera motivación alguna.
B63: VARIACIONES O MODIFICACIONES DEL RIESGO | E63: Queda entendido, convenido y aceptado que las notificaciones que sobre los hechos o circunstancias no previsibles que sobrevengan con posterioridad a la celebración del contrato de seguro y que, conforme al criterio consignado en el inciso 1° del artículo 1058 del código de comercio, signifiquen agravación del riesgo, se efectuarán por la Entidad dentro de los noventa (90) días siguientes a la fecha de modificación del riesgo.
B64: PROPIETARIOS, ARRENDATARIOS O POSEEDORES | E64: La cobertura de la presente póliza se extiende a cubrir todos los gastos que el asegurado por su responsabilidad le llegaren a imputar y que este esté legalmente obligado a pagar por cualquier ocurrencia de pérdida o perjuicio que surja en su calidad de arrendatario, arrendador o poseedor de cualquier inmueble, aun cuando éstos no se encuentren específicamente descritos en la póliza. Queda cubierta igualmente la responsabilidad civil extracontractual del asegurado en caso de reparaciones, modificaciones o construcciones de los mismos inmuebles; se cubre también la responsabilidad civil de la persona o personas encargadas por contrato de mantenimiento del inmueble y únicamente cuando se encuentren en ejercicio de las funciones que dicho contrato estipule.
B65: RESTABLECIMIENTO AUTOMÁTICO DEL LÍMITE ASEGURADO POR PAGO DE SINIESTRO, HASTA DOS PUNTO UNA (2.1) VECES EL LÍMITE CONTRATADO CON COBRO DE PRIMA A PRORRATA Se califica en Condiciones Adicionales (Formato No. 3) el número adicional del restablecimiento a ofrecer. | E65: Mediante la presente cláusula la aseguradora acepta expresamente, que en el caso de presentarse una pérdida amparada por la presente póliza, la cuantía de tal pérdida se considerará inmediatamente restablecida desde el momento de ocurrencia del siniestro. El restablecimiento ofrecido por esta condición dará derecho a la aseguradora al cobro de la prima, a prorrata, correspondiente al monto restablecido, desde la fecha de la pérdida hasta el vencimiento de la póliza, expedición de cuyo certificado de seguro realizará una vez efectuado el pago de la indemnización.
... B70: SELECCIÓN DE PROFESIONALES PARA LA DEFENSA | E70: La aseguradora debe contemplar que la selección de los profesionales encargados de la defensa corresponderá a la Entidad asegurada, o los funcionarios que ésta designe, quienes para su aprobación presentarán a la compañía la propuesta correspondiente, teniendo en cuenta que en todos los casos los profesionales del derecho deberán acreditar la debida idoneidad para asumir los procesos en los cuales se les postule para actuar como defensores. Toda propuesta en que los profesionales no acrediten la idoneidad será rechazada. La aseguradora, previo común acuerdo con la Entidad asegurada, podrá asumir la defensa de cualquier litigio o procedimiento legal a nombre del asegurado, a través de abogados elegidos por éste, para lo cual se deberá cumplir con el siguiente procedimiento:
E71: A. ETAPA PREJUDICIAL:
E72: El procedimiento prejudicial para el trámite de las reclamaciones presentado por la Entidad asegurada, ante la compañía Aseguradora, con el fin de evitar dilaciones en el proceso y suspensiones injustificadas de audiencias de conciliación, se desarrollara de la siguiente manera:
E73: a) Una vez ocurrido el siniestro, dentro de los 10 días calendarios siguientes al momento en que tuvo conocimiento de su ocurrencia, la Entidad asegurada, enviara el documento de convocatoria a la Aseguradora, haciéndolo llegar al correo electrónico del funcionario delegado para tal fin, quien para todos los efectos será el designado como el punto de contacto único y permanente entre la Entidad asegurada, y la compañía.
E74: Adicional al documento de convocatoria, la comunicación antes referida debe contener un pronunciamiento claro y debidamente fundamentado, por parte de la Entidad asegurada, frente a los hechos ocurridos. Este requisito será cumplido mediante el concepto previo de la oficina jurídica de la la Entidad asegurada, puesto que en este ya se ha evaluado a priori la responsabilidad, sin que sea viable la exigencia por parte de la aseguradora de alguna decisión del comité de la la Entidad asegurada.
E75: La Entidad asegurada, contara con ocho (8) días calendario para realizar la comunicación acá señalada, contados desde la fecha en que la Entidad haya tenido conocimiento de los hechos.
E76: b) Una vez recibida la información, la compañía Aseguradora estudiara el caso en el Comité de Defensa o de siniestros, según corresponda, a más tardar dentro de los siete (7) días calendario siguientes al recibo del documento de convocatoria, y, de ser pertinente, se aprobara el valor de una propuesta inicial, que debe constar por escrito y de la cual se dará traslado a la Entidad asegurada, en un término máximo de tres (3) días calendario contados desde la fecha que el Comité sesiono.
E77: La decisión tomada por el Comité debe estar debidamente motivada, especificando la justificación de la cifra propuesta y teniendo como base los parámetros establecidos por la jurisprudencia aplicable al caso, así como el proceso de análisis y valoración que llevo a la misma.
E78: c) En caso que la Entidad asegurada esté en desacuerdo con la decisión inicial del Comité de Defensa de la Aseguradora, podrá, dentro de los cinco (5) días calendario siguientes a la comunicación de la misma, manifestar tal inconformidad, mediante el mismo punto de contacto único, y solicitar la reconsideración del caso, argumentando de manera seria las razones por las cuales considera que no hubo una valoración adecuada.
E79: d) La solicitud de reconsideración será resuelta por parte de la compañía Aseguradora dentro de los siete (7) días calendarios siguientes a la fecha de su radicación. La decisión debe contener una propuesta final, la cual debe constar por escrito y estar debidamente motivada, ya sea argumentando de manera razonada la no modificación de la cifra o explicando la motivación y el proceso de análisis y valoración que llevo a la fijación de un nuevo valor.
E80: NOTA: Será la Entidad asegurada, la encargada de convocar a la Compañía Aseguradora a la audiencia de conciliación prejudicial, por lo que no será necesario, en ningún caso, que la Procuraduría u otro órgano respectivo adelante este trámite.
E81: B. ETAPA JUDICIAL:
E82: a) Se adelantará las etapas del proceso judicial con celeridad y evitando cualquier tipo de dilaciones.
... E84: c) La Aseguradora entiende y se compromete a interactuar con la Entidad asegurada, dentro del proceso judicial, como su garante, realizando una labor de apoyo encaminada a obtener una sentencia favorable.
B85: COMPROMISO PARA EL PAGO DE LAS INDEMNIZACIONES Plazo de cinco (5) días hábiles. Se califica en Condiciones Adicionales (Formato No. 3) la reducción del término para el pago de las indemnizaciones. | E85: Mediante esta condición la aseguradora se compromete al pago de la indemnización dentro del plazo establecido, una vez el asegurado demuestre ocurrencia y cuantía.
B86: NO CONCURRENCIA DE AMPAROS, CLÁUSULAS O CONDICIONES | E86: Queda entendido, convenido y aceptado, que si dos o más amparos, cláusulas o condiciones otorgan cobertura a un mismo evento, se indemnizará con base en aquella que ofrezca mayor protección para los intereses del asegurado. De igual manera prevalecerán los amparos, cláusulas o condiciones que otorguen coberturas sobre aquellos que las excluyan. En todo caso y ante cualquier discrepancia sobre cuál es el amparo, cláusula o condición aplicable a un caso determinado, se aplicara aquella o aquellas que en conjunto determine el asegurado de acuerdo a su conveniencia.
B87: CLÁUSULA DE JURISDICCION Y SOLUCION DE CONTROVERSIAS | E87: Toda y cualquier diferencia que surja entre las partes por la interpretación del presente contrato, su ejecución, cumplimiento, terminación o las consecuencias futuras del mismo, será dirimida bajo la jurisdicción y legislación de la República de Colombia. Las diferencias y controversias que surjan se solucionarán con sujeción a las siguientes instancias que se agotarán de forma sucesiva o a elección de las partes, así:
E88: a). Arreglo Directo: Las partes tratarán de resolver sus diferencias de forma directa y entre ellas mismas dentro del plazo de quince (15) días contados a partir de la notificación escrita en que cualquiera de ellas informe a la otra de un conflicto o controversia originado en el contrato. b). Conciliación: Agotado el plazo anterior sin que las partes lograsen un acuerdo por si mismas, acudirán a la asistencia de un conciliador legalmente autorizado que se designará y actuará según los parámetros establecidos por la Ley 446 de 1998 y el decreto 1818 del mismo año, la etapa de conciliación durará un mes (1) desde el momento en que las partes o cualquiera de ellas radique la solicitud de conciliación respectiva, en caso de lograrse la conciliación la misma producirá efectos de cosa juzgada entre las partes, en caso contrario agotará el requisito de procedibilidad para acudir a la jurisdicción ordinaria o arbitral según corresponda, de acuerdo con los literales c) y d) de la presente cláusula.
E89: c). Jurisdicción Ordinaria: Agotadas las instancias anteriores, si la cuantía de las pretensiones derivadas de la diferencia que surja entre las partes por la interpretación del presente contrato, su ejecución, cumplimiento, terminación o las consecuencias futuras del mismo, no excediere de 220 SMMLV las partes sujetarán su controversia a la decisión del juez de instancia que corresponda según la cuantía y competencia en arreglo a lo previsto por el código de procedimiento Civil. d). Jurisdicción Arbitral: Agotadas las instancias anteriores, si la cuantía de las pretensiones derivadas de la diferencia que surja entre las partes por la interpretación del presente contrato, su ejecución, cumplimiento, terminación o las consecuencias futuras del mismo, se llevará el conflicto a la decisión de un Tribunal de Arbitramento Institucional cuyo domicilio será la ciudad de Bogotá D.C., el Tribunal estará integrado por un (1) árbitro que será designado conjuntamente por las partes dentro de los quince (15) días hábiles siguientes al envío de la comunicación por correo certificado que una de ellas le haga llegar a la otra solicitando la conformación del Tribunal; en caso de desacuerdo o falta de respuesta de la parte requerida, la otra parte podrá solicitar la designación y conformación del Tribunal al centro de Arbitraje y Conciliación de la Cámara de Comercio de la ciudad de Bogotá D.C.. El Tribunal así conformado funcionará en la ciudad de Bogotá D.C. y el laudo deberá proferirse en derecho, sujetándose en un todo al Decreto 2279 de 1.989, la ley 23 de 1.991, a la Ley 446 de 1.998, sus decretos reglamentarios y demás normas que regulan esta figura judicial. Esta última sujeta a lo dispuesto en Directiva Presidencial 04 del 18 de mayo de 2018.
B90: LIQUIDACIÓN A PRORRATA EN CASO DE CANCELACIÓN DE LA PÓLIZA POR PARTE DEL ASEGURADO | E90: Bajo esta cláusula la aseguradora debe aceptar que en caso de cancelación de la póliza por parte del asegurado, la devolución de las primas respectivas se realizará a prorrata.
B91: CONDICIONES DE RENOVACIÓN Y/O PRORROGA DE LA PÓLIZA | E91: En caso de que el asegurado decida renovar y/o prorrogar la póliza, la aseguradora se obliga a mantener los términos contratados con las mismas tasas y condiciones de la póliza inicial, siempre y cuando la siniestralidad de la póliza no sea mayor al 70%, en el caso que la siniestralidad supere el 70% la aseguradora acordará con el asegurado las condiciones en que se otorgará las condiciones de renovación. La aseguradora se obliga a entregar en cualquiera de las situaciones de resultado de siniestralidad, las condiciones con una antelación de noventa (90) días antes del vencimiento de la póliza.
B92: CLÁUSULA DE CONDICIONES PARTICULARES | E92: Queda expresamente acordado y convenido, que la aseguradora acepta las condiciones obligatorias (mínimas técnicas) establecidas en este anexo, en los términos señalados en el mismo, por lo tanto, en caso de existir discrepancia ente los ofrecimientos contenidos en la propuesta técnica básica, frente a los textos de los ejemplares de las pólizas, a las condiciones generales, certificados, anexos o cualquier otro documento; prevalecerá la información y condiciones básicas técnicas establecidas de este anexo, de igual forma en caso de encontrarse contradicción en alguna condición prevalecerá la de mayor beneficio para el asegurado.
B93: DETERMINACIÓN DE CONDICIONES Y REQUISITOS PARA EL PAGO DE INDEMNIZACIONES | E93: La aseguradora manifiesta expresamente que acepta los requisitos y documentos contenidos en el ANEXO No. 11 REQUISITOS PARA EL PAGO DE LAS INDEMNIZACIONES, como únicos para la atención y pago de reclamaciones por siniestros. A futuro no podrá exigir documentos o trámites adicionales.
B94: 3.7. | C94: EXCLUSIÓN DE ENFERMEDADES TRANSMISIBLES O CONTAGIOSAS
B95: Este seguro no cubre cualquier reclamo de ninguna manera causado por o como resultado de: a) Enfermedad por coronavirus (COVID-19) b) Coronavirus 2 del síndrome respiratorio agudo severo (SARS-CoV-2) c) Cualquier mutación o variación de SARS-CoV-2; d) Cualquier otra enfermedad transmisible, epidemia o pandemia e) Cualquier temor o amenaza de a), b), c) ó d) anteriores f) La interrupción de negocios y/o pérdidas financieras sufridas por la Entidad al no poder desarrollar la actividad para la cual fue creada como consecuencia de a), b), c), d) y e) anteriores.
B96: “OFAC: El Asegurador no será responsable de proporcionar cobertura o hacer algún pago si el realizarlo pudiera ser considerado como una violación de alguna de las leyes o regulaciones de Sanciones Económicas, que expondría al Asegurador, su casa matriz o su entidad controladora a una sanción estipulada bajo estas leyes o regulaciones
B97: 3.8. | C97: COBERTURAS, AMPAROS Y BIENES SIN APLICACIÓN DE DEDUCIBLES EN FORMA OBLIGATORIA
B98: La Entidad, requiere oferta de cobertura SIN APLICACIÓN DE DEDUCIBLE, para los bienes y/o amparos y/o eventos, señalados a continuación y por lo tanto el proponente con la firma del FORMATO No. 2 - CARTA DE ACEPTACIÓN DE LAS CONDICIONES OBLIGATORIAS (MÍNIMAS TÉCNICAS), admite estas condiciones.
B99: • Gastos Médicos sin aplicación de deducibe.
B100: Teniendo en cuenta que esta póliza no contempla deducibles por tanto este factor no será objeto de evaluación, razón por la cual el puntaje de esta aspecto será sumado al puntaje establecido para la evaluación del factor económico de MAYOR VIGENCIA, es decir que este factor tendrá un puntaje total de cincuenta y nueve punto setenta y cinco (59.75) puntos.
B101: 3.9. | C101: DEDUCIBLES MÁXIMOS ACEPTABLES
B102: 1. PARQUEADEROS: Sin deducible | H102: APLICA SI TIENE DEDUCIBLES
B103: 2- Demas eventos y/o amparos: Sin deducible
B104: NOTA: El ofrecimiento de deducibles superiores a los enunciados, constituyen causal de rechazo de la oferta.
B105: 3.10. | C105: COMISIÓN MÍNIMA ACEPTABLE.
B106: En virtud de lo expuesto en el artículo 1341 del Código de Comercio el Corredor tendrá derecho a la comisión de intermediación, la cual será pagada por la Compañía de Seguros. La comisión mínima no deberá ser inferior al 15,0% el valor de la prima neta antes de IVA que es la actualmente contratada y no involucra en ningún aspecto a la Entidad. Se aclara que este comisión no es limitante para la aceptación de las condiciones técnicas básicas obligatorias del presente anexo, ya que no no constituye un aspecto técnico de la póliza a contratar. | H106: SE DEBE RELACIONAR LA COMISIÓN ACTUAL, SI ESTA ES MENOR A LA DEL MERCADO. FAVOR CONSULTAR CON LAS SUBGERENCIAS O GERENCIA.
B107: By: Tiger | G107: =+'1. COND. BÁSICAS TRDM'!G193 -> VERSIÓN:FEB 2025

Sheet 4. COND. BÁSICAS AUTOMÓVILES
B4: INSTITUTO DEPARTAMENTAL DE CULTURA Y TURISMO DE CUNDINAMARCA - IDECUT
B5: ANEXO No. 1 - CONDICIONES OBLIGATORIAS (MÍNIMAS TÉCNICAS)
B8: 4. PÓLIZA DE AUTOMÓVILES
B9: 4.1. | C9: INFORMACIÓN GENERAL
B10: TOMADOR: | C10: =+B4 -> INSTITUTO DEPARTAMENTAL DE CULTURA Y TURISMO DE CUNDINAMARCA - IDECUT | F10: NIT. | G10: 900.294.905-6
B11: ASEGURADO: | C11: =+C10 -> INSTITUTO DEPARTAMENTAL DE CULTURA Y TURISMO DE CUNDINAMARCA - IDECUT | F11: NIT. | G11: 900.294.905-6
B12: BENEFICIARIO: | C12: NOMBRE DE LA ENTIDAD / RCE LOS TERCEROS AFECTADOS | F12: NIT. | G12: 900.294.905-6
B13: 4.2 | C13: OBJETO DEL SEGURO
B14: Amparar a la Entidad por los perjuicios que cause patrimonial (daños materiales incluyendo daño emergente y lucro cesante) y extrapatrimonialmente (incluidos el daño moral, daño fisiológico y daño a la vida en relación), al igual que los daños a bienes o lesiones o muerte a terceros. De igual forma se amparan los daños y/o pérdidas que afecten a los vehículos de su propiedad, bajo tenencia, control o por los que sea legalmente responsable o incluidos aquellos recibidos por parte de otras entidades para el desarrollo misional de la Entidad.
B15: 4.3. | C15: PARQUE AUTOMOTOR ASEGURADO
B16: Corresponde al parque automotor relacionado en el ANEXO No.Estudio de mercado hoja Relacion automoviles, incluyendo sus accesorios, blindajes y todos los equipos especiales de los vehículos. La aseguradora acepta que los accesorios se indemnizan a valor de reposición.
B17: NOTA: | C17: CADA SUBLÍMITE O GASTOS INDICADOS ESTAN CONTEMPLADOS DENTRO DEL LÍMITE ASEGURADO.
B18: 4.4. | C18: BASE PARA LA DETERMINACIÓN Y APLICACIÓN DEL CONCEPTO SUBLÍMITE / VIGENCIA / AGREGADO ANUAL
B19: Para la totalidad de Coberturas y/o condiciones básicas sublímitadas, queda expresamente aceptado por parte de los proponentes que, en concordancia con la vigencia de la póliza que se adjudique, cada Sublímite operará así: | H19: DEFINIR SEGÚN VIGENCIA A CONTRATAR LA APLICACIÓN DE ESTA CONDICIÓN
B20: - Si la vigencia es inferior a doce (12) meses: (Sublímite indicado) Evento /Agregado vigencia.
B21: - Si la vigencia es mayor a doce (12) meses: Sublímite indicado Evento /Agregado Anual.
B22: En caso de discrepancia en alguna cobertura o cláusula básicas con relación al concepto de aplicación del sublímite / vigencia / agregado anual, frente a la vigencia ofertada, prevalece el establecido en este numeral con relación al plazo de la condición ofertada.
B23: 4.5. | C23: AMPAROS BÁSICOS
B24: RESPONSABILIDAD CIVIL EXTRACONTRACTUAL Se califica en Condiciones Adicionales (Formato No. 3) el aumento del límite ofrecido. | E24: Se amparan los perjuicios patrimoniales y extrapatrimoniales, causados a terceros derivados de la responsabilidad civil extracontractual que de acuerdo con la ley incurra el asegurado al conducir el vehículo o cualquier otra persona que conduzca dicho vehículo con su autorización, proveniente de un accidente o serie de accidentes de tránsito emanados de un solo acontecimiento ocasionado por un vehículo asegurado, incluida la culpa grave del asegurado. Bajo este amparo se indemnizan los perjuicios patrimoniales, entiéndase daño emergente (es el coste de la reparación necesaria del daño causado y a los gastos en los que se ha incurrido con ocasión del perjuicio), el lucro cesante (es un tipo de daño patrimonial de perjuicio económico y se configura como la ganancia dejada de obtener o la pérdida de ingresos, como consecuencia directa e inmediata de un hecho lesivo), el daño a la vida de relación (se define como la imposibilidad de la persona afectada de poder realizar las mismas actividades que hacía antes de un siniestro por sí misma y en consecuencia el estilo de vida de la persona cambia afectando su relación con el entorno y las demás personas que la rodean). En concordancia con el artículo 97 del Código Penal, se estipula que el daño derivado de la conducta punible el juez podrá señalar como indemnización, una suma equivalente, en moneda nacional, hasta mil (1000) salarios mínimos legales mensuales.
E25: Límites de Responsabilidad Civil Extracontractual | F25: LÍMITE OBLIGATORIO POR EVENTO Se califica en Condiciones Adicionale el aumento de los siguientes límites
E26: Daños a Bienes de Terceros | F26: 1423500000
E27: Muerte o Lesiones a una persona | F27: 1423500000
E28: Muerte o Lesiones a dos o más Personas | F28: 2847000000
E29: Ó límite único combinado de: | F29: =+F28+F27 -> 4270500000
E30: Nota: Se precisa que la aseguradora debe indicar claramente el esquema ofertado, si es con rangos o bajo un límite unico combinado, en caso de no especificarlo se entenderá que es por rangos.
B31: PÉRDIDA TOTAL POR DAÑOS (Incluidos actos terroristas y riesgos asegurados por pólizas contratadas por el Gobierno Nacional o Entidades de cualquier orden). | E31: Se amparan los daños materiales sufridos por el vehículo asegurado como consecuencia de un accidente o de actos malintencionados de terceros en el que el costo de los repuestos, la mano de obra necesaria para las reparaciones y su impuesto a las ventas, tengan un valor igual o superior al 75% del valor comercial del vehículo al momento del accidente.
B32: PÉRDIDA PARCIAL POR DAÑOS (Incluidos actos terroristas y riesgos asegurados por pólizas contratadas por el Gobierno Nacional o Entidades de cualquier orden). | E32: Se amparan los daños materiales sufridos por el vehículo asegurado como consecuencia de un accidente o de actos malintencionados de terceros en el que el costo de los repuestos, la mano de obra necesaria para las reparaciones y su impuesto a las ventas, tengan un valor inferior al 75% del valor comercial del vehículo al momento de la ocurrencia del hecho. Se cubren, además, bajo este amparo, los daños a los equipos de audio, de calefacción u otros accesorios o equipos no necesarios para el funcionamiento normal del vehículo.
B33: PÉRDIDA TOTAL POR HURTO (Incluidos actos terroristas y riesgos asegurados por pólizas contratadas por el Gobierno Nacional o Entidades de cualquier orden). | E33: Se ampara la pérdida total y permanente del vehículo asegurado por causa de cualquier modalidad de hurto en los términos del código penal colombiano.
B34: PÉRDIDA PARCIAL POR HURTO (Incluidos actos terroristas y riesgos asegurados por pólizas contratadas por el Gobierno Nacional o Entidades de cualquier orden). | E34: Se ampara la pérdida parcial de las partes del vehículo asegurado por causa de cualquier modalidad de hurto en los términos del código penal colombiano.
B35: ACTOS MAL INTENCIONADOS DE TERCEROS ASONADA, MOTÍN, CONMOCIÓN CIVIL O POPULAR Y HUELGA (INCLUIDO TERRORISMO Y SABOTAJE) | E35: Se amparan las pérdidas o daños producidos al vehículo asegurado como consecuencia de AMIT (Actos Mal Intencionados de Terceros), terrorismo, huelgas, amotinamientos, conmociones civiles, actos de grupos subversivos o al margen de la ley, incluidos actos terroristas y riesgos asegurados por pólizas contratadas por el Gobierno Nacional o Entidades de cualquier orden, así como las pérdidas ocurridas a consecuencia de estos eventos o las ocurridas después de un accidente
B36: TERREMOTO, TEMBLOR Y/O ERUPCIÓN VOLCÁNICA Y DEMÁS EVENTOS DE LA NATURALEZA | E36: Se amparan los daños y pérdidas sufridas por el vehículo asegurado causados por temblor, terremoto erupción volcánica, maremotos, caída de piedras, inundación, vientos fuertes, lluvias, huracán, granizo, nevadas, tornado y ciclón, y cualquier otro evento de la naturaleza.
B37: 4.6. | C37: AMPAROS ADICIONALES
B38: NO APLICACIÓN DE DEDUCIBLES | E38: La aseguradora acepta que esta ópera póliza sin aplicación de deducible alguno.
B39: AMPARO DE PROTECCIÓN PATRIMONIAL | E39: Este amparo cubre los daños sufridos por el vehículo asegurado y los perjuicios que se causen con motivo de determinada Responsabilidad Civil Extracontractual en que incurra de acuerdo con la Ley, proveniente de un accidente de tránsito ocasionados por el vehículo asegurado cunado el asegurado o el conductor autorizado desatienda las señales reglamentarias de tránsito, no acate la seña roja de los semáforos, conduzca a una velocidad que exceda la permitida, o cuando el conductor se encuentre bajo el efecto de bebidas embriagantes, drogas tóxicas, heroicas o alucinógenas.
B40: ASISTENCIA EN VIAJE Para automóviles, vehículos, camionetas incluyendo motos y vehiculos pesados sin limitante alguno a los trayectos permitidos por evento. | E40: Queda expresamente convenido y aceptado, que bajo esta cobertura la aseguradora se compromete a prestar la asistencia en viajes para los vehículos asegurados y para tal efecto, se obliga a suministrar con la póliza el procedimiento bajo el cual se atenderá el servicio, el cual debe cumplir el requisito de atención inmediata veinticuatro (24) horas diarias continuas en vigencia de la póliza. Así mismo queda acordado que la aseguradora reconocerá la totalidad de los costos que se generen por este servicio y que en los casos en que no se llegue a prestar el servicio en forma inmediata, la asistencia será contratada por la Entidad y a su vez la compañía aseguradora responderá por los costos de ésta. El servicio de Asistencia en Viaje debe aplicar para amparar el transporte de todos los ocupantes del vehículo al destino que se tenía programado, además este servicio de asistencia debe operar sin restricción del número de servicios o limitación de kilometraje en todo el territorio y sin limitante alguna a zonas con problemas de orden público.
B41: GASTOS DE GRÚA, TRANSPORTE Y PROTECCIÓN AL VEHÍCULO (Aplica para todos los vehículos asegurados) | E41: La aseguradora acepta que bajo este seguro se amparan y paga directamente los gastos de grúa, transporte y protección de los vehículos, que se causen como consecuencia de siniestros que afecten las coberturas de pérdidas parciales y/o totales, incluidos los gastos de bodegajes y parqueaderos que se generen por accidentes sin que para la indemnización se aplique deducible u otro tipo de descuento. Bajo esta condición, la aseguradora acepta el pago de grúas, transporte y/o protección de los vehículos incluido los gastos de bodegajes y parqueaderos que se generen a consecuencia de reclamos presentados a la compañía, hasta tanto se defina la aplicación del siniestro bajo la póliza. Esta condición debe aplicar sin restricción del número de servicios grúas o limitación de kilometraje. Para los siniestros que se presenten fuera de Cundinamarca, los vehículos se trasladarán a la ciudad principal más cercana al lugar donde ocurran los hechos.
B42: GASTOS DE TRANSPORTE POR PÉRDIDAS TOTALES (Daños y/o Hurto) (esta condición no aplica para motos y vehículos pesados.) Limite de $47.000 diarios y hasta (82) días Se califica en Condiciones Adicionales (Formato No. 3) el aumento del límite ofrecido. | E42: En caso de pérdida total por daños o por hurto, el asegurado recibirá de en adición a la indemnización a que hubiere lugar por dicho concepto, una suma diaria para compensar los gastos de transporte en que deba incurrir el asegurado mientras esté privado del uso del vehículo asegurado, la suma diaria por gastos de transporte será liquidada a partir del día siguiente al cual el asegurado haya demostrado la ocurrencia y cuantía de la pérdida y terminará cuando se haga efectivo el reconocimiento de la indemnización.
B43: GASTOS DE BODEGAJE Sublímite $10.000.000 EVENTO/AGREGADO ANUAL Se califica en Condiciones Adicionales (Formato No. 3) el aumento del límite ofrecido. | E43: La aseguradora acepta expresamente que como causa de un siniestro se requiera el pago de bodegaje, este será por cuenta de la Compañía, sin cargo alguno a la Entidad asegurada y no aplica condición de pago por reembolso.
B44: EXTENSIÓN DE ASISTENCIA EN VIAJES (SERVICIO DE GRÚA) (Aplica para todos los vehículos asegurados) | E44: La aseguradora acepta que bajo esta cobertura se extiende la Asistencia en Viajes para atender todo el parque automotor, para lo cual la compañía se compromete a prestar este servicio y la aseguradora se obliga a suministrar con la póliza el procedimiento bajo el cual se atenderá éste, el cual debe cumplir el requisito de atención inmediata veinticuatro (24) horas diarias continuas, durante la vigencia del seguro. Así mismo queda acordado que la aseguradora reconocerá la totalidad de los costos que se generen por este servicio y que en los caso en que no se llegue a prestar el servicio en forma inmediata, la asistencia será contratada por la Entidad y a su vez la compañía aseguradora responderá por los costos de ésta. El servicio de Asistencia en Viaje debe aplicar sin restricción del número de servicios o limitación de kilometraje y sin limitante alguna a zonas con problemas de orden público. Para los siniestros que se presenten fuera de Cundinamarca, los vehículos se trasladarán a la ciudad principal más cercana al lugar donde ocurran los hechos.
B45: NO SUBROGACIÓN CONTRA CONDUCTORES Y/O COMODATARIOS | E45: Queda entendido, convenido y aceptado que en caso de un siniestro, que afecta la presente póliza, la Compañía de Seguros renuncia al derecho de subrogación sobre el conductor del vehículo, sus parientes en línea directa o colateral dentro del segundo grado civil de consanguinidad, su padre adoptante, su hijo adoptivo, su cónyuge no divorciado o sobre cualquier funcionario de la Entidad, o empleados temporales o personas que realicen asesorías o trabajos para la Entidad por contrato de prestación de servicios.
B46: ASISTENCIA JURÍDICA EN PROCESOS PENALES | E46: Queda expresamente acordado y convenido que bajo esta cobertura la aseguradora se obliga a prestar la asistencia penal que requiera la entidad asegurada, como consecuencia de cualquier evento amparado que estén involucrados los vehículos asegurados, a través de las firmas y/o profesionales de la compañía y/o contratados por la misma. De conformidad con lo anterior, la aseguradora se obliga a suministrar con la póliza el listado de las firmas y/o profesionales que prestarán la asistencia jurídica en Proceso Penal, el cual debe cumplir el requisito de atención veinticuatro (24) horas diarias continuas, durante la vigencia del seguro, e indicar el procedimiento a seguir para la atención a la Entidad. Se precisa que la actualización del listado será obligación de la aseguradora. De igual forma queda convenido que el costo de esta asistencia será reconocida por la aseguradora y por lo tanto en caso de que la , deba contratar la asistencia, por razón a la no prestación inmediata de la asistencia jurídica, la aseguradora se obliga a pagar los costos generados, hasta el límite asegurado ofrecido para este amparo.
E47: TABLA DE HONORARIOS PROCESO PENAL LEY 906 DE AGOSTO 31 DE 2004
E48: ETAPAS | F48: DELITOS
F49: LESIONES | G49: HOMICIDIO
E50: REACCION IMEDIATA Y/O ACTUACION PREVIA O PREPROCESAL | F50: 40 SMDLV | G50: 50 SMDLV
E51: AUDIENCIA DE CONCILIACION PREPROCESAL Y/O LEGALIZACION DE LA CAPTURA | F51: 32 SMDLV | G51: 40 SMDLV
E52: AUDIENCIA DE FORMULACION DE IMPUTACION | F52: 66 SMDLV | G52: 92 SMDLV
E53: AUDIENCIA DE SOLICITUD DE MEDIDA DE ASEGURAMIENTO | F53: 25 SMDLV | G53: 33 SMDLV
E54: AUDIENCIA DE ACUSACION O PRECLUSION | F54: 50 SMDLV | G54: 60 SMDLV
E55: AUDIENCIA PREPARATORIA | F55: 81 SMDLV | G55: 120 SMDLV
E56: AUDIENCIA DE JUICIO ORAL (SENTENCIA CONDENATORIA O ABSOLUTORIA) | F56: 120 SMDLV | G56: 261 SMDLV
E57: AUDIENCIA DE REPARACION DE PERJUICIOS | F57: 60 SMDLV | G57: 114 SMDLV
E58: AUDIENCIAS PRELIMINARES | F58: 11 SMDLV | G58: 11 SMDLV
B59: ASISTENCIA JURÍDICA EN PROCESOS CIVILES, POR EVENTO | E59: Queda expresamente acordado que la cobertura de responsabilidad extracontractual otorgada, de conformidad con lo estipulado en el Art. 1128.- del Código del Comercio, se extiende a amparar también los costos del proceso que el tercero damnificado o sus causahabientes promuevan en su contra o la del asegurado, para obtener la indemnización de perjuicios, por hechos imputables al asegurado y/o la Entidad tomadora que causen la muerte, lesión o menoscabo en la salud de las personas (daños personales) y/o el deterioro o destrucción de bienes (daños materiales) y perjuicios económicos (incluido lucro cesante y daño moral), como consecuencia directa de tales daños personales y/o daños materiales y/o cualquier evento amparado bajo la presente póliza. Queda igualmente convenido que la aseguradora de común acuerdo con la Entidad, podrá prestar la asistencia Jurídica en proceso civil que requiera la entidad asegurada, a través de las firmas y/o profesionales de la compañía y/o contratados por la misma, para lo cual la compañía se obliga a suministrar con la póliza el listado de las firmas y/o profesionales que prestarán la asistencia, el cual debe cumplir el requisito de atención veinticuatro (24) horas diarias continuas, durante la vigencia del seguro, e indicar el procedimiento a seguir para tal efecto. Se precisa que la actualización del listado será obligación de la aseguradora. De igual forma queda convenido que el costo de esta asistencia será reconocida por la aseguradora y por lo tanto en caso de que la , deba contratar la asistencia, por razón a la no prestación inmediata de la asistencia jurídica, la aseguradora se obliga a pagar los costos generados, hasta el límite asegurado ofrecido para este amparo.
E60: TABLA DE HONORARIOS PROCESO CIVILES
E61: ETAPAS | F61: VALORES
E62: AUDIENCIAS DE CONCILIACION PREJUDICIAL | F62: 11 Salarios mínimos Diarios Legales Vigentes
E63: CONTESTACION DE LA DEMANDA - LLAMAMIENTO EN GARANTIA | F63: 100 Salarios mínimos Diarios Legales Vigentes
E64: AUDIENCIA DE CONCILIACION | F64: 25 Salarios mínimos Diarios Legales VigentesV (Si se realiza la diligencia pero no se logra la conciliación) 75 Salarios mínimos Diarios Legales Vigentes (Si se logra la conciliación)
E65: ALEGATOS DE CONCLUSION | F65: 60 Salarios mínimos Diarios Legales Vigentes
E66: SENTENCIA | F66: 60 Salarios mínimos Diarios Legales Vigentes
B67: ASISTENCIA JURÍDICA EN PROCESOS DE REPARACIÓN DIRECTA, POR EVENTO | E67: Queda expresamente acordado que la cobertura de responsabilidad extracontractual otorgada, de conformidad con lo estipulado en el Artículo 1128.- del Código del Comercio y en el Artículo 86 del C.C.A., modificado por la Ley 446 de 1998, artículo 31, se extiende a amparar también los costos del proceso que el tercero damnificado o sus causahabientes promuevan en su contra o la del asegurado, para ejercer derechos emanados de la responsabilidad extracontractual, por hechos imputables al asegurado y/o la Entidad tomadora que causen la muerte, lesión o menoscabo en la salud de las personas (daños personales) y/o el deterioro o destrucción de bienes (daños materiales) y perjuicios económicos (incluido lucro cesante y daño moral), como consecuencia directa de tales daños personales y/o daños materiales y/o cualquier evento amparado bajo la presente póliza. Queda igualmente convenido que la aseguradora de común acuerdo con la Entidad, podrá prestar la asistencia Jurídica en en proceso de Reparación Directa que requiera la entidad asegurada, a tráves de las firmas y/o profesionales de la compañía y/o contratados por la misma, para lo cual la compañía se obliga a suministrar con la póliza el listado de las firmas y/o profesionales que prestarán la asistencia, el cual debe cumplir el requisito de atención veinticuatro (24) horas diarias continuas, durante la vigencia del seguro, e indicar el procedimiento a seguir para tal efecto. Se precisa que la actualización del listado será obligación de la aseguradora. Así mismo queda expresamente convenido que dentro de los costos del proceso, antes referidos, se consideran incluidos los honorarios de abogados en que incurra el asegurado para defender sus intereses y/o de la aseguradora, dentro de los procesos en que se discuta la responsabilidad del tomador y/o asegurado, aún en exceso de la suma asegurada; de conformidad con los siguientes límites:
E68: TABLA DE HONORARIOS PROCESOS DE REPARACIÓN DIRECTA
E69: ETAPAS | F69: VALORES
E70: CONCILIACION (LEY 2220 DE 2022, artículo 146) | F70: 25 Salarios mínimos Diarios Legales VigentesV (Si se realiza la diligencia pero no se logra la conciliación) 75 Salarios mínimos Diarios Legales Vigentes (Si se logra la conciliación)
E71: CONTESTACION DE LA DEMANDA - LLAMAMIENTO EN GARANTIA | F71: 100 Salarios mínimos Diarios Legales Vigentes
E72: ALEGATOS DE CONCLUSION | F72: 60 Salarios mínimos Diarios Legales Vigentes
E73: SENTENCIA | F73: 60 Salarios mínimos Diarios Legales Vigentes
B74: DETERMINACIÓN DEL COSTO DEL SEGURO CON TASA ÚNICA | E74: La aseguradora de conformidad con la oferta económica presentada para este seguro, aplica tasa única para la determinación del costo del seguro y acepta la aplicación de la misma para las nuevas inclusiones de vehículos que se causen bajo la presente póliza.
B75: ACTOS DE AUTORIDAD | E75: La póliza se extiende a cubrir los daños o pérdidas materiales de los bienes asegurados, causados directamente por la acción de la autoridad legalmente constituida, ejercida con el fin de disminuir o aminorar las consecuencias de cualquiera de los riesgos amparados. Se excluye el embargo y la confiscación de bienes.
B76: 4.7. | C76: CLÁUSULAS BÁSICAS
B77: REVOCACIÓN DE LA PÓLIZA, CLÁUSULAS O CONDICIONES. Con Termino de Noventa (90) días y para AMIT, AMCCOPH, Terrorismo y Sabotaje diez (10) días. | E77: La aseguradora podrá revocar la póliza, cláusulas o condiciones unilateralmente por la compañía, mediante noticia escrita enviada al asegurado, a su última dirección registrada, con no menos de noventa (90) días y para AMIT Y AMCCOPH diez (10) días, de antelación; contados a partir de la fecha del envío. El asegurado podra pedir la revocación en cualquier momento, según lo previsto en el Código de Comercio. Así mismo, en el caso de que la aseguradora decida no otorgar renovación o prorroga del contrato de seguro, excepto para AMIT, AMCCOPH, Terrorismo y Sabotaje, deberá dar aviso de ello al asegurado con no menos de noventa (90) días de antelación a la fecha de vencimiento de la póliza, en caso contrario se dará por entendido que la aseguradora acepta la renovación o prorroga hasta el límite legal establecido en la Ley 80 de 1993, para la adición de los contratos y manteniendo las mismas condiciones ofertadas en este proceso de aseguradoras.
B78: ERRORES, OMISIONES O INEXACTITUDES | E78: El tomador está obligado a declarar sinceramente los hechos y circunstancias que determinen el estado del riesgo. La inexactitud sobre hechos o circunstancias que, conocidas por la compañía, la hubieren retraído de celebrar el contrato o inducido a estipular condiciones más onerosas, produce la nulidad relativa del seguro. Sin embargo, si se incurriere en errores, omisiones e inexactitudes inculpables al tomador o al asegurado, el contrato no será nulo ni habrá lugar a la aplicación del inciso tercero del artículo 1058 del Código de Comercio sobre reducción porcentual de la prestación asegurada. En este caso se deberá pagar la prima adecuada al verdadero estado del riesgo.
B79: AMPLIACIÓN AVISO DEL SINIESTRO Con termino de noventa (90) días. | E79: Queda convenido y aceptado que el asegurado podrá dar aviso de la ocurrencia del siniestro en un término de noventa (90), siguientes a la fecha en que haya conocido o debido conocer la ocurrencia del mismo.
B80: DESIGNACIÓN O DENOMINACIÓN DE BIENES | E80: La aseguradora acepta el título, nombre, denominación o nomenclatura con que el asegurado identifica o describe los bienes asegurados en sus registros o libros de comercio o contabilidad.
B81: CONOCIMIENTO DEL RIESGO | E81: La aseguradora acepta mediante la presente cláusula que la Entidad, le ha brindado la oportunidad para realizar la inspección de los bienes y riesgos a que están sujetos los mismos y el patrimonio del Asegurado, razón por la cual se deja constancia del conocimiento y aceptación de los hechos, circunstancias y, en general, condiciones de los mismos. La compañía se reserva el derecho de llevar a cabo la inspección cuantas veces lo juzgue pertinente.
B82: ANTICIPO DE INDEMNIZACIÓN DEL 82% Se califica en Condiciones Adicionales (Formato No. 3) el aumento del porcentaje ofrecido. | E82: Queda expresamente acordado que, a petición escrita de la Entidad, la aseguradora anticipará pagos parciales sobre el valor de cualquier reclamo, con base en el valor de la estimación preliminar de la pérdida aceptada por el ajustador, para adelantar la reparación, reposición o remplazo de los bienes asegurados. En el caso de que no haya nombramiento de ajustador, el anticipo se liquidará con base en la valoración de la cuantía de la pérdida amparada, acreditada por la entidad mediante cotización de la misma. Este anticipo también se extiende a cualquier tipo de gastos que se requiera para la operatividad de la póliza. En caso que el anticipo o suma de anticipos que la compañía adelante al asegurado llegare a exceder la suma total indemnizable a que tenga derecho, éste se compromete a devolver el exceso pagado. Para esta cláusula la aseguradora debe contemplar un plazo máximo para el pago del anticipo de diez (10) días hábiles contados a partir de la fecha de solicitud y formalización del mismo este y no se acepta el requerimiento de ningún requisito adicional para realizar el anticipo.
B83: MODIFICACIONES A FAVOR DEL ASEGURADO | E83: Los cambios o modificaciones a las condiciones de la presente póliza, serán acordados mutuamente entre la compañía y el asegurado. El certificado, documento o comunicaciones que se expidan para formalizarlos debe ser firmado, en señal de aceptación, por un representante legal del asegurado o funcionario autorizado, prevaleciendo sobre las condiciones de esta póliza. No obstante si durante la vigencia de la póliza se presentan modificaciones en las condiciones del seguro, legalmente aprobadas que representen un beneficio a favor del asegurado, tales modificaciones se consideran automáticamente incorporadas. Siempre y cuando no causen cobro de prima adicional.
B84: NOMBRAMIENTO Y DESIGNACIÓN DE AJUSTADORES | E84: El nombramiento de ajustadores deberá efectuarse de común acuerdo entre la aseguradora y el asegurado, para lo cual la aseguradora presentará para cada reclamo una relación de cinco (5) firmas ajustadoras. No obstante la anterior condición, el asegurador con su propuesta se obliga a presentar la lista de todos sus ajustadores y la Entidad se reserva el derecho de nombrar al ajustador que considere más adecuado o solicitar el cambio de los mismos en caso de que no fueren de su entera satisfacción, sin que para ello se requiera motivación alguna.
B85: RESTITUCIÓN AUTOMÁTICA DEL LÍMITE ASEGURADO PARA EL AMPARO DE RESPONSABILIDAD CIVIL EXTRACONTRACTUAL | E85: Mediante la presente cláusula la aseguradora acepta expresamente, que en el caso de presentarse un siniestro que afecte la presente póliza, la cuantía del mismo se considerará inmediatamente restablecida desde el momento de la ocurrencia del siniestro. Esta condición no aplica para las coberturas de Pérdidas totales por daños o hurto. El restablecimiento ofrecido por esta condición, dará derecho a la Compañía al cobro de la prima, a prorrata, correspondiente al monto restablecido, únicamente para los siniestros que afecten la cobertura de Responsabilidad Civil Extracontractual; desde la fecha de la ocurrencia de la pérdida hasta el vencimiento de la póliza, expedición de cuyo certificado de seguro realizará una vez efectuado el pago de la indemnización.
B86: VARIACIONES DEL RIESGO | E86: Queda entendido, convenido y aceptado que las notificaciones que sobre los hechos o circunstancias no previsibles que sobrevengan con posterioridad a la celebración del contrato de seguro y que, conforme al criterio consignado en el inciso 1° del artículo 1058 del código de comercio, signifiquen agravación del riesgo, se efectuarán por la Entidad dentro de los noventa (90) días siguientes a la fecha de modificación del riesgo.
B87: NO CONCURRENCIA DE AMPAROS, CLÁUSULAS O CONDICIONES | E87: Queda entendido, convenido y aceptado, que si dos o más amparos, cláusulas o condiciones otorgan cobertura a un mismo evento, se indemnizará con base en aquella que ofrezca mayor protección para los intereses del asegurado. De igual manera prevalecerán los amparos, cláusulas o condiciones que otorguen coberturas sobre aquellos que las excluyan. En todo caso y ante cualquier discrepancia sobre cual es el amparo, cláusula o condición aplicable a un caso determinado, se aplicara aquella o aquellas que en conjunto determine el asegurado de acuerdo a su conveniencia.
B88: NO APLICACIÓN DE GARANTÍAS | E88: Queda expresamente acordado y aceptado que la cobertura otorgada bajo la presente póliza no queda sujeta al cumplimiento de ningún tipo de garantía por parte de la entidad asegurada.
... B123: CONTABILIZACIÓN DE TÉRMINOS DE PRESCRIPCIÓN DE LA ACEPTACIÓN DE LA INDEMNIZACIÓN | E123: Queda expresamente entendido, convenido y aceptado que frente a la interrupción de la prescripción cuando se reconoce la obligación por parte del asegurador, en los términos del artículo 2539 del Código Civil, el término se empezará a contabilizar nuevamente a partir del momento en que se notifique al asegurado la liquidación final y definitiva del siniestro y no desde cuando se emitan comunicaciones de reconocimiento del tipo de pérdida ocurrida y/o liquidaciones parciales y/o cualquier otro tipo de documento.
B124: VERIFICACIÓN CARACTERÍSTICAS DE LOS VEHÍCULOS ASEGURADOS FRENTE A CÓDIGO FASECOLDA | E124: Queda entendido, convenido y aceptado que la aseguradora se obliga a validar las características del vehículo asegurado en forma directa o a través de una firma externa especializada en reconocimiento de los vehículos relacionados por la Entidad, con expertos en la materia, tales como: marca, modelo, cilindraje o capacidad, carrocería, líneas, cabinas, y demás que consideren pertinentes, de tal forma que correspondan en un todo con el código exacto de FASECOLDA. Esta condición no aplica para vehículos con valor admitido. | H124: SI OBSERVAN ELIMINAR O PASAR A CONDICIONES ADICIONALES. SE TRASLADA PARA CALIFICACIÓN
B125: CLÁUSULA DE 72 HORAS PARA EVENTOS DE LA NATURALEZA INCLUIDO ACTOS MAL INTENCIONADOS DE TERCEROS ASONADA, MOTÍN, CONMOCIÓN CIVIL O POPULAR Y HUELGA (INCLUIDO TERRORISMO Y SABOTAJE). | E125: Bajo esta condición la aseguradora debe contemplar, para el caso de pérdidas a consecuencia de terremoto, temblor erupción, volcánica y demás eventos de la naturaleza al igual que los eventos derivados de Actos Mal Intencionados de Terceros, Asonada, Motín, Conmoción Civil o Popular y Huelga (incluido Terrorismo y Sabotaje). , que sí varios de estos fenómenos o eventos ocurren dentro de cualquier período de 72 horas consecutivas, se tendrán como un solo siniestro y las pérdidas o daños que se causen deberán estar comprendidos, en una sola reclamación, sin exceder del total de la suma asegurada.
B126: COMPROMISO PARA EL PAGO DE LAS INDEMNIZACIONES Plazo de cinco (5) días hábiles. Se califica en Condiciones Adicionales (Formato No. 3) la reducción del término para el pago de las indemnizaciones. | E126: Bajo esta condición la aseguradora se compromete al pago de la indemnización dentro del plazo establecido, una vez el asegurado demuestre ocurrencia y cuantía.
B127: CLÁUSULA DE JURISDICCION Y SOLUCION DE CONTROVERSIAS | E127: Toda y cualquier diferencia que surja entre las partes por la interpretación del presente contrato, su ejecución, cumplimiento, terminación o las consecuencias futuras del mismo, será dirimida bajo la jurisdicción y legislación de la República de Colombia. Las diferencias y controversias que surjan se solucionarán con sujeción a las siguientes instancias que se agotarán de forma sucesiva o a elección de las partes, así:
E128: a). Arreglo Directo: Las partes tratarán de resolver sus diferencias de forma directa y entre ellas mismas dentro del plazo de quince (15) días contados a partir de la notificación escrita en que cualquiera de ellas informe a la otra de un conflicto o controversia orIginado en el contrato. b). Conciliación: Agotado el plazo anterior sin que las partes lograsen un acuerdo por si mismas, acudirán a la asistencia de un conciliador legalmente autorizado que se designará y actuará según los parámetros establecidos por la Ley 446 de 1998 y el decreto 1818 del mismo año, la etapa de conciliación durará un mes (1) desde el momento en que las partes o cualquiera de ellas radique la solicitud de conciliación respectiva, en caso de lograrse la conciliación la misma producirá efectos de cosa juzgada entre las partes, en caso contrario agotará el requisito de procedibilidad para acudir a la jurisdicción ordinaria o arbitral según corresponda, de acuerdo con los literales c) y d) de la presente cláusula.
E129: c). Jurisdicción Ordinaria: Agotadas las instancias anteriores, si la cuantía de las pretensiones derivadas de la diferencia que surja entre las partes por la interpretación del presente contrato, su ejecución, cumplimiento, terminación o las consecuencias futuras del mismo, no excediere de 220 SMMLV las partes sujetarán su controversia a la decisión del juez de instancia que corresponda según la cuantía y competencia en arreglo a lo previsto por el código de procedimiento Civil. d). Jurisdicción Arbitral: Agotadas las instancias anteriores, si la cuantía de las pretensiones derivadas de la diferencia que surja entre las partes por la interpretación del presente contrato, su ejecución, cumplimiento, terminación o las consecuencias futuras del mismo, se llevará el conflicto a la decisión de un Tribunal de Arbitramento Institucional cuyo domicilio será la ciudad de Bogotá D.C., el Tribunal estará integrado por un (1) árbitro que será designado conjuntamente por las partes dentro de los quince (15) días hábiles siguientes al envío de la comunicación por correo certificado que una de ellas le haga llegar a la otra solicitando la conformación del Tribunal; en caso de desacuerdo o falta de respuesta de la parte requerida, la otra parte podrá solicitar la designación y conformación del Tribunal al centro de Arbitraje y Conciliación de la Cámara de Comercio de la ciudad de Bogotá D.C.. El Tribunal así conformado funcionará en la ciudad de Bogotá D.C. y el laudo deberá proferirse en derecho, sujetándose en un todo al Decreto 2279 de 1.989, la ley 23 de 1.991, a la Ley 446 de 1.998, sus decretos reglamentarios y demás normas que regulan esta figura judicial. Esta última sujeta a lo dispuesto en Directiva Presidencial 04 del 18 de mayo de 2018.
B130: COBERTURA ACCIDENTES PERSONALES PARA LOS CONDUCTORES DE LOS VEHICULOS ASEGURADOS. SE EXCLUYEN MOTOS Sublímite de $20.000.000 por persona. | E130: Queda entendido, convenido y aceptado que en caso de un siniestro, que afecte la presente póliza, la Compañía de Seguros extiende la cobertura en caso de muerte accidental e incapacidad permanente para el conductor del vehículo asegurado, con límite básico señalado por cada el conductor del vehículo. Esta condición aplica únicamente por muerte accidental del conductor. Se excluyen motos
B131: VEHÍCULO REEMPLAZO | E131: Queda entendido, convenido y aceptado que en caso de un siniestro, que afecte la presente póliza, la Compañía de Seguros otorga vehículo de reemplazo con base en las políticas de la aseguradora.
B132: HURTO DE ELEMENTOS EN LOS VEHÍCULOS DEL ASEGURADO. Sublímite de $500.000 evento /$1.000.000 agregado anual. | E132: Queda entendido, convenido y aceptado que la presente póliza indemnizará las perdidas sobre elementos dentro de los vehículos asegurados (sean de propiedad del asegurado, de sus funcionarios o de terceros), con ocasión de su hurto o cualquier clase de délito que se configure con la pérdida de esos elementos.
B133: CONDICIONES DE RENOVACIÓN Y/O PRORROGA DE LA PÓLIZA | E133: En caso de que el asegurado decida renovar y/o prorrogar la póliza, la aseguradora se obliga a mantener los términos contratados con las mismas tasas y condiciones de la póliza inicial, siempre y cuando la siniestralidad de la póliza no sea mayor al 70%, en el caso que la siniestralidad supere el 70% la aseguradora acordará con el asegurado las condiciones en que se otorgará las condiciones de renovación. La aseguradora se obliga a entregar en cualquiera de las situaciones de resultado de siniestralidad, las condiciones con una antelación de noventa (90) días antes del vencimiento de la póliza.
B134: CLÁUSULA DE CONDICIONES PARTICULARES | E134: Queda expresamente acordado y convenido, que la aseguradora acepta las condiciones obligatorias (mínimas técnicas) establecidas en este anexo, en los términos señalados en el mismo, por lo tanto, en caso de existir discrepancia ente los ofrecimientos contenidos en la propuesta técnica básica, frente a los textos de los ejemplares de las pólizas, a las condiciones generales, certificados, anexos o cualquier otro documento; prevalecerá la información y condiciones básicas técnicas establecidas de este anexo, de igual forma en caso de encontrarse contradicción en alguna condición prevalecerá la de mayor beneficio para el asegurado.
B135: DETERMINACIÓN DE CONDICIONES Y REQUISITOS PARA EL PAGO DE INDEMNIZACIONES | E135: La aseguradora manifiesta expresamente que acepta los requisitos y documentos contenidos en el ANEXO No. 11 REQUISITOS PARA EL PAGO DE LAS INDEMNIZACIONES, como únicos para la atención y pago de reclamaciones por siniestros. A futuro no podrá exigir documentos o trámites adicionales.
B136: 4.8. | C136: EXCLUSIÓN DE ENFERMEDADES TRANSMISIBLES O CONTAGIOSAS
B137: Exclusión absoluta de enfermedades infecciosas o contagiosas: Sin perjuicio de cualquier otra disposición en contrario, se aclara que este seguro no cubre ninguna reclamación, pérdida, responsabilidad, costo o gasto de cualquier naturaleza que surja directa o indirectamente de, contribuya o resulte de enfermedades, epidemias o pandemias, tales como el Coronavirus (COVID-19), enfermedad respiratoria aguda grave síndrome coronavirus 2 (SARS-CoV-2), o cualquier mutación o variación de los mismos. Esta exclusión también aplica a cualquier reclamo, pérdida, costo o gasto de cualquier naturaleza que surja directa o indirectamente de, en contribución a, o resultante de: 1) Cualquier temor o amenaza que surja en respuesta a una enfermedad infecciosa real o potencial; o 2) Cualquier acción tomada para controlar, prevenir, suprimir o de cualquier manera relacionada con cualquier brote de enfermedades infecciosas tales como coronavirus (COVID-19), coronavirus 2 por síndrome respiratorio agudo severo (SARS-CoV-2), cualquier mutación o variación de los mismos, o de cualquier otra enfermedad, epidemia o pandemia.
B138: 4.9. | C138: COBERTURAS, AMPAROS Y BIENES SIN APLICACIÓN DE DEDUCIBLES EN FORMA OBLIGATORIA
B139: La Entidad, requiere oferta de cobertura SIN APLICACIÓN DE DEDUCIBLE, para los bienes y/o amparos y/o eventos, de está póliza y por lo tanto el proponente con la firma del FORMATO No. 2 - CARTA DE ACEPTACIÓN DE LAS CONDICIONES OBLIGATORIAS (MÍNIMAS TÉCNICAS), admite estas condiciones, so pena de rechazo de oferta.
...

Sheet 5. COND. BÁSICAS RCSP
B3: INSTITUTO DEPARTAMENTAL DE CULTURA Y TURISMO DE CUNDINAMARCA - IDECUT
B4: ANEXO No. 1 - CONDICIONES OBLIGATORIAS (MÍNIMAS TÉCNICAS)
B7: 5. PÓLIZA DE RESPONSABILIDAD CIVIL SERVIDORES PÚBLICOS O FUNCIONARIOS CON REGIMENES DE RESPONSABILIDAD SIMILARES AL DE LOS SERVIDORES PÚBLICOS
B8: 5.1. | C8: INFORMACIÓN GENERAL
B9: TOMADOR: | C9: =B3 -> INSTITUTO DEPARTAMENTAL DE CULTURA Y TURISMO DE CUNDINAMARCA - IDECUT | G9: NIT. | H9: =+'1. COND. BÁSICAS TRDM'!G9 -> 900.294.905-6
B10: ASEGURADO: | C10: INSTITUTO DEPARTAMENTAL DE CULTURA Y TURSIMO DE CUNDINAMARCA-IDECUT Y/O CARGOS ASEGURADOS | G10: NIT. | H10: =+H9 -> 900.294.905-6
B11: BENEFICIARIO: | C11: INSTITUTO DEPARTAMENTAL DE CULTURA Y TURISMO DE CUNDINAMARCA-IDECUT Y/O TERCEROS AFECTADOS | G11: NIT. | H11: =+H9 -> 900.294.905-6
B12: 5.2. | C12: OBJETO DEL SEGURO
B13: Amparar los perjuicios patrimoniales causados a terceros y/o al INSTITUTO DEPARTAMENTAL DE CULTURA Y TURSIMO DE CUNDINAMARCA-IDECUT provenientes de la responsabilidad civil de los servidores públicos y/o funcionarios con regímenes de responsabilidad similares a los de los servidores públicos, en el desempeño de las funciones de los cargos asegurados, por toda acción u omisión, correcta o incorrecta, culposa, real o presunta, así como los perjuicios que les sean imputable y los ocasionados por juicios de responsabilidad fiscal.
B14: Amparar los gastos de defensa (tales como, pero sin limitarse a: honorarios profesionales de abogados defensores, gastos y costas procesales y cauciones judiciales) según los límites por etapas procesales establecidos en este documento, en todo tipo de procesos, incluidos, pero sin limitarse a: procesos fiscales, procesos disciplinarios, procesos penales siempre que se trate de delitos no dolosos, procesos civiles, procesos administrativos (incluidos los de reparación directa); indagaciones, investigaciones preliminares, procesos internos y cualquier otro en los que se discuta la responsabilidad correspondiente a los cargos asegurados y en general los incurridos para defenderse en cualquier tipo de investigación o proceso adelantados por organismos oficial de vigilancia y control o entes de investigación según los límites por: tipos de procesos y etapas procesales establecidos en este documento.
B15: 5.3. | C15: RELACIÓN DE CARGOS A ASEGURAR
B16: Corresponde a 4 cargos con base en siguiente relación:
B17: CARGOS | E17: No. | F17: CARGOS | H17: No.
B18: GERENTE GENERAL | E18: 1
B19: SUBGERENTE ADMINISTRATIVO Y FINANCIERO | E19: 1
B20: SUBGERENTE TURISMO | E20: 1
B21: SUBGERENTE DE CULTURA | E21: 1
B22: ASESOR JURÍDICO | E22: 1
B23: TESORERO GENERAL | E23: 1
B24: TOTAL CARGO ASEGURADOS | H24: =SUM(E18:E23) -> 6
B25: 5.4. | C25: BASE PARA LA DETERMINACIÓN Y APLICACIÓN DEL CONCEPTO SUBLÍMITE / VIGENCIA / AGREGADO ANUAL
B26: Para la totalidad de Coberturas y/o condiciones básicas sublímitadas, queda expresamente aceptado por parte de los proponentes que, en concordancia con la vigencia de la póliza que se adjudique, cada Sublímite operará así: | I26: DEFINIR SEGÚN VIGENCIA A CONTRATAR LA APLICACIÓN DE ESTA CONDICIÓN
B27: - Si la vigencia es inferior a doce (12) meses: (Sublímite indicado) Evento/Agregado vigencia.
B28: - Si la vigencia es mayor a doce (12) meses: Sublímite indicado Evento /Agregado Anual.
B29: En caso de discrepancia en alguna cobertura o cláusula básicas con relación al concepto de aplicación del sublímite / vigencia / agregado anual, frente a la vigencia ofertada, prevalece el establecido en este numeral con relación al plazo de la condición ofertada.
B30: 5.5. | C30: COBERTURAS BÁSICAS
B31: PERJUICIOS O DETRIMENTO PATRIMONIAL Límite de $300.000.000 Evento / Agregado anualIncluido los Gastos de Defensa. Se califica en Condiciones Adicionales (Formato No. 3) el aumento del límite ofrecido. | E31: Amparar los perjuicios patrimoniales causados a terceros y/o a la Entidad, provenientes de la responsabilidad civil de los servidores públicos y/o funcionarios con regímenes de responsabilidad similares a los de los servidores públicos, en el desempeño de las funciones de los cargos asegurados, por toda acción u omisión, correcta o incorrecta, culposa, real o presunta, así como los perjuicios que les sean imputable. Así mismo, esta cobertura se extiende para amparar los perjuicios por los que los funcionarios asegurados sean responsables por haber cometido algún acto incorrecto respecto del cual se les siga o debiera seguir, un juicio de responsabilidad fiscal, así como la acción de repetición o de llamamiento en garantía con fines de repetición.
B32: GASTOS DE DEFENSA Límite de $200.000.000 Evento / Agregado anual Incluidos en el límite de Perjuicios o Detrimento Patrimonial sin cobro de prima. Se califica en Condiciones Adicionales (Formato No. 3) el aumento del límite ofrecido. | E32: Amparar los gastos de defensa (tales como, pero sin limitarse a: honorarios profesionales de abogados defensores, gastos y costas procesales y cauciones judiciales) según los límites por etapas procesales establecidos en este documento, en todo tipo de procesos, incluidos, pero sin limitarse a: procesos fiscales, procesos disciplinarios, procesos penales siempre que se trate de delitos no dolosos, procesos civiles, procesos administrativos (incluidos los de reparación directa); indagaciones, investigaciones preliminares, procesos internos y cualquier otro en los que se discuta la responsabilidad correspondiente a los cargos asegurados y en general los incurridos para defenderse en cualquier tipo de investigación o proceso adelantados por organismos oficial de vigilancia y control o entes de investigación según los límites por: tipos de procesos y etapas procesales establecidos en este documento. Queda expresamente convenido, que dentro de los límites y sublímites de gastos de defensa están considerados los impuestos y gravámenes, ya sean fiscales, tributarios u otros legalmente establecidos, y que por tal motivo formen parte del costo de los servicios de gastos de defensa que sean prestados a los asegurados.
B33: MODIFICACIÓN EN LAS LEYES EXISTENTES O INTRODUCCIÓN DE NUEVA LEGISLACIÓN | E33: La presente póliza otorgará cobertura a los Asegurados, frente a la modificación en las leyes existentes o la introducción de nueva legislación en materia penal, disciplinaria o fiscal, sujeto a que las investigaciones o procesos que sean iniciados en virtud de dichas modificaciones legislativas, tengan como finalidad imputar responsabilidad a los Asegurados, por acciones u omisiones no dolosas cometidas en calidad de servidores públicos, con ocasión de las funciones propias del cargo Asegurado. Esta póliza se extiende a cubrir los perjuicios (reales o presuntos), reclamaciones, demandas o investigaciones contra los funcionarios que ocupan los cargos asegurados, cuando ellas individualicen o se dirijan contra un funcionario asegurado. De acuerdo con los términos y condiciones de esta póliza.
B34: 5.6. | C34: EXCLUSIONES
B35: Queda expresamente convenido y aceptado que la oferta de la aseguradora para el presente seguro, contempla única y exclusivamente las exclusiones, abajo estipuladas. De conformidad con lo anterior, las exclusiones abajo señaladas corresponden a las únicas aplicables en la oferta del presente seguro y la póliza que se expida; quedando expresamente señalado y acordado que la compañía acepta que las exclusiones contenidas o indicadas en el ejemplar de las condiciones generales de la póliza u otro documento que se emita en aplicación a la misma se entenderán como no escritas.
B36: A. EXCLUSIÓN DE PAGOS Y GRATIFICACIONES | E36: Se excluyen reclamaciones tendientes a obtener el pago o devolución de ninguna suma, remuneración o dadiva otorgada, pagada o entregada por los funcionarios asegurados a terceros, cuando dicho pago sea considerado indebido, improcedente o ilegal, así como cualquier tipo de ventajas, beneficios o retribuciones otorgadas a favor de los funcionarios asegurados con cargo de la Entidad Tomadora que sea contrario a las disposiciones legales que rigen la actividad de la Entidad Tomadora.
B37: B. EXCLUSIÓN DE RIESGOS NUCLEARES | E37: No se ampara ninguna reclamación de responsabilidad por pérdida, daño, gasto o similar, ocasionado directa o indirectamente por las siguientes causas, y sin importar su relación con cualquier otra causa o evento que contribuya directamente o de cualquier otra forma a la pérdida: reacción nuclear o radiación, o contaminación radioactiva (sin importar como haya sido originada), incluyendo pero sin limitarse al incendio directo o indirectamente por una reacción nuclear o radiación, o contaminación radioactiva.
B38: C. EXCLUSIÓN DE DAÑOS MATERIALES / LESIONES PERSONALES | E38: No se ampara ninguna reclamación de responsabilidad por daños materiales causados por los funcionarios asegurados ó la Entidad a propiedades de terceros ni por lesiones personales y/o muerte causada a terceros sin importar si la misma ha sido o no causada por los funcionarios asegurados; cuyos riesgos son propios de aseguramiento bajo seguro de responsabilidad civil extracontractual.
B39: D. EXCLUSIÓN DE PÉRDIDAS PROVENIENTES DIRECTA O INDIRECTAMENTE DE LAVADO DE DINERO | E39: Se excluye cualquier responsabilidad legal derivada directa o indirectamente de ó como resultado de ó en conexión con cualquier acto o actos (o supuesto acto o actos) de Lavado de Dinero o cualquier acto o actos (o supuesto acto o actos) los cuales forman parte de y/o constituyen un delito o delitos bajo cualquier legislación de lavado de dinero (o cualquier disposición y/o normas o regulaciones establecidas por cualquier Cuerpo Regulador o Autoridad). Se precisa que tampoco aplica para esta exclusión los gastos de defensa. Lavado significa:
E40: a) | F40: El encubrimiento, o disfraz, o conversión, o transferencia, o traslado de la Propiedad Delictiva, (inclusive encubriendo o disfrazando su naturaleza, fuente, ubicación, disposición, movimiento o propiedad o cualquier derecho relacionado con ella); o
E41: b) | F41: El tomar parte en o favorecer en cualquier forma relacionada con un arreglo que es conocido o sospechoso para facilitar (por cualquier medio) la adquisición, retención, uso o control de la Propiedad Delictiva por o en nombre de otra persona; o
E42: c) | F42: La adquisición, uso o posesión de la Propiedad Delictiva; o
E43: d) | F43: Cualquier acto que constituya una tentativa, conspiración o incitación para cometer cualquier acto o actos mencionados en los literales anteriores a), b) ó c); o
E44: e) | F44: Cualquier acto que constituya ayudar, incitar, asesorar o facilitar la comisión de cualquier acto o actos mencionados en los literales anteriores a), b) ó c).
B45: E. EXCLUSIÓN DE RESPONSABILIDAD CIVIL PROFESIONAL | E45: Esta cobertura no se extiende para amparar ninguna reclamación que tenga su causa, sea consecuencia de, o de cualquier forma esté relacionada directa o indirectamente con la prestación de un servicio de carácter profesional, de manera independiente a sus funciones de gestión o administración. Se precisa que tampoco aplica para esta exclusión los gastos de defensa.
B46: F. EXCLUSIÓN DE RECLAMOS POR EVENTOS GENERADO A CONSECUENCIA DE RIESGOS ASEGURABLES BAJO LOS SEGUROS DE DAÑOS | E46: Queda acordado que la Aseguradora no será responsable por las reclamaciones que se efectúen en contra de los funcionarios que desempeñan los cargos asegurados, como consecuencia de las pérdidas o daños que sufran los bienes asegurables de la Entidad y cuyos riesgos son objeto de aseguramiento bajo seguros de daños
E47: La Aseguradora no será responsable por ninguna reclamación:
E48: a) | F48: Basada en, surgida de, directa o indirectamente resultante de, o como consecuencia de, o de cualquier manera relacionada con, cualquier negocio, tanto real como supuesto, y de cualquier naturaleza, cuyo objetivo sea el de afectar el precio de, o negociar, las acciones y/o obligaciones de cualquier compañía, o de cualquier producto alimenticio, o materia prima, o mercadería o divisa o cualquier instrumento negociable, a menos que dicho negocio se hubiera llevado a cabo de acuerdo con las leyes, reglas y reglamentos aplicables al mismo;
B49: G. EXCLUSIÓN DE PÉRDIDAS O DAÑOS POR DEPRECIACIÓN, PÉRDIDAS DE INVIERSIONES, RESULTADOS DE FLUCTUACIONES EN LOS MERCADOS FINANCIEROS, OTORGAMIENTO DE CRÉDITOS Y RECUPERACIÓN DE CARTERA CUANDO SEA SU OBJETO SOCIAL. | E49: b) | F49: Basada en, surgida de, directa o indirectamente resultante de, como consecuencia de, o de cualquier manera relacionada con, cualquier alegato de que cualquier Asegurado que se hubiese beneficiado inoportunamente negociando valores bursátiles como consecuencia de información de la que no dispusieran otros vendedores y compradores de dichos valores;
E50: c) | F50: Formulada por, o por cuenta de, cualquier cliente de la Entidad Tomadora o de los Asegurados como consecuencia de la inversión en, gestión de, o consejos relacionados con, cualquier patrimonio, fundación, fidecomiso o propiedad;
E51: d) | F51: Surgida única y exclusivamente de la depreciación o pérdida sufrida por cualquier inversión cuando dicha depreciación o pérdida sea el resultado de cualquier fluctuación de cualquier mercado financiero, de valores, mercaderías o cualesquiera otros mercados cuando tal fluctuación esté fuera del control o influencia de los Asegurados.
E52: e) | F52: Surgida única y exclusivamente del hecho de que los valores o mercaderías o inversiones no produzcan los resultados representados o esperados.
B53: H. EXCLUSIÓN DE MULTAS O SANCIONES PENALES O ADMINISTRATIVAS IMPUESTAS A LA ENTIDAD TOMADORA O A LOS FUNCIONARIOS ASEGURADOS, CONTRIBUCIONES POLÍTICAS Y DONACIONES. | E53: Queda acordado y convenido que esta cobertura no se extiende para amparar ninguna reclamación proveniente de o que contribuya de alguna manera al reconocimiento por parte de los funcionarios asegurados de donaciones o contribuciones políticas o de cualquier otra naturaleza que no sean contempladas por la Ley o los estatutos de la Entidad. Quedan excluidas igualmente las sanciones penales o administrativas impuestas a la Entidad o a los funcionarios asegurados.
B54: I. EXCLUSIÓN DE AVALES O GARANTÍAS PERSONALES OTORGADAS POR LOS FUNCIONARIOS ASEGURADOS | E54: Sujeto a los demás términos y condiciones de esta póliza, queda acordado y convenido que esta cobertura no se extiende para amparar ninguna reclamación efectuada en contra de los funcionarios asegurados como consecuencia de avales o garantías ofrecidas a titulo personal y que no correspondan a las actuaciones propias de su cargo.
B55: J. EXCLUSIÓN DE DAÑOS O PERDIDAS NO RELACIONADAS CON EL DESEMPEÑO DE SUS FUNCIONES. | E55: No se ampara los daños o perdidas ocasionadas por incurrir el funcionario asegurado en faltas, errores u omisiones no directamente relacionadas con el desempeño de las funciones propias de su cargo, bien sea que las mismas consituyan o no faltas disciplinarias. Adicionalmente se excluyen las reclamaciones generadas por o resultantes del incumplimiento de cualquier obligación de carácter contractual adquirida por los funcionarios asegurados, distintas de las inherentes a las responsabilidades de administración, adquiridas en su caracter de servidor público.
B56: K. EXCLUSIÓN DE ASBESTO | E56: Se excluyen los daños causados por asbesto en estado natural o por sus productos, así como los daños resultantes de operaciones y actividades que impliquen exposición a fibras de amianto, además, daños originados directa o indirectamente por contaminación, filtración o polución de cualquier clase del medio ambiente, por otras alteraciones perjudiciales del agua, aire, suelo, subsuelo o por ruido.
B57: L. EXCLUSIÓN DE GUERRA | E57: Se excluye la pérdida o daño causados por guerra, invasión, actos de enemigo extranjero, hostilidades u operaciones bélicas (exista o no declaración de guerra), guerra civil insurrección, rebelión, revolución, huelga, insurrección, conmoción civil, golpe de estado civil o militar, ley marcial asonada o confiscación o destrucción por cualuiqer acto de autoridad gubernamental o pública leg´timamente constituida.
B58: M. EXCLUSIÓN RELATIVA A PENSIONES | E58: Se excluyen las reclamaciones relativas a pensiones, participación en beneficios o programas de beneficios, establecidos en todo o parte a favor de los servidores públicos asegurados de la Entidad, así como lo relacionado con prestaciones sociales
B59: N. EXCLUSIÓN DE ACOSO SEXUAL | E59: Queda acordado que la Aseguradora no será responsable por reclamaciones que se efectúen en contra de los Funcionarios Asegurados por acoso sexual independientemente del lugar o circunstancias donde se ejerce, ya sea en lugares públicos y de trabajo. Por acoso sexual se entiende: Cualquier tipo de acercamiento o presión de naturaleza sexual tanto física como verbal, no deseada por quien la sufre, que surge de la relación laboral, comercial o de cualquier otra índoles y que da como resultado un ambiente de trabajo hostil, un impedimento para hacer las tareas y/o un condicionamiento de las oportunidades de ocupación de la persona perseguida.
B60: O. EXCLUSIÓN DE ERRORES EN LA EVALUACIÓN DE RIESGOS Y MANTENIMIENTO DE SEGUROS | E60: Queda acordado que la Aseguradora no será responsable por las reclamaciones que se efectúen en contra de los funcionarios asegurados, como consecuencia de las pérdidas que sufra la Entidad como consecuencia de fallas en la estimación de los riesgos a que está expuesta la Entidad Tomadora o por coberturas insuficientes que se descubran al momento de presentarse siniestros no amparados bajo las pólizas de seguro contratadas por la Entidad.
B61: P. EXCLUSIÓN DE DEMANDAS DE TIPO LABORAL | E61: Queda acordado que la aseguradora no será responsable por las investigaciones en contra de los funcionarios asegurados como consecuencia de decisiones de gestión relacionadas con asuntos de carácter laboral que se inicien durante la vigencia de la póliza contra cualquier funcionario asegurado ni las que tengan por objeto el reconocimiento de salarios, prestaciones, indemnizaciones o demás retribuciones o compensaciones de carácter económico emanadas de un contrato de trabajo.
B62: Q. EXCLUSIÓN DE TERRORISMO | E62: 1) | F62: Guerra civil o internacional sean estas declaradas o no, invasión, actos de enemigos extranjeros, hostilidades u operaciones bélicas o similares (sin perjuicio de que la guerra haya sido o no declarada), huelga, paros patronales, actos malintencionados de terceros, rebelión, revolución, insurrección, o conmoción civil alcanzando la proporcion de, o llegando a constituirse en un levantamiento, poder militar o usurpado
E63: 2) | F63: Cualquier acto de terrorismo incluyendo pero no limitado al uso de fuerza o violencia y/o la amenaza de la misma, dirigidos a, o que causen daño, lesión, estrago, interrupción o comisión de un acto peligroso para la vida humana o propiedad, realizado en contra de cualquier persona, propiedad o gobierno, con objetivo establecido o no establecido, de perseguir intereses económicos, étnicos, nacionalistas, políticos, raciales o intereses religiosos, asi tales intereses sean declarados o no.
B64: R. EXCLUSIÓN DE DAÑO MORAL, PERJUICIOS A LA REPUTACIÓN, TALES COMO: INJURIA, CALUMNIA, VIOLACIÓN DE INTIMIDAD, PROPIEDAD INTELECTUAL, DESEQUILIBRIO EMOCIONAL
B65: S. EXCLUSIÓN POR DAÑO CORPORAL, ENFERMEDAD O MUERTE DE UNA PERSONA, PÉRDIDA, DESTRUCCIÓN O DETERIORO DE BIENES O COSAS Y/O PÉRDIDAS DE USO DE LAS MISMAS
B66: T. EXCLUSIÓN DE RECLAMACIONES PROVENIENTES DE SOCIOS O ACCIONISTAS MAYORITARIOS Y/O ENTRE DIRECTIVOS DE LA SOCIEDAD
B67: U. EXCLUSIÓN DE RIESGO CIBERNÉTICO | E67: Los Aseguradores no serán responsables de indemnizar a ningún Asegurado ni de realizar ningún pago en virtud de esta Póliza con respecto a cualquier Reclamación, Pérdida, responsabilidad, Costos de defensa o cualquier otro costo o gasto que surja directa o indirectamente de, causado por, resultante de, en consecuencia de, en relación con o que de alguna manera involucre cualquiera de los siguientes, independientemente de cualquier otra causa o evento que contribuya al mismo tiempo o en cualquier otra secuencia: (1) RESPONSABILIDAD CIBERNÉTICA cualquier incidente cibernético. (2) PROTECCIÓN DE DATOS cualquier incumplimiento real o presunto de cualquier ley o reglamento de protección de datos. Incidente cibernético significará cualquier: a) Acto no autorizado, malintencionado o delictivo o serie de actos relacionados no autorizados, malintencionados o delictivos, independientemente del tiempo y lugar o la amenaza o engaño del mismo, ciberataque, la recepción o transmisión de malware, código malicioso o similar que implique el acceso a, procesamiento, uso u operación de cualquier sistema informático o datos; b) Acto, error u omisión o serie de errores u omisiones relacionados que involucren el acceso, procesamiento, uso u operación de cualquier Sistema de Computación; c) Acto, error u omisión al divulgar, crear, modificar, ingresar, eliminar o usar Datos; d) Reparación, reemplazo, restauración o reproducción de cualquier Dato; e) Indisponibilidad parcial o total o falla o serie de indisponibilidad parcial o total relacionada o fallas para acceder, procesar, usar u operar cualquier sistema informático; f) Daño o pérdida o pérdida de uso, destrucción, borrado, corrupción o alteración de los Datos; o g) Incapacidad, demora o falta de recepción, envío, acceso, permiso de acceso o uso de los Datos. Sistema informático significa cualquier computadora, hardware, software, sistema de comunicaciones, dispositivo electrónico (que incluye, entre otros, teléfono inteligente, computadora portátil, tableta, dispositivo portátil), servidor, nube o microcontrolador, incluido cualquier sistema similar o cualquier configuración de los mencionados anteriormente. e incluyendo cualquier entrada, salida, dispositivo de almacenamiento de datos, equipo de red o instalación de respaldo asociados. Por datos se entenderá información personal o corporativa, hechos, conceptos, códigos o cualquier otra información de cualquier tipo que se registre o transmita en una forma para ser utilizada, accedida, procesada, transmitida o almacenada por un sistema informático.
B68: V. EXCLUSIÓN DE ENFERMEDADES TRANSMISIBLES O CONTAGIOSAS | E68: Este seguro no cubre cualquier reclamo de ninguna manera causado por o como resultado de: a) Enfermedad por coronavirus (COVID-19) b) Coronavirus 2 del síndrome respiratorio agudo severo (SARS-CoV-2) c) Cualquier mutación o variación de SARS-CoV-2; d) Cualquier otra enfermedad transmisible, epidemia o pandemia e) Cualquier temor o amenaza de a), b), c) ó d) anteriores f) La interrupción de negocios y/o pérdidas financieras sufridas por la Entidad al no poder desarrollar la actividad para la cual fue creada como consecuencia de a), b), c), d) y e) anteriores.
B69: X. EXCLUSIÓN DE DOLO | E69: Se excluyen las reclamaciones derivadas de la condición de cualquier acto criminal de cualquier acto dolosos al igual que las pérdidas o daños causados por Actos Deshonestos e Infidelidad de Empleados.
B70: Y. ACTOS INCORRECTOS COMETIDOS TOTAL O PARCIALMENTE DENTRO DE ESTADOS UNIDOS DE AMÉRICA Y/O CANADÁ Y/O PUERTO RICO. | E70: Se excluyen las reclamaciones derivadas de actos incorrectos cometidos total o parcialmente dentro de los Estados Unidos de América y/o Canadá y/o Puerto Rico.
B71: Z. EXCLUSIÓN DE PÉRDIDAS AMPARADAS BAJO OTROS SEGUROS | E71: Sin perjuicio de la extensión de cobertura otorgada para reclamaciones derivadas de procesos por indebida contratación de seguros, quedan excluidas absolutamente las reclamaciones tendientes a amparar perdidas válidamente reclamables bajo otros seguros o aquellas con respecto de las cuales se haya declinado la indemnización bajo los seguros de daños o cualquier otro seguro.
B72: AA1. EXCLUSIÓN DE CONTAMINACIÓN | E72: Daños originados directa o indirectamente por contaminación del medio ambiente u otras alteraciones perjudiciales del agua, aire, suelo, subsuelo o por ruidos. Tampoco daños causados por asbestos en estado natural o por sus productos, así como los daños en relación con sus operaciones y actividades que impliquen exposición a fibras de amianto.
B73: AA3. EXCLUSIÓN DE MERMAS O DIFERENCIA DE INVENTARIOS | E73: Mermas, diferencia de inventarios, desapariciones o daños que sufran los bienes o valores de la Entidad Tomadora por cualquier causa no imputable a los asegurados.
B74: No obstante los términos de las exclusiones antes indicadas, queda expresamente acordado y expresado que esta póliza ampara los costos y gastos de defensa, según las condiciones establecidas en la normatividad legal señalada en el objeto del seguro, para cualquiera de los eventos indicados en el literal P. anterior.
B75: 5.7. | C75: SUBLÍMITES BÁSICOS OBLIGATORIOS PARA LA COBERTURA DE GASTOS DE DEFENSA
B76: La propuesta debe contemplar el ofrecimiento de los siguientes sublimites de honorarios profesionales de abogados, los cuales deben operar exclusivamente bajo la modalidad de: por cargo asegurado y por cada proceso para cada una de de las personas cuyo cargo se encuentre asegurado
B77: NOTAS:
B78: • EL AUTO DE APERTURA DE LA INVESTIGACIÓN O PROCESO, hace referencia al documento mediante el cual se inicia la investigación y se vincula formalmente al asegurado a la misma, según el tipo de proceso este documento puede variar (Según se trate de procesos de responsabilidad fiscal, procesos penales o procesos disciplinario), y en todo caso es indispensable para el análisis de la reclamación.
B79: • SE ENTIENDE POR NOTIFICACIÓN, la personal (sentencia No. T 684/98 la Corte Suprema) por Edicto, por Estado, por Estrado o por Conducta Concluyente, para esta última no se requiere de certificación alguna de constancia del organismo de control que investiga.
B80: 5.7.1 | C80: PROCESOS DE INDAGACIÓN O INVESTIGACIONES PRELIMINARES o INDAGACIONES PREVIAS
B81: 5.7.1.1. | C81: SUBLÍMITES APLICABLES PARA LA INDAGACIÓN O INVESTIGACIÓN PRELIMINAR o INDAGACIONES PREVIAS:
B82: Queda expresamente acordado que se contempla cualquier indagación o investigación preliminar o indagaciones previas adelantadas contra un servidor público y/o funcionario con responsabilidades similares, cuyo cargo se encuentre asegurado, adelantada por un organismo oficial, antes de que exista decisión de vinculación definitiva a un proceso. Esta condición corresponde a los gastos y costas judiciales por honorarios profesionales en que incurran los funcionarios para ejercer su defensa, en cualquier indagación, y/o en cualquier investigación preliminar iniciada a instancias de su gestión y/o en cualquier investigación adelantada por cualquier organismo oficial, incluyendo Contraloría, Fiscalía, Procuraduría, Defensoría, Veeduría y Órganos u Oficinas de Control Interno o similares, o por cualquier organismo oficial. Incluye procesos que adelante el Congreso de la República.
B83: CARGOS ASEGURADOS | G83: SUBLÍMITE POR CARGO ASEGURADO Y POR CADA PROCESO PARA CADA UNA DE LAS PERSONAS HASTA
B84: GERENTE GENERAL | G84: 40000000
B85: TESORERO GENERAL, SUBGERENTE ADMINISTRATIVO Y FINANCIERO | G85: $30.000.000
B86: DEMAS CARGOS | G86: $20.000.000
B87: 5.7.1.2. | C87: SUBLÍMITES APLICABLES DESDE VINCULACIÓN PROCESAL HASTA FALLO QUE HAGA TRANSITO A COSA JUZGADA:
B88: Queda expresamente acordado que se incluyen todas las etapas relativas a cada proceso desde la vinculación del procesado, hasta que se produzca un fallo (sentencia, resolución o auto) definitivo y con tránsito a cosa juzgada (1ª. y 2ª. instancia). Esta condición corresponde a los gastos y costas judiciales por honorarios profesionales en que incurran los funcionarios, cuyo cargo se encuentre asegurado, para ejercer su defensa, en cualquier proceso civil, disciplinario, administrativo (incluidos los de reparación directa), de responsabilidad fiscal, penal y/o en cualquier proceso adelantado por cualquier organismo oficial, incluyendo Contraloría, Fiscalía, Procuraduría, Defensoría, Veeduría y Órganos u Oficinas de Control Interno o similares, o por cualquier organismo oficial, incluyendo acciones de repetición o de llamamiento en garantía con fines de repetición. Incluye procesos que adelante el Congreso de la República.
B89: CARGOS ASEGURADOS | G89: SUBLÍMITE POR CARGO ASEGURADO Y POR CADA PROCESO PARA CADA UNA DE LAS PERSONAS HASTA
B90: GERENTE GENERAL | G90: 40000000
B91: TESORERO GENERAL, SUBGERENTE ADMINISTRATIVO Y FINANCIERO | G91: $30.000.000
B92: DEMAS CARGOS | G92: $20.000.000
B93: PROCESOS DE CONTROL INTERNO O INVESTIGACIONES INTERNAS (incluidos en el límite de gastos de defensa). | E93: La aseguradora cubrirá las investigaciones que adelanten las dependencias de la Entidad, llámase control interno o similares, que cuenten con facultad legal para iniciar investigaciones a los cargos asegurados e individualizados que presten sus servicios a a Entidad. Sublímite de $20.000.000 por cargo asegurado y por cada proceso para cada una de los cargos asegurados / $40.000.000 agregado anual por persona.
B94: GASTOS DE DEFENSA PARA INVESTIGACIONES POR MULTAS Y SANCIONES. Incluidos en el límíte establecido para los Gastos de Defensa para los cargos asegurados. | E94: Se amparan los gastos y costas judiciales por honorarios profesionales en que incurran los cargos asegurados para ejercer su defensa. Este sublímite hace parte de los Gastos de Defensa. Sublímite de $20.000.000, por cargo asegurado y por cada proceso para cada una de los cargos asegurados / $40.000.000 agregado anual por persona.
B95: GASTOS DE DEFENSA PARA IMPUTACIONES POR INJURIAS Y CALUMNIAS. Incluidos en el límíte establecido para los Gastos de Defensa para los cargos asegurados. | E95: Se amparan los gastos de defensa por honorarios profesionales en que incurran los cargos asegurados para ejercer su defensa. Este sublímite hace parte de los Gastos de Defensa.} Sublímite de $20.000.000, por cargo asegurado y por cada proceso para cada una de los cargos asegurados / $40.000.000 agregado anual por persona.
B96: OTROS COSTOS PROCESALES, INCLUYENDO CAUCIONES JUDICIALES Y AGENCIAS EN DERECHO. (incluidos en el límite de gastos de defensa). | E96: Se amparan otros costos procesales según la definición jurídica, incluidas cauciones judiciales y agencias en derecho, diferentes a honorarios profesionales de abogados, en que deban incurrir los asegurados dentro de los respectivos procesos. Costos para la constitución de cauciones: Sublímite Aplicable: $10.000.000 evento / $20.000.000 / agregado anual. Se aclara que se cubre el costo de las cauciones judiciales más no la expedición de estas.
B97: 5.8. | C97: CLÁUSULAS Y CONDICIONES PARTICULARES BÁSICAS OBLIGATORIAS
B98: SISTEMA DE COBERTURA | E98: La presente póliza opera bajo la modalidad de cobertura por reclamación o "claims made" de conformidad con la Ley 389 de 1997. La cobertura de la póliza aplica a: (i) reclamaciones o investigaciones notificadas a los funcionarios asegurado por primera vez durante la vigencia de la póliza; y/o (ii) circunstancias por las que los funcionarios asegurados tengan conocimiento por primera vez durante la vigencia de la póliza, de investigaciones iniciadas por primera vez o que estarán siendo iniciadas en su contra. La cobertura se circunscribe a hechos que hayan ocurrido dentro del período de retroactividad de la póliza. Todas las reclamaciones o investigaciones subsiguientes relacionadas con la primera notificación e informada a la Aseguradora, se considerarán cubiertas por la póliza vigente en el momento de la primera notificación. Por esto mismo, las reclamaciones, investigaciones o circunstancias ya notificadas quedan excluidas de todas las vigencias posteriores. Queda entendido y acordado que se excluyen procesos, investigaciones y/o reclamos en curso, notificados a funcionarios y/o la entidad, previo al inicio de la vigencia y aquellos previamente notificados y/o reclamados a una póliza anterior. Los hallazgos o circunstancias en averiguación que no individualicen ningún funcionario o cargo asegurado no se considerarán, para efectos de la póliza, como hechos conocidos que puedan dar lugar a una reclamación aplicable bajo el presente seguro sino hasta el momento que sea vinculado el funcionario(s) formalmente a alguna investigación o indagación preliminar. En consecuencia, en caso de que estos hechos se materialicen posteriormente en una reclamación, no se consideraran hechos excluidos aun cuando no hubiesen sido reportados a la aseguradora. Así mismo queda expresamente acordado y convenido que la aseguradora acepta bajo los mismos términos, las condiciones del sistema de cobertura aquí definidas y en caso de existencia de textos, cláusulas o condiciones contenidas en la propuesta o indicadas en el ejemplar de las condiciones generales de la póliza u otro documento, en contradicción con lo dispuesto en esta cláusula, se entenderán por no escritas.
B99: DEFINICIÓN DE EVENTO | E99: Se entiende por evento toda circunstancia que pueda derivar en una o varias reclamaciones o procesos, aun cuando sean adelantados por autoridades distintas, siempre que provengan de una misma causa y aun cuando estén involucrados varios funcionarios asegurados. Para efectos de determinar la cobertura bajo la póliza, de acuerdo con la Modalidad de Cobertura aquí definida, queda entendido y acordado que todas las investigaciones y procesos que surjan con posterioridad a dicha notificación efectuada por primera vez deberán ser atendidas por la misma póliza que conoció de aquella primera reclamación debidamente notificada durante la vigencia de la póliza.
B100: PERIODO DE RETROACTIVIDAD | E100: 17 de diciembre de 2019 Se cubren hechos ocurridos desde la fecha de retroactividad otorgada para esta póliza.
B101: JURISDICCIÓN Y LIMITACIÓN TERRITORIAL | E101: Colombia. Aplica la legislación Colombiana.
B102: AMPARO AUTOMÁTICO PARA NUEVOS CARGOS. AVISO 90 DÍAS. | E102: Queda entendido, convenido y aceptado que bajo la presente póliza se amparan los nuevos cargos creados y que sean reportados para que sean objeto de cobertura bajo la póliza, siempre que tengan la misma relación jerárquica de los ya existentes, para lo cual se comunicará dicha creación dentro plazo estipulado y siguientes a la misma. El cobro de la prima se efectuará a prorrata sobre los valores inicialmente pactados y número de días restantes para la finalización de la póliza. Se precisa que en caso que en cargo sea totalmente nuevo y no exista su homologación con los existentes, para estos no aplica retroactvidad.
B103: MODIFICACION A CARGOS | E103: Queda entendido, convenido y aceptado que si durante la vigencia de la presente póliza se presenta cambio de denominaciones a cargos, se consideran automáticamente incorporados a la póliza.
B104: AMPARO AUTOMÁTICO PARA FUNCIONARIOS PASADOS, PRESENTES Y FUTUROS | E104: Queda expresamente acordado que bajo la presente póliza se amparan los funcionarios que desempeñan los cargos asegurados, señalados en el formulario de solicitud y los que en el futuro llegaren a ocupar los cargos amparados, los cuales se cubren en forma automática, sin que se requiera aviso de tal modificación; así mismo se amparan los funcionarios que hayan ocupado los cargos durante el periodo de retroactividad aplicable a esta póliza.
...

Sheet 6. COND. BÁSICAS AP RC CONTR
B3: =+'[2]1. COND. BÁSICAS TRDM'!B2:G2 -> INSTITUTO DEPARTAMENTAL DE CULTURA Y TURISMO DE CUNDINAMARCA - IDECUT
B4: ANEXO No. 1 - CONDICIONES OBLIGATORIAS (MÍNIMAS TÉCNICAS)
B7: 6. PÓLIZA DE RESPONSABILIDAD CIVIL CONTRACTUAL PARA TRANSPORTE DE PASAJEROSY/O OCUPANTES
B8: 6.1. | C8: INFORMACIÓN GENERAL
B9: TOMADOR: | C9: =+B3 -> INSTITUTO DEPARTAMENTAL DE CULTURA Y TURISMO DE CUNDINAMARCA - IDECUT | F9: NIT. | G9: =+'[2]1. COND. BÁSICAS TRDM'!G8 -> 900.294.905-6
B10: ASEGURADO: | C10: =+B3 -> INSTITUTO DEPARTAMENTAL DE CULTURA Y TURISMO DE CUNDINAMARCA - IDECUT | F10: NIT. | G10: =+G9 -> 900.294.905-6
B11: BENEFICIARIO: | C11: BENEFICIARIOS DE LA PÓLIZA
B12: 6.2. | C12: OBJETO DEL SEGURO
B13: Amparar al grupo asegurado contra el riesgo de muerte accidental y las coberturas enunciadas en el numeral 6.6, como consecuencia de un accidente de tránsito amparado en la póliza, siempre y cuando este ocurra en vigencia de este seguro.
B14: 6.3. | C14: GRUPO ASEGURADO
B15: VEHÍCULOS DE PLACA :(ODT131, ODR812, OFK749, OSD499, ODR811, JKX664) relación de vehículos igual a la de automóviles.
B16: 6.4. | C16: SISTEMA DE COBRO DE LA PRIMA
B17: Cobro de prima estipular según como la Entidad lo tiene establecido para esta póliza.
B18: 6.5. | C18: BASE PARA LA DETERMINACIÓN Y APLICACIÓN DEL CONCEPTO SUBLÍMITE / VIGENCIA / AGREGADO ANUAL
B19: Para la totalidad de Coberturas y/o condiciones básicas sublímitadas, queda expresamente aceptado por parte de los proponentes que, en concordancia con la vigencia de la póliza que se adjudique, cada Sublímite operará así:
B20: - Si la vigencia es igual a doce (12) meses: Sublímite indicado Agregado Anual.
B21: - Si la vigencia es mayor a doce (12) meses y hasta dieciocho (18) meses: Sublímite indicado + Prorrata Sublímite indicado por tiempo adicional) Evento/Agregado Vigencia.
B22: - Si la vigencia es mayor a dieciocho (18) meses: Sublímite indicado Evento/Agregado Anual.
B23: 6.6. | C23: COBERTURAS REQUERIDAS | G23: LÍMITES ASEGURADOS EXPRESADOS EN SMMLV
B24: MUERTE ACCIDENTAL | G24: 100 SMMLV
B25: INCAPACIDAD TOTAL Y PERMANENTE | G25: 100 SMMLV
B26: INCAPACIDAD TEMPORAL | G26: 100 SMMLV
B27: GASTOS MÉDICOS, QUIRÚRGICOS, FARMACEÚTICOS Y HOSPITALARIOS | G27: 100 SMMLV
B28: 6.7. | C28: DEFINICIONES
B29: ACCIDENTE | E29: Se entiende por accidente el hecho violento, externo, visible y fortuito que produzca durante la vigencia de la póliza, en la integridad física del asegurado, lesiones corporales evidenciadas por contusiones o heridas visibles o lesiones internas médicamente comprobadas o ahogamiento.
B30: MUERTE ACCIDENTAL | E30: Para los efectos de los amparos contenidos en la póliza, se define como accidente de tránsito: el hecho violento, externo, imprevisto, repentino e independiente de la voluntad del pasajero asegurado, que cause la muerte o lesiones corporales en la integridad física, evidenciadas por contusiones o heridas visibles o lesiones internas médicamente comprobadas.
B31: INCAPACIDAD TOTAL Y PERMANENTE | E31: Se define como la producida por alteraciones orgánicas o funcionales incurables que hubieren ocasionado la pérdida del 50% o más de La Capacidad Laboral del Pasajero, siempre que se encuentre debidamente calificada de acuerdo a la entidad competente para la calificación de invalidez y sus normas concordantes.
B32: INCAPACIDAD TEMPORAL | E32: Se entiende como los perjuicios causados por la disminución transitoria de la capacidad laboral del pasajero, que le impide desarrollar la actividad laboral que desempeñaba, a consecuencia de un accidente amparado, debidamente calificada por la junta médica o el médico calificador, conforme a las normas vigentes al momento del accidente. La Aseguradora indemnizará únicamente a aquellos pasajeros que acrediten la incapacidad médica y demuestren mediante cualquier prueba legal, que están devengando, en la fecha del accidente de tránsito, un ingreso por renta de trabajo y se pagará una renta diaria equivalente a un día laboral hasta por 180 días, sin exceder el límite asegurado. En caso de modificación de la calificación de esta incapacidad a permanente se deducirá cualquier suma pagada en exceso de los primeros noventa (90) días indemnizados bajo este amparo. PARÁGRAFO: La cobertura otorgada en este amparo opera en exceso de las prestaciones del Sistema General de Seguridad Social en Salud.
B33: REEMBOLSO POR GASTOS MÉDICOS POR ACCIDENTE | E33: Si como consecuencia directa de un accidente de tránsito, el asegurado requiere, asistencia medica, quirúrgica, hospitalaria, ambulatoria, farmacéutica, prótesis; la aseguradora reembolsará los gastos causados hasta el valor asegurado, incluido gastos de traslado. Los oferentes indemnizarán hasta el límite establecido en la póliza y dentro de los términos y con sujeción a las condiciones de este seguro, los gastos razonables que se causen, por concepto de primeros auxilios inmediatos, servicios médicos, quirúrgicos, de ambulancia de hospital, de enfermeras y medicamentos, como consecuencia de las lesiones corporales producidas a la población asegurada por la Entidad.
B34: REEMBOLSO POR MEDICAMENTOS | E34: En caso de afectacion de la poliza y cuando la aseguradora no tenga convenio con la drogueria o drogerias, estos aplicaran bajo la modalidad de reembolso. Para lo cual se debera adjuntar facturas originales, historia medica y formato de autorizacion por la Entidad.
B35: 6.8. | C35: COBERTURAS BÁSICAS
B36: MUERTE ACCIDENTAL | E36: La aseguradora se compromete expresamente a reconocer al beneficiario o beneficiarios la suma asegurada individual establecida en estas condiciones particulares, si como consecuencia del accidente de tránsito amparado sobreviene la muerte del asegurado.
B37: INCAPACIDAD TOTAL Y PERMANENTE | E37: La aseguradora se compromete expresamente a indemnizar al asegurado la Incapacidad Total y Permanente que produzca lesiones orgánicas o alteraciones funcionales incurables, que de por vida impidan a la persona desempeñar cualquier trabajo o actividad.
B38: AMPARO AUTOMÁTICO PARA NUEVOS VEHÍCULOS DE PROPIEDAD DEL ASEGURADO. | E38: Amparo Automático para cualquier vehículo que entre hacer parte del parque automotor del asegurado, sin exigencia de requisitos.
B39: INDEMNIZACIÓN A BENEFICARIOS DE LEY | E39: En caso de muerte por cualquier causa accidental, la indemnización será girada por la aseguradora a quien demuestre ser beneficiario de ley del fallecido.
B40: 6.9. | C40: COBERTURAS Y AMPAROS SIN APLICACIÓN DE DEDUCIBLES EN FORMA OBLIGATORIA
B41: La Entidad, requiere oferta de cobertura SIN APLICACIÓN DE DEDUCIBLE, para las coberturas y amparos de está póliza y por lo tanto el proponente con la firma del FORMATO No. 2 - CARTA DE ACEPTACIÓN DE LAS CONDICIONES OBLIGATORIAS (MÍNIMAS TÉCNICAS), admite esta condición de No aplicación de deducible, so pena de rechazo de oferta.
B42: Teniendo en cuenta que esta póliza no contempla deducibles por tanto este factor no será objeto de evaluación, razón por la cual el puntaje de esta aspecto será sumado al puntaje establecido para la evaluación del factor económico de MAYOR VIGENCIA, es decir que este factor tendrá un puntaje total de cincuenta y nueve punto setenta y cinco (59.75) puntos.
B43: 6.10. | C43: COMISIÓN MÍNIMA ACEPTABLE
B44: En virtud de lo expuesto en el artículo 1341 del Código de Comercio el Corredor tendrá derecho a la comisión de intermediación, la cual será pagada por la Compañía de Seguros. La comisión mínima no deberá ser inferior al 12.5% el valor de la prima neta antes de IVA.
B45: By: Tiger | G45: =+'[2]1. COND. BÁSICAS TRDM'!G185 -> VERSIÓN: ENERO 2024
